Workbook
Name Baseline_Chars: #REF!
Name BES: #REF!
Name Category: #REF!
Name ControlType: #REF!
Name Cooling_Zone: #REF!
Name Cost_Effective: #REF!
Name Dlvry_Mech: #REF!
Name Eff_Case_Svngs_Chars: #REF!
Name EfficientLtg: #REF!
Name EfficientLtgSub: #REF!
Name End_Use: #REF!
Name ExistingLtg: #REF!
Name Federal: #REF!
Name Funding: #REF!
Name Heating_Zone: #REF!
Name Inst_Eff_Lvl_Rtng: #REF!
Name Inst_Loc: #REF!
Name Key_Chars: #REF!
Name Measures_Types: #REF!
Name Option2: #REF!
Name Primary_Building_Type: #REF!
Name Prm_Bldg_Typ: #REF!
Name Program: #REF!
Name Progress_Payment: #REF!
Name Project_Type: #REF!
Name PTCS: #REF!
Name Reportable: #REF!
Name Resource_Opp_Type: #REF!
Name RTF_UES_Meas_Sts: #REF!
Name Secondary_Building_Type: #REF!
Name Sector: #REF!
Name Sectors: #REF!
Name Space_Use_Type: #REF!
Name State: #REF!
Name TAP: #REF!
Name Tech_Review: #REF!
Name UIR_Unique_No: #REF!
Name Unit_Typ_Svngs_Pymnt: #REF!
Name Unit_Types: #REF!
Name Utility_Name: #REF!
Name Vintage: #REF!

Sheet Instructions - Start Here
A1: How to use the BEETS UES Measure Upload Template (FOR BEETS USE ONLY)
A3: Introduction: This template should be used to enter valid measures from the UES Measure List into the Bonneville Energy Efficiency Tracking System (BEETS). All UES Measures must be entered into BEETS using this template and should NOT be directly entered into the system. Additionally, this template should NOT be used for submittal of Non-Reportable, Non-Residential Lighting, or Custom Projects reporting.
A6: Step 1 | B6: On the 'Input' sheet of this workbook, enter your Email Address in cell C2. While this input is not loaded into BEETS, it will help the BPA Team contact you should there be an issue with your upload.
A9: Step 2 | B9: On the 'Input' sheet of this workbook, select the appropropriate Utility from the drop-down in cell C3. The Utility field is required by BEETS and if inaccurate or missing, the data may not load into the system properly.
A12: Step 3 | B12: Reference the 'UES Measure List' sheet of this workbook to locate the Reference Number of the measure you will be submitting.
A15: Step 4 | B15: On the 'Input' sheet of this workbook, enter the Reference Number in Column D.
A17: Step 5 | B17: Enter all required information for the measure you are reporting. TIP: To help guide your work, click on the headers in row 5 for measure specific requirement guidance and headers in row 6 for explanation of what type of data is needed.
B18: a. Columns B - G provide basic information, and inputs are required for all measures.
B19: b. Columns H - Y request information that is only required for specific measures as defined by the Implementation Manual, which can be found at the link below. Feel free to also reference column AA of the 'Input' sheet for details on measure specific required fields.
B21: Implementation Manual
B22: NOTE: If you choose to enter data by pasting into the template, be sure to paste values only by following the ‘How to paste data into the Input sheet’ instructions below so as not to overwrite validation rules.
A25: Step 6 | B25: Once all required data has been provided, save this spreadsheet using a file name that you will be able to reference in the future. While there are no system related requirements around the file name, we recommend that you use one that is specific to this file upload. These uploads files are helpful to have on hand should troubleshooting be needed in the future.
A30: Step 7 | B30: Review the 'Error Check before Upload' sheet for any potential errors. Refer to the Implementation Manual at the link below for more information on requirements. If a user uploads a template with missing required fields, the upload will trigger a 'Revisions Required' notification after the data have been loaded into BEETS, and the application will not proceed until corrected in BEETS.
B34: Implementation Manual
A36: Step 8 | B36: Lastly, before submitting, we recommend you do a quick scan of the data as it looks in the 'BEETS Upload' sheet; this sheet displays a copy of the data exactly as it will be imported into BEETS. If data looks off, or if there are reference errors (i.e. #REF!), you may need to edit your data in the 'Input' sheet (which is directly linked to the 'BEETS Upload' sheet), or potentially start over with a fresh template. Reference errors may indicate that there was a copy and paste error that invalidated the formulas. Do not upload your template without fixing these errors or the data will not load properly. If you need assistance, please reach out to your EER.
A44: Step 9 | B44: Once you are ready to submit, upload this spreadsheet into the bulk uploader widget in BEETS at the link below.
B45: BEETS
A47: Important Tips
A48: *Once template has been uploaded and received by the system, you will see the green confirmation notice on your screen. It is important to note that you will NOT immediately see your data in BEETS as data is updated in the system 3 - 4 times a day; do not re-upload if you receive this confirmation or else duplicate applications may result. After processed by the system, if all required fields have been provided, the application will proceed to appropriate BPA Review. If revisions are required, you will receive an email notification detailing which information is missing. Regardless, we recommend you check back the next day to ensure all measures have been loaded and are in process.
A59: *Once upload has been processed by the system, each line item will be split into a separate 'application' in BEETS and will proceed through the review independently; we recommend that you use the project name field to enter common naming conventions to help identify line items as part of the same upload.
A63: *If you want to view your application data in BEETS after upload, locate and open the application in BEETS, and then reference the Equipment Tab for measure related data and the 'Forms Tab > UES Import Fields' for all other information.
A65: *If you have any questions or issues, feel free to reach out to your EER for assistance.
A68: How to paste data into the Input sheet:
A69: Avoid using Ctrl + V for pasting as it may overwrite validation formulas. Instead, after copying, select the cell where you want to start pasting, and then use one of the following three methods:
A71: o Method 1
A72: Click on Paste in the upper left and choose the first option under Paste Values.
A86: o Method 2
A87: Right click the mouse and click on the 123 icon.
A107: o Method 3
A108: Right click the mouse, Paste Special, and then click on the first option under Paste Values.

Sheet Input
A1: BEETS UES Upload Template (FOR BEETS USE ONLY) | E1: Version: | F1: 4.3
B2: Email Address of Submitter:
B3: Select Utility: | C3: <SELECT UTILITY NAME>
A4: CLICK ON HEADERS (BOTH REQUIREMENT & NAMES) for field specific instructions. Enter your information in the white space below starting with row 8. | AA4: For Reference Only - No Entry Needed
A5: PROTECTED | B5: REQUIRED | C5: REQUIRED FOR ALL MEASURES | H5: REQUIRED FOR SOME MEASURES | N5: REQUIRED FOR INCOME QUALIFIED MEASURES | P5: REQUIRED FOR SOME MEASURES | R5: OPTIONAL | S5: REQUIRED FOR SOME MEASURES | T5: REQUIRED FOR PTCS | U5: OPTIONAL (For utility use) | V5: CALCULATOR RESULTS (Use ONLY for calculator outputs) | AA5: SUMMARY OF REQUIRED INPUTS FOR COLUMNS H-Y
A6: ROW NUMBER | B6: PROJECT NAME | C6: EEI PERCENTAGE | D6: REFERENCE NUMBER | E6: QUANTITY | F6: COMPLETION DATE | G6: FEDERAL FACILITY | H6: UNIQUE SITE ID | I6: SITE NAME (Leave it BLANK if Residential) | J6: STREET | K6: CITY | L6: STATE | M6: ZIP | N6: INCOME QUALIFIED MEASURE COSTS | O6: INCOME QUALIFIED REPAIR COSTS (if applicable) | P6: MANUFACTURER | Q6: MODEL | R6: INSTALLED COST | S6: PRIMARY HEATING SYSTEM TYPE | T6: PTCS REGISTRY MEASURE ID | U6: WILDCARD | V6: CALCULATOR SAVINGS PER UNIT | W6: CALCULATOR REIMBURSEMENT PER UNIT | X6: CALCULATOR PROJECT COST | Y6: CALCULATOR BC RATIO | AA6: The following fields are required based on the measure entered; if indicated below, please ensure data is provided before uploading.
A7: 000 | B7: May 2022 Upload | C7: 1 | D7: RWBHO11090 | E7: 1 | F7: 44653 | G7: No | H7: Ex: 554654654654 | I7: Example with all inputs | J7: Example Street | K7: Example City | L7: ID | M7: 55555 | N7: 150.5 | O7: 100.9 | P7: Ex: Mitsubishi | Q7: Ex: MP-2099 | R7: 5000 | S7: Select from drop down | T7: 586394 | U7: whatever you want | V7: 150 | W7: 20 | X7: 100 | Y7: 1.5 | AA7: Unique Site ID, Site Name, Street, City, State, Zip, Manufacturer, Model
A8: =IF(COUNTA(B8:G8)>0, ROW(A8)-7,"") | AA8: ='Error Check before Upload'!J9
A9: =IF(COUNTA(B9:G9)>0, ROW(A9)-7,"") | AA9: ='Error Check before Upload'!J10
A10: =IF(COUNTA(B10:G10)>0, ROW(A10)-7,"") | AA10: ='Error Check before Upload'!J11
A11: =IF(COUNTA(B11:G11)>0, ROW(A11)-7,"") | AA11: ='Error Check before Upload'!J12
A12: =IF(COUNTA(B12:G12)>0, ROW(A12)-7,"") | AA12: ='Error Check before Upload'!J13
A13: =IF(COUNTA(B13:G13)>0, ROW(A13)-7,"") | AA13: ='Error Check before Upload'!J14
A14: =IF(COUNTA(B14:G14)>0, ROW(A14)-7,"") | AA14: ='Error Check before Upload'!J15
A15: =IF(COUNTA(B15:G15)>0, ROW(A15)-7,"") | AA15: ='Error Check before Upload'!J16
A16: =IF(COUNTA(B16:G16)>0, ROW(A16)-7,"") | AA16: ='Error Check before Upload'!J17
A17: =IF(COUNTA(B17:G17)>0, ROW(A17)-7,"") | AA17: ='Error Check before Upload'!J18
A18: =IF(COUNTA(B18:G18)>0, ROW(A18)-7,"") | AA18: ='Error Check before Upload'!J19
A19: =IF(COUNTA(B19:G19)>0, ROW(A19)-7,"") | AA19: ='Error Check before Upload'!J20
... A1006: =IF(COUNTA(B1006:G1006)>0, ROW(A1006)-7,"") | AA1006: ='Error Check before Upload'!J1007
AA1007: ='Error Check before Upload'!J1008 -> 0

Sheet Error Check before Upload
B2: Missing Data Count | C2: Skipped Row Count | D2: Invalid RefNo Count | E2: Invalid Heating System Type Count | F2: Invalid Numeric Input Count | G2: Invalid EEI % Count | H2: Zero-Quantity Count | M2: Utility Selected? | N2: Last Row of Data | AD2: Reference Cells
B3: =IF(AD4>0,AD4,"") | C3: =IF(AE4>0,AE4,"") | D3: =IF(AF4>0,AF4,"") | E3: =IF(AG4>0,AG4,"") | F3: =IF(AH4>0,AH4,"") | G3: =IF(AI4>0,AI4,"") | H3: =IF(AJ4>0,AJ4,"") | M3: =IF(Input!C3="<SELECT UTILITY NAME>","Please select utility at top of Input sheet.","") -> Please select utility at top of Input sheet. | N3: =IF(LOOKUP(2,1/(B:B<>""),B:B)="Input Sheet Row #","No data is entered yet.",LOOKUP(2,1/(B:B<>""),B:B)) -> No data is entered yet. | AD3: Missing Data | AE3: Skipped Row | AF3: Invalid RefNo | AG3: Heating System Type | AH3: Invalid Numeric Input | AI3: Invalid EEI % | AJ3: Zero Quantity Check
B4: =IF(AD4=0,AD4,"") -> 0 | C4: =IF(AE4=0,AE4,"") -> 0 | D4: =IF(AF4=0,AF4,"") -> 0 | E4: =IF(AG4=0,AG4,"") -> 0 | F4: =IF(AH4=0,AH4,"") -> 0 | G4: =IF(AI4=0,AI4,"") -> 0 | H4: =IF(AJ4=0,AJ4,"") -> 0 | M4: =IF(Input!C3<>"<SELECT UTILITY NAME>","Yes","") | AD4: =IF(ISERROR(COUNTIF(C9:AA1007,"Data is missing.")),"",COUNTIF(C9:AA1007,"Data is missing.")) -> 0 | AE4: =IF(ISERROR(COUNTIF(C9:C1007,"Row is skipped.")),"",COUNTIF(C9:C1007,"Row is skipped.")) -> 0 | AF4: =COUNTIF(AC9:AC1007,"Invalid RefNo") -> 0 | AG4: =COUNTIF(AL9:AL1007,"Invalid Type") -> 0 | AH4: =COUNTIF(AN9:AU1007,"Needs to be a number.") -> 0 | AI4: =COUNTIF(AW9:AW1007,"Invalid EEI %") -> 0 | AJ4: =COUNTIF(AY9:AY1007,"Do not enter 0.") -> 0
B5: If errors indicated in table above, scroll down and to the right to view all ‘Input’ worksheet error details. Then, resolve errors by adjusting the data on the ‘Input’ worksheet. Do not upload template into BEETS until all errors have been corrected or revisions required errors may result. | N5: BLANK FIELDS BELOW INDICATE NO ERRORS
B6: Check for Missing Required Data & Skipped Rows | J6: Additional Required Data | K6: UIR Number | M6: Check for Additional Missing Required Data | AC6: Invalid RefNo Check | AL6: Invalid Primary Heating System Type Check | AN6: Numeric Input Check | AW6: Invalid EEI % Check | AY6: Zero-Quantity Check
B7: (Input Tab Columns B-G) | J7: (Input Tab Columns H-Y) | M7: (Input Tab Columns H-Y) | AC7: (Input Tab Column D) | AL7: (Input Tab Column S) | AN7: (Input Tab Columns C, E, N, O, V-Y) | AW7: (Input Tab Column C) | AY7: (Input Tab Column E)
B8: Input Sheet Row # | C8: Project Name | D8: EEI Percentage | E8: Reference Number | F8: Quantity | G8: Completion Date | H8: Federal Facility | J8: Summary of Additional Required Inputs | K8: UIR Number | M8: Unique Site ID | N8: Site Name | O8: Street | P8: City | Q8: State | R8: Zip | S8: Manufacturer | T8: Model | U8: Installed Cost | V8: Primary Heating Type | W8: Measure ID | X8: Savings Per Unit | Y8: Reimbursement Per Unit | Z8: Project Cost | AA8: BC Ratio | AC8: Reference Number | AL8: Primary Heating System Type | AN8: EEI Percentage | AO8: Quantity | AP8: Income Qualified Measure Costs | AQ8: Income Qualified Repair Costs | AR8: Calculator Savings Per Unit | AS8: Calculator Reimbursement Per Unit | AT8: Calculator Project Cost | AU8: Calculator BC Ratio | AW8: EEI Percentage | AY8: Quantity
B9: =Input!A8 | C9: =IF(ISERROR(IF(AND(Input!$A8="",SUMPRODUCT(--(LEN(Input!$A9:'Input'!$A$1006)>0))<>0),"Row is skipped.",IF(AND(Input!$A8="",Input!$A9=""),"", IF(Input!B8="","Data is missing.","")))),"",IF(AND(Input!$A8="",SUMPRODUCT(--(LEN(Input!$A9:'Input'!$A$1006)>0))<>0),"Row is skipped.",IF(AND(Input!$A8="",Input!$A9=""),"", IF(Input!B8="","Data is missing.","")))) | D9: =IF(ISERROR(IF(AND(Input!$A8="",SUMPRODUCT(--(LEN(Input!$A9:'Input'!$A$1006)>0))<>0),"Row is skipped.",IF(AND(Input!$A8="",Input!$A9=""),"", IF(Input!C8="","Data is missing.","")))),"",IF(AND(Input!$A8="",SUMPRODUCT(--(LEN(Input!$A9:'Input'!$A$1006)>0))<>0),"Row is skipped.",IF(AND(Input!$A8="",Input!$A9=""),"", IF(Input!C8="","Data is missing.","")))) | E9: =IF(ISERROR(IF(AND(Input!$A8="",SUMPRODUCT(--(LEN(Input!$A9:'Input'!$A$1006)>0))<>0),"Row is skipped.",IF(AND(Input!$A8="",Input!$A9=""),"", IF(Input!D8="","Data is missing.","")))),"",IF(AND(Input!$A8="",SUMPRODUCT(--(LEN(Input!$A9:'Input'!$A$1006)>0))<>0),"Row is skipped.",IF(AND(Input!$A8="",Input!$A9=""),"", IF(Input!D8="","Data is missing.","")))) | F9: =IF(ISERROR(IF(AND(Input!$A8="",SUMPRODUCT(--(LEN(Input!$A9:'Input'!$A$1006)>0))<>0),"Row is skipped.",IF(AND(Input!$A8="",Input!$A9=""),"", IF(Input!E8="","Data is missing.","")))),"",IF(AND(Input!$A8="",SUMPRODUCT(--(LEN(Input!$A9:'Input'!$A$1006)>0))<>0),"Row is skipped.",IF(AND(Input!$A8="",Input!$A9=""),"", IF(Input!E8="","Data is missing.","")))) | G9: =IF(ISERROR(IF(AND(Input!$A8="",SUMPRODUCT(--(LEN(Input!$A9:'Input'!$A$1006)>0))<>0),"Row is skipped.",IF(AND(Input!$A8="",Input!$A9=""),"", IF(Input!F8="","Data is missing.","")))),"",IF(AND(Input!$A8="",SUMPRODUCT(--(LEN(Input!$A9:'Input'!$A$1006)>0))<>0),"Row is skipped.",IF(AND(Input!$A8="",Input!$A9=""),"", IF(Input!F8="","Data is missing.","")))) | H9: =IF(ISERROR(IF(AND(Input!$A8="",SUMPRODUCT(--(LEN(Input!$A9:'Input'!$A$1006)>0))<>0),"Row is skipped.",IF(AND(Input!$A8="",Input!$A9=""),"", IF(Input!G8="","Data is missing.","")))),"",IF(AND(Input!$A8="",SUMPRODUCT(--(LEN(Input!$A9:'Input'!$A$1006)>0))<>0),"Row is skipped.",IF(AND(Input!$A8="",Input!$A9=""),"", IF(Input!G8="","Data is missing.","")))) | J9: =IFERROR(VLOOKUP(VLOOKUP(Input!$D8,'Measure List'!$A:$AN,40,FALSE),UIR!$A$1:$Q$27,17,FALSE),"") | K9: =IFERROR(VLOOKUP(Input!$D8,'Measure List'!$A:$AN,40,FALSE),"") | M9: =IF(B9="","",IF(AND(Input!H8="",IFERROR(VLOOKUP(K9,UIR!$A$2:$P$21,2,FALSE),"")<>""),"Data is Missing.","")) | N9: =IF(B9="","",IF(AND(Input!I8="",IFERROR(VLOOKUP(K9,UIR!$A$2:$P$21,3,FALSE),"")<>""),"Data is Missing.","")) | O9: =IF(B9="","",IF(AND(Input!J8="",IFERROR(VLOOKUP(K9,UIR!$A$2:$P$21,4,FALSE),"")<>""),"Data is Missing.","")) | P9: =IF(B9="","",IF(AND(Input!K8="",IFERROR(VLOOKUP(K9,UIR!$A$2:$P$21,5,FALSE),"")<>""),"Data is Missing.","")) | Q9: =IF(B9="","",IF(AND(Input!L8="",IFERROR(VLOOKUP(K9,UIR!$A$2:$P$21,6,FALSE),"")<>""),"Data is Missing.","")) | R9: =IF(B9="","",IF(AND(Input!M8="",IFERROR(VLOOKUP(K9,UIR!$A$2:$P$21,7,FALSE),"")<>""),"Data is Missing.","")) | S9: =IF(B9="","",IF(AND(Input!P8="",IFERROR(VLOOKUP(K9,UIR!$A$2:$P$21,8,FALSE),"")<>""),"Data is Missing.","")) | T9: =IF(B9="","",IF(AND(Input!Q8="",IFERROR(VLOOKUP(K9,UIR!$A$2:$P$21,9,FALSE),"")<>""),"Data is Missing.","")) | V9: =IF(B9="","",IF(AND(Input!S8="",IFERROR(VLOOKUP(K9,UIR!$A$2:$P$21,11,FALSE),"")<>""),"Data is Missing.","")) | W9: =IF(B9="","",IF(AND(Input!T8="",IFERROR(VLOOKUP(K9,UIR!$A$2:$P$21,12,FALSE),"")<>""),"Data is Missing.","")) | X9: =IF(B9="","",IF(AND(Input!V8="",IFERROR(VLOOKUP(K9,UIR!$A$2:$P$21,13,FALSE),"")<>""),"Data is Missing.","")) | Y9: =IF(B9="","",IF(AND(Input!W8="",IFERROR(VLOOKUP(K9,UIR!$A$2:$P$21,14,FALSE),"")<>""),"Data is Missing.","")) | Z9: =IF(B9="","",IF(AND(Input!X8="",IFERROR(VLOOKUP(K9,UIR!$A$2:$P$21,15,FALSE),"")<>""),"Data is Missing.","")) | AA9: =IF(B9="","",IF(AND(Input!Y8="",IFERROR(VLOOKUP(K9,UIR!$A$2:$P$21,16,FALSE),"")<>""),"Data is Missing.","")) | AC9: =IF(ISERROR(IF(Input!D8="","",IF(ISERROR(VLOOKUP(Input!D8,'Measure List'!$A$2:$A$30000,1,0)),"Invalid RefNo",""))),"",IF(Input!D8="","",IF(ISERROR(VLOOKUP(Input!D8,'Measure List'!$A$2:$A$30000,1,0)),"Invalid RefNo",""))) | AL9: =IF(COUNTIF(Dropdowns!$K$2:$K$7,Input!S8)>0,"",IF(Input!S8="","","Invalid Type")) | AN9: =IF(Input!C8="","",IF(ISNUMBER(VALUE(Input!C8)),"","Needs to be a number.")) | AO9: =IF(Input!E8="","",IF(ISNUMBER(VALUE(Input!E8)),"","Needs to be a number.")) | AP9: =IF(Input!N8="","",IF(ISNUMBER(VALUE(Input!N8)),"","Needs to be a number.")) | AQ9: =IF(Input!O8="","",IF(ISNUMBER(VALUE(Input!O8)),"","Needs to be a number.")) | AR9: =IF(Input!V8="","",IF(ISNUMBER(VALUE(Input!V8)),"","Needs to be a number.")) | AS9: =IF(Input!W8="","",IF(ISNUMBER(VALUE(Input!W8)),"","Needs to be a number.")) | AT9: =IF(Input!X8="","",IF(ISNUMBER(VALUE(Input!X8)),"","Needs to be a number.")) | AU9: =IF(Input!Y8="","",IF(ISNUMBER(VALUE(Input!Y8)),"","Needs to be a number.")) | AW9: =IF(OR(VALUE(Input!C8)<0,VALUE(Input!C8)>100), "Invalid EEI %","") | AY9: =IF(Input!E8="","",IF(VALUE(Input!E8)=0,"Do not enter 0.",""))
B10: =Input!A9 | C10: =IF(ISERROR(IF(AND(Input!$A9="",SUMPRODUCT(--(LEN(Input!$A10:'Input'!$A$1006)>0))<>0),"Row is skipped.",IF(AND(Input!$A9="",Input!$A10=""),"", IF(Input!B9="","Data is missing.","")))),"",IF(AND(Input!$A9="",SUMPRODUCT(--(LEN(Input!$A10:'Input'!$A$1006)>0))<>0),"Row is skipped.",IF(AND(Input!$A9="",Input!$A10=""),"", IF(Input!B9="","Data is missing.","")))) | D10: =IF(ISERROR(IF(AND(Input!$A9="",SUMPRODUCT(--(LEN(Input!$A10:'Input'!$A$1006)>0))<>0),"Row is skipped.",IF(AND(Input!$A9="",Input!$A10=""),"", IF(Input!C9="","Data is missing.","")))),"",IF(AND(Input!$A9="",SUMPRODUCT(--(LEN(Input!$A10:'Input'!$A$1006)>0))<>0),"Row is skipped.",IF(AND(Input!$A9="",Input!$A10=""),"", IF(Input!C9="","Data is missing.","")))) | E10: =IF(ISERROR(IF(AND(Input!$A9="",SUMPRODUCT(--(LEN(Input!$A10:'Input'!$A$1006)>0))<>0),"Row is skipped.",IF(AND(Input!$A9="",Input!$A10=""),"", IF(Input!D9="","Data is missing.","")))),"",IF(AND(Input!$A9="",SUMPRODUCT(--(LEN(Input!$A10:'Input'!$A$1006)>0))<>0),"Row is skipped.",IF(AND(Input!$A9="",Input!$A10=""),"", IF(Input!D9="","Data is missing.","")))) | F10: =IF(ISERROR(IF(AND(Input!$A9="",SUMPRODUCT(--(LEN(Input!$A10:'Input'!$A$1006)>0))<>0),"Row is skipped.",IF(AND(Input!$A9="",Input!$A10=""),"", IF(Input!E9="","Data is missing.","")))),"",IF(AND(Input!$A9="",SUMPRODUCT(--(LEN(Input!$A10:'Input'!$A$1006)>0))<>0),"Row is skipped.",IF(AND(Input!$A9="",Input!$A10=""),"", IF(Input!E9="","Data is missing.","")))) | G10: =IF(ISERROR(IF(AND(Input!$A9="",SUMPRODUCT(--(LEN(Input!$A10:'Input'!$A$1006)>0))<>0),"Row is skipped.",IF(AND(Input!$A9="",Input!$A10=""),"", IF(Input!F9="","Data is missing.","")))),"",IF(AND(Input!$A9="",SUMPRODUCT(--(LEN(Input!$A10:'Input'!$A$1006)>0))<>0),"Row is skipped.",IF(AND(Input!$A9="",Input!$A10=""),"", IF(Input!F9="","Data is missing.","")))) | H10: =IF(ISERROR(IF(AND(Input!$A9="",SUMPRODUCT(--(LEN(Input!$A10:'Input'!$A$1006)>0))<>0),"Row is skipped.",IF(AND(Input!$A9="",Input!$A10=""),"", IF(Input!G9="","Data is missing.","")))),"",IF(AND(Input!$A9="",SUMPRODUCT(--(LEN(Input!$A10:'Input'!$A$1006)>0))<>0),"Row is skipped.",IF(AND(Input!$A9="",Input!$A10=""),"", IF(Input!G9="","Data is missing.","")))) | J10: =IFERROR(VLOOKUP(VLOOKUP(Input!$D9,'Measure List'!$A:$AN,40,FALSE),UIR!$A$1:$Q$27,17,FALSE),"") | K10: =IFERROR(VLOOKUP(Input!$D9,'Measure List'!$A:$AN,40,FALSE),"") | M10: =IF(B10="","",IF(AND(Input!H9="",IFERROR(VLOOKUP(K10,UIR!$A$2:$P$21,2,FALSE),"")<>""),"Data is Missing.","")) | N10: =IF(B10="","",IF(AND(Input!I9="",IFERROR(VLOOKUP(K10,UIR!$A$2:$P$21,3,FALSE),"")<>""),"Data is Missing.","")) | O10: =IF(B10="","",IF(AND(Input!J9="",IFERROR(VLOOKUP(K10,UIR!$A$2:$P$21,4,FALSE),"")<>""),"Data is Missing.","")) | P10: =IF(B10="","",IF(AND(Input!K9="",IFERROR(VLOOKUP(K10,UIR!$A$2:$P$21,5,FALSE),"")<>""),"Data is Missing.","")) | Q10: =IF(B10="","",IF(AND(Input!L9="",IFERROR(VLOOKUP(K10,UIR!$A$2:$P$21,6,FALSE),"")<>""),"Data is Missing.","")) | R10: =IF(B10="","",IF(AND(Input!M9="",IFERROR(VLOOKUP(K10,UIR!$A$2:$P$21,7,FALSE),"")<>""),"Data is Missing.","")) | S10: =IF(B10="","",IF(AND(Input!P9="",IFERROR(VLOOKUP(K10,UIR!$A$2:$P$21,8,FALSE),"")<>""),"Data is Missing.","")) | T10: =IF(B10="","",IF(AND(Input!Q9="",IFERROR(VLOOKUP(K10,UIR!$A$2:$P$21,9,FALSE),"")<>""),"Data is Missing.","")) | V10: =IF(B10="","",IF(AND(Input!S9="",IFERROR(VLOOKUP(K10,UIR!$A$2:$P$21,11,FALSE),"")<>""),"Data is Missing.","")) | W10: =IF(B10="","",IF(AND(Input!T9="",IFERROR(VLOOKUP(K10,UIR!$A$2:$P$21,12,FALSE),"")<>""),"Data is Missing.","")) | X10: =IF(B10="","",IF(AND(Input!V9="",IFERROR(VLOOKUP(K10,UIR!$A$2:$P$21,13,FALSE),"")<>""),"Data is Missing.","")) | Y10: =IF(B10="","",IF(AND(Input!W9="",IFERROR(VLOOKUP(K10,UIR!$A$2:$P$21,14,FALSE),"")<>""),"Data is Missing.","")) | Z10: =IF(B10="","",IF(AND(Input!X9="",IFERROR(VLOOKUP(K10,UIR!$A$2:$P$21,15,FALSE),"")<>""),"Data is Missing.","")) | AA10: =IF(B10="","",IF(AND(Input!Y9="",IFERROR(VLOOKUP(K10,UIR!$A$2:$P$21,16,FALSE),"")<>""),"Data is Missing.","")) | AC10: =IF(ISERROR(IF(Input!D9="","",IF(ISERROR(VLOOKUP(Input!D9,'Measure List'!$A$2:$A$30000,1,0)),"Invalid RefNo",""))),"",IF(Input!D9="","",IF(ISERROR(VLOOKUP(Input!D9,'Measure List'!$A$2:$A$30000,1,0)),"Invalid RefNo",""))) | AL10: =IF(COUNTIF(Dropdowns!$K$2:$K$7,Input!S9)>0,"",IF(Input!S9="","","Invalid Type")) | AN10: =IF(Input!C9="","",IF(ISNUMBER(VALUE(Input!C9)),"","Needs to be a number.")) | AO10: =IF(Input!E9="","",IF(ISNUMBER(VALUE(Input!E9)),"","Needs to be a number.")) | AP10: =IF(Input!N9="","",IF(ISNUMBER(VALUE(Input!N9)),"","Needs to be a number.")) | AQ10: =IF(Input!O9="","",IF(ISNUMBER(VALUE(Input!O9)),"","Needs to be a number.")) | AR10: =IF(Input!V9="","",IF(ISNUMBER(VALUE(Input!V9)),"","Needs to be a number.")) | AS10: =IF(Input!W9="","",IF(ISNUMBER(VALUE(Input!W9)),"","Needs to be a number.")) | AT10: =IF(Input!X9="","",IF(ISNUMBER(VALUE(Input!X9)),"","Needs to be a number.")) | AU10: =IF(Input!Y9="","",IF(ISNUMBER(VALUE(Input!Y9)),"","Needs to be a number.")) | AW10: =IF(OR(VALUE(Input!C9)<0,VALUE(Input!C9)>100), "Invalid EEI %","") | AY10: =IF(Input!E9="","",IF(VALUE(Input!E9)=0,"Do not enter 0.",""))
B11: =Input!A10 | C11: =IF(ISERROR(IF(AND(Input!$A10="",SUMPRODUCT(--(LEN(Input!$A11:'Input'!$A$1006)>0))<>0),"Row is skipped.",IF(AND(Input!$A10="",Input!$A11=""),"", IF(Input!B10="","Data is missing.","")))),"",IF(AND(Input!$A10="",SUMPRODUCT(--(LEN(Input!$A11:'Input'!$A$1006)>0))<>0),"Row is skipped.",IF(AND(Input!$A10="",Input!$A11=""),"", IF(Input!B10="","Data is missing.","")))) | D11: =IF(ISERROR(IF(AND(Input!$A10="",SUMPRODUCT(--(LEN(Input!$A11:'Input'!$A$1006)>0))<>0),"Row is skipped.",IF(AND(Input!$A10="",Input!$A11=""),"", IF(Input!C10="","Data is missing.","")))),"",IF(AND(Input!$A10="",SUMPRODUCT(--(LEN(Input!$A11:'Input'!$A$1006)>0))<>0),"Row is skipped.",IF(AND(Input!$A10="",Input!$A11=""),"", IF(Input!C10="","Data is missing.","")))) | E11: =IF(ISERROR(IF(AND(Input!$A10="",SUMPRODUCT(--(LEN(Input!$A11:'Input'!$A$1006)>0))<>0),"Row is skipped.",IF(AND(Input!$A10="",Input!$A11=""),"", IF(Input!D10="","Data is missing.","")))),"",IF(AND(Input!$A10="",SUMPRODUCT(--(LEN(Input!$A11:'Input'!$A$1006)>0))<>0),"Row is skipped.",IF(AND(Input!$A10="",Input!$A11=""),"", IF(Input!D10="","Data is missing.","")))) | F11: =IF(ISERROR(IF(AND(Input!$A10="",SUMPRODUCT(--(LEN(Input!$A11:'Input'!$A$1006)>0))<>0),"Row is skipped.",IF(AND(Input!$A10="",Input!$A11=""),"", IF(Input!E10="","Data is missing.","")))),"",IF(AND(Input!$A10="",SUMPRODUCT(--(LEN(Input!$A11:'Input'!$A$1006)>0))<>0),"Row is skipped.",IF(AND(Input!$A10="",Input!$A11=""),"", IF(Input!E10="","Data is missing.","")))) | G11: =IF(ISERROR(IF(AND(Input!$A10="",SUMPRODUCT(--(LEN(Input!$A11:'Input'!$A$1006)>0))<>0),"Row is skipped.",IF(AND(Input!$A10="",Input!$A11=""),"", IF(Input!F10="","Data is missing.","")))),"",IF(AND(Input!$A10="",SUMPRODUCT(--(LEN(Input!$A11:'Input'!$A$1006)>0))<>0),"Row is skipped.",IF(AND(Input!$A10="",Input!$A11=""),"", IF(Input!F10="","Data is missing.","")))) | H11: =IF(ISERROR(IF(AND(Input!$A10="",SUMPRODUCT(--(LEN(Input!$A11:'Input'!$A$1006)>0))<>0),"Row is skipped.",IF(AND(Input!$A10="",Input!$A11=""),"", IF(Input!G10="","Data is missing.","")))),"",IF(AND(Input!$A10="",SUMPRODUCT(--(LEN(Input!$A11:'Input'!$A$1006)>0))<>0),"Row is skipped.",IF(AND(Input!$A10="",Input!$A11=""),"", IF(Input!G10="","Data is missing.","")))) | J11: =IFERROR(VLOOKUP(VLOOKUP(Input!$D10,'Measure List'!$A:$AN,40,FALSE),UIR!$A$1:$Q$27,17,FALSE),"") | K11: =IFERROR(VLOOKUP(Input!$D10,'Measure List'!$A:$AN,40,FALSE),"") | M11: =IF(B11="","",IF(AND(Input!H10="",IFERROR(VLOOKUP(K11,UIR!$A$2:$P$21,2,FALSE),"")<>""),"Data is Missing.","")) | N11: =IF(B11="","",IF(AND(Input!I10="",IFERROR(VLOOKUP(K11,UIR!$A$2:$P$21,3,FALSE),"")<>""),"Data is Missing.","")) | O11: =IF(B11="","",IF(AND(Input!J10="",IFERROR(VLOOKUP(K11,UIR!$A$2:$P$21,4,FALSE),"")<>""),"Data is Missing.","")) | P11: =IF(B11="","",IF(AND(Input!K10="",IFERROR(VLOOKUP(K11,UIR!$A$2:$P$21,5,FALSE),"")<>""),"Data is Missing.","")) | Q11: =IF(B11="","",IF(AND(Input!L10="",IFERROR(VLOOKUP(K11,UIR!$A$2:$P$21,6,FALSE),"")<>""),"Data is Missing.","")) | R11: =IF(B11="","",IF(AND(Input!M10="",IFERROR(VLOOKUP(K11,UIR!$A$2:$P$21,7,FALSE),"")<>""),"Data is Missing.","")) | S11: =IF(B11="","",IF(AND(Input!P10="",IFERROR(VLOOKUP(K11,UIR!$A$2:$P$21,8,FALSE),"")<>""),"Data is Missing.","")) | T11: =IF(B11="","",IF(AND(Input!Q10="",IFERROR(VLOOKUP(K11,UIR!$A$2:$P$21,9,FALSE),"")<>""),"Data is Missing.","")) | V11: =IF(B11="","",IF(AND(Input!S10="",IFERROR(VLOOKUP(K11,UIR!$A$2:$P$21,11,FALSE),"")<>""),"Data is Missing.","")) | W11: =IF(B11="","",IF(AND(Input!T10="",IFERROR(VLOOKUP(K11,UIR!$A$2:$P$21,12,FALSE),"")<>""),"Data is Missing.","")) | X11: =IF(B11="","",IF(AND(Input!V10="",IFERROR(VLOOKUP(K11,UIR!$A$2:$P$21,13,FALSE),"")<>""),"Data is Missing.","")) | Y11: =IF(B11="","",IF(AND(Input!W10="",IFERROR(VLOOKUP(K11,UIR!$A$2:$P$21,14,FALSE),"")<>""),"Data is Missing.","")) | Z11: =IF(B11="","",IF(AND(Input!X10="",IFERROR(VLOOKUP(K11,UIR!$A$2:$P$21,15,FALSE),"")<>""),"Data is Missing.","")) | AA11: =IF(B11="","",IF(AND(Input!Y10="",IFERROR(VLOOKUP(K11,UIR!$A$2:$P$21,16,FALSE),"")<>""),"Data is Missing.","")) | AC11: =IF(ISERROR(IF(Input!D10="","",IF(ISERROR(VLOOKUP(Input!D10,'Measure List'!$A$2:$A$30000,1,0)),"Invalid RefNo",""))),"",IF(Input!D10="","",IF(ISERROR(VLOOKUP(Input!D10,'Measure List'!$A$2:$A$30000,1,0)),"Invalid RefNo",""))) | AL11: =IF(COUNTIF(Dropdowns!$K$2:$K$7,Input!S10)>0,"",IF(Input!S10="","","Invalid Type")) | AN11: =IF(Input!C10="","",IF(ISNUMBER(VALUE(Input!C10)),"","Needs to be a number.")) | AO11: =IF(Input!E10="","",IF(ISNUMBER(VALUE(Input!E10)),"","Needs to be a number.")) | AP11: =IF(Input!N10="","",IF(ISNUMBER(VALUE(Input!N10)),"","Needs to be a number.")) | AQ11: =IF(Input!O10="","",IF(ISNUMBER(VALUE(Input!O10)),"","Needs to be a number.")) | AR11: =IF(Input!V10="","",IF(ISNUMBER(VALUE(Input!V10)),"","Needs to be a number.")) | AS11: =IF(Input!W10="","",IF(ISNUMBER(VALUE(Input!W10)),"","Needs to be a number.")) | AT11: =IF(Input!X10="","",IF(ISNUMBER(VALUE(Input!X10)),"","Needs to be a number.")) | AU11: =IF(Input!Y10="","",IF(ISNUMBER(VALUE(Input!Y10)),"","Needs to be a number.")) | AW11: =IF(OR(VALUE(Input!C10)<0,VALUE(Input!C10)>100), "Invalid EEI %","") | AY11: =IF(Input!E10="","",IF(VALUE(Input!E10)=0,"Do not enter 0.",""))
B12: =Input!A11 | C12: =IF(ISERROR(IF(AND(Input!$A11="",SUMPRODUCT(--(LEN(Input!$A12:'Input'!$A$1006)>0))<>0),"Row is skipped.",IF(AND(Input!$A11="",Input!$A12=""),"", IF(Input!B11="","Data is missing.","")))),"",IF(AND(Input!$A11="",SUMPRODUCT(--(LEN(Input!$A12:'Input'!$A$1006)>0))<>0),"Row is skipped.",IF(AND(Input!$A11="",Input!$A12=""),"", IF(Input!B11="","Data is missing.","")))) | D12: =IF(ISERROR(IF(AND(Input!$A11="",SUMPRODUCT(--(LEN(Input!$A12:'Input'!$A$1006)>0))<>0),"Row is skipped.",IF(AND(Input!$A11="",Input!$A12=""),"", IF(Input!C11="","Data is missing.","")))),"",IF(AND(Input!$A11="",SUMPRODUCT(--(LEN(Input!$A12:'Input'!$A$1006)>0))<>0),"Row is skipped.",IF(AND(Input!$A11="",Input!$A12=""),"", IF(Input!C11="","Data is missing.","")))) | E12: =IF(ISERROR(IF(AND(Input!$A11="",SUMPRODUCT(--(LEN(Input!$A12:'Input'!$A$1006)>0))<>0),"Row is skipped.",IF(AND(Input!$A11="",Input!$A12=""),"", IF(Input!D11="","Data is missing.","")))),"",IF(AND(Input!$A11="",SUMPRODUCT(--(LEN(Input!$A12:'Input'!$A$1006)>0))<>0),"Row is skipped.",IF(AND(Input!$A11="",Input!$A12=""),"", IF(Input!D11="","Data is missing.","")))) | F12: =IF(ISERROR(IF(AND(Input!$A11="",SUMPRODUCT(--(LEN(Input!$A12:'Input'!$A$1006)>0))<>0),"Row is skipped.",IF(AND(Input!$A11="",Input!$A12=""),"", IF(Input!E11="","Data is missing.","")))),"",IF(AND(Input!$A11="",SUMPRODUCT(--(LEN(Input!$A12:'Input'!$A$1006)>0))<>0),"Row is skipped.",IF(AND(Input!$A11="",Input!$A12=""),"", IF(Input!E11="","Data is missing.","")))) | G12: =IF(ISERROR(IF(AND(Input!$A11="",SUMPRODUCT(--(LEN(Input!$A12:'Input'!$A$1006)>0))<>0),"Row is skipped.",IF(AND(Input!$A11="",Input!$A12=""),"", IF(Input!F11="","Data is missing.","")))),"",IF(AND(Input!$A11="",SUMPRODUCT(--(LEN(Input!$A12:'Input'!$A$1006)>0))<>0),"Row is skipped.",IF(AND(Input!$A11="",Input!$A12=""),"", IF(Input!F11="","Data is missing.","")))) | H12: =IF(ISERROR(IF(AND(Input!$A11="",SUMPRODUCT(--(LEN(Input!$A12:'Input'!$A$1006)>0))<>0),"Row is skipped.",IF(AND(Input!$A11="",Input!$A12=""),"", IF(Input!G11="","Data is missing.","")))),"",IF(AND(Input!$A11="",SUMPRODUCT(--(LEN(Input!$A12:'Input'!$A$1006)>0))<>0),"Row is skipped.",IF(AND(Input!$A11="",Input!$A12=""),"", IF(Input!G11="","Data is missing.","")))) | J12: =IFERROR(VLOOKUP(VLOOKUP(Input!$D11,'Measure List'!$A:$AN,40,FALSE),UIR!$A$1:$Q$27,17,FALSE),"") | K12: =IFERROR(VLOOKUP(Input!$D11,'Measure List'!$A:$AN,40,FALSE),"") | M12: =IF(B12="","",IF(AND(Input!H11="",IFERROR(VLOOKUP(K12,UIR!$A$2:$P$21,2,FALSE),"")<>""),"Data is Missing.","")) | N12: =IF(B12="","",IF(AND(Input!I11="",IFERROR(VLOOKUP(K12,UIR!$A$2:$P$21,3,FALSE),"")<>""),"Data is Missing.","")) | O12: =IF(B12="","",IF(AND(Input!J11="",IFERROR(VLOOKUP(K12,UIR!$A$2:$P$21,4,FALSE),"")<>""),"Data is Missing.","")) | P12: =IF(B12="","",IF(AND(Input!K11="",IFERROR(VLOOKUP(K12,UIR!$A$2:$P$21,5,FALSE),"")<>""),"Data is Missing.","")) | Q12: =IF(B12="","",IF(AND(Input!L11="",IFERROR(VLOOKUP(K12,UIR!$A$2:$P$21,6,FALSE),"")<>""),"Data is Missing.","")) | R12: =IF(B12="","",IF(AND(Input!M11="",IFERROR(VLOOKUP(K12,UIR!$A$2:$P$21,7,FALSE),"")<>""),"Data is Missing.","")) | S12: =IF(B12="","",IF(AND(Input!P11="",IFERROR(VLOOKUP(K12,UIR!$A$2:$P$21,8,FALSE),"")<>""),"Data is Missing.","")) | T12: =IF(B12="","",IF(AND(Input!Q11="",IFERROR(VLOOKUP(K12,UIR!$A$2:$P$21,9,FALSE),"")<>""),"Data is Missing.","")) | V12: =IF(B12="","",IF(AND(Input!S11="",IFERROR(VLOOKUP(K12,UIR!$A$2:$P$21,11,FALSE),"")<>""),"Data is Missing.","")) | W12: =IF(B12="","",IF(AND(Input!T11="",IFERROR(VLOOKUP(K12,UIR!$A$2:$P$21,12,FALSE),"")<>""),"Data is Missing.","")) | X12: =IF(B12="","",IF(AND(Input!V11="",IFERROR(VLOOKUP(K12,UIR!$A$2:$P$21,13,FALSE),"")<>""),"Data is Missing.","")) | Y12: =IF(B12="","",IF(AND(Input!W11="",IFERROR(VLOOKUP(K12,UIR!$A$2:$P$21,14,FALSE),"")<>""),"Data is Missing.","")) | Z12: =IF(B12="","",IF(AND(Input!X11="",IFERROR(VLOOKUP(K12,UIR!$A$2:$P$21,15,FALSE),"")<>""),"Data is Missing.","")) | AA12: =IF(B12="","",IF(AND(Input!Y11="",IFERROR(VLOOKUP(K12,UIR!$A$2:$P$21,16,FALSE),"")<>""),"Data is Missing.","")) | AC12: =IF(ISERROR(IF(Input!D11="","",IF(ISERROR(VLOOKUP(Input!D11,'Measure List'!$A$2:$A$30000,1,0)),"Invalid RefNo",""))),"",IF(Input!D11="","",IF(ISERROR(VLOOKUP(Input!D11,'Measure List'!$A$2:$A$30000,1,0)),"Invalid RefNo",""))) | AL12: =IF(COUNTIF(Dropdowns!$K$2:$K$7,Input!S11)>0,"",IF(Input!S11="","","Invalid Type")) | AN12: =IF(Input!C11="","",IF(ISNUMBER(VALUE(Input!C11)),"","Needs to be a number.")) | AO12: =IF(Input!E11="","",IF(ISNUMBER(VALUE(Input!E11)),"","Needs to be a number.")) | AP12: =IF(Input!N11="","",IF(ISNUMBER(VALUE(Input!N11)),"","Needs to be a number.")) | AQ12: =IF(Input!O11="","",IF(ISNUMBER(VALUE(Input!O11)),"","Needs to be a number.")) | AR12: =IF(Input!V11="","",IF(ISNUMBER(VALUE(Input!V11)),"","Needs to be a number.")) | AS12: =IF(Input!W11="","",IF(ISNUMBER(VALUE(Input!W11)),"","Needs to be a number.")) | AT12: =IF(Input!X11="","",IF(ISNUMBER(VALUE(Input!X11)),"","Needs to be a number.")) | AU12: =IF(Input!Y11="","",IF(ISNUMBER(VALUE(Input!Y11)),"","Needs to be a number.")) | AW12: =IF(OR(VALUE(Input!C11)<0,VALUE(Input!C11)>100), "Invalid EEI %","") | AY12: =IF(Input!E11="","",IF(VALUE(Input!E11)=0,"Do not enter 0.",""))
B13: =Input!A12 | C13: =IF(ISERROR(IF(AND(Input!$A12="",SUMPRODUCT(--(LEN(Input!$A13:'Input'!$A$1006)>0))<>0),"Row is skipped.",IF(AND(Input!$A12="",Input!$A13=""),"", IF(Input!B12="","Data is missing.","")))),"",IF(AND(Input!$A12="",SUMPRODUCT(--(LEN(Input!$A13:'Input'!$A$1006)>0))<>0),"Row is skipped.",IF(AND(Input!$A12="",Input!$A13=""),"", IF(Input!B12="","Data is missing.","")))) | D13: =IF(ISERROR(IF(AND(Input!$A12="",SUMPRODUCT(--(LEN(Input!$A13:'Input'!$A$1006)>0))<>0),"Row is skipped.",IF(AND(Input!$A12="",Input!$A13=""),"", IF(Input!C12="","Data is missing.","")))),"",IF(AND(Input!$A12="",SUMPRODUCT(--(LEN(Input!$A13:'Input'!$A$1006)>0))<>0),"Row is skipped.",IF(AND(Input!$A12="",Input!$A13=""),"", IF(Input!C12="","Data is missing.","")))) | E13: =IF(ISERROR(IF(AND(Input!$A12="",SUMPRODUCT(--(LEN(Input!$A13:'Input'!$A$1006)>0))<>0),"Row is skipped.",IF(AND(Input!$A12="",Input!$A13=""),"", IF(Input!D12="","Data is missing.","")))),"",IF(AND(Input!$A12="",SUMPRODUCT(--(LEN(Input!$A13:'Input'!$A$1006)>0))<>0),"Row is skipped.",IF(AND(Input!$A12="",Input!$A13=""),"", IF(Input!D12="","Data is missing.","")))) | F13: =IF(ISERROR(IF(AND(Input!$A12="",SUMPRODUCT(--(LEN(Input!$A13:'Input'!$A$1006)>0))<>0),"Row is skipped.",IF(AND(Input!$A12="",Input!$A13=""),"", IF(Input!E12="","Data is missing.","")))),"",IF(AND(Input!$A12="",SUMPRODUCT(--(LEN(Input!$A13:'Input'!$A$1006)>0))<>0),"Row is skipped.",IF(AND(Input!$A12="",Input!$A13=""),"", IF(Input!E12="","Data is missing.","")))) | G13: =IF(ISERROR(IF(AND(Input!$A12="",SUMPRODUCT(--(LEN(Input!$A13:'Input'!$A$1006)>0))<>0),"Row is skipped.",IF(AND(Input!$A12="",Input!$A13=""),"", IF(Input!F12="","Data is missing.","")))),"",IF(AND(Input!$A12="",SUMPRODUCT(--(LEN(Input!$A13:'Input'!$A$1006)>0))<>0),"Row is skipped.",IF(AND(Input!$A12="",Input!$A13=""),"", IF(Input!F12="","Data is missing.","")))) | H13: =IF(ISERROR(IF(AND(Input!$A12="",SUMPRODUCT(--(LEN(Input!$A13:'Input'!$A$1006)>0))<>0),"Row is skipped.",IF(AND(Input!$A12="",Input!$A13=""),"", IF(Input!G12="","Data is missing.","")))),"",IF(AND(Input!$A12="",SUMPRODUCT(--(LEN(Input!$A13:'Input'!$A$1006)>0))<>0),"Row is skipped.",IF(AND(Input!$A12="",Input!$A13=""),"", IF(Input!G12="","Data is missing.","")))) | J13: =IFERROR(VLOOKUP(VLOOKUP(Input!$D12,'Measure List'!$A:$AN,40,FALSE),UIR!$A$1:$Q$27,17,FALSE),"") | K13: =IFERROR(VLOOKUP(Input!$D12,'Measure List'!$A:$AN,40,FALSE),"") | M13: =IF(B13="","",IF(AND(Input!H12="",IFERROR(VLOOKUP(K13,UIR!$A$2:$P$21,2,FALSE),"")<>""),"Data is Missing.","")) | N13: =IF(B13="","",IF(AND(Input!I12="",IFERROR(VLOOKUP(K13,UIR!$A$2:$P$21,3,FALSE),"")<>""),"Data is Missing.","")) | O13: =IF(B13="","",IF(AND(Input!J12="",IFERROR(VLOOKUP(K13,UIR!$A$2:$P$21,4,FALSE),"")<>""),"Data is Missing.","")) | P13: =IF(B13="","",IF(AND(Input!K12="",IFERROR(VLOOKUP(K13,UIR!$A$2:$P$21,5,FALSE),"")<>""),"Data is Missing.","")) | Q13: =IF(B13="","",IF(AND(Input!L12="",IFERROR(VLOOKUP(K13,UIR!$A$2:$P$21,6,FALSE),"")<>""),"Data is Missing.","")) | R13: =IF(B13="","",IF(AND(Input!M12="",IFERROR(VLOOKUP(K13,UIR!$A$2:$P$21,7,FALSE),"")<>""),"Data is Missing.","")) | S13: =IF(B13="","",IF(AND(Input!P12="",IFERROR(VLOOKUP(K13,UIR!$A$2:$P$21,8,FALSE),"")<>""),"Data is Missing.","")) | T13: =IF(B13="","",IF(AND(Input!Q12="",IFERROR(VLOOKUP(K13,UIR!$A$2:$P$21,9,FALSE),"")<>""),"Data is Missing.","")) | V13: =IF(B13="","",IF(AND(Input!S12="",IFERROR(VLOOKUP(K13,UIR!$A$2:$P$21,11,FALSE),"")<>""),"Data is Missing.","")) | W13: =IF(B13="","",IF(AND(Input!T12="",IFERROR(VLOOKUP(K13,UIR!$A$2:$P$21,12,FALSE),"")<>""),"Data is Missing.","")) | X13: =IF(B13="","",IF(AND(Input!V12="",IFERROR(VLOOKUP(K13,UIR!$A$2:$P$21,13,FALSE),"")<>""),"Data is Missing.","")) | Y13: =IF(B13="","",IF(AND(Input!W12="",IFERROR(VLOOKUP(K13,UIR!$A$2:$P$21,14,FALSE),"")<>""),"Data is Missing.","")) | Z13: =IF(B13="","",IF(AND(Input!X12="",IFERROR(VLOOKUP(K13,UIR!$A$2:$P$21,15,FALSE),"")<>""),"Data is Missing.","")) | AA13: =IF(B13="","",IF(AND(Input!Y12="",IFERROR(VLOOKUP(K13,UIR!$A$2:$P$21,16,FALSE),"")<>""),"Data is Missing.","")) | AC13: =IF(ISERROR(IF(Input!D12="","",IF(ISERROR(VLOOKUP(Input!D12,'Measure List'!$A$2:$A$30000,1,0)),"Invalid RefNo",""))),"",IF(Input!D12="","",IF(ISERROR(VLOOKUP(Input!D12,'Measure List'!$A$2:$A$30000,1,0)),"Invalid RefNo",""))) | AL13: =IF(COUNTIF(Dropdowns!$K$2:$K$7,Input!S12)>0,"",IF(Input!S12="","","Invalid Type")) | AN13: =IF(Input!C12="","",IF(ISNUMBER(VALUE(Input!C12)),"","Needs to be a number.")) | AO13: =IF(Input!E12="","",IF(ISNUMBER(VALUE(Input!E12)),"","Needs to be a number.")) | AP13: =IF(Input!N12="","",IF(ISNUMBER(VALUE(Input!N12)),"","Needs to be a number.")) | AQ13: =IF(Input!O12="","",IF(ISNUMBER(VALUE(Input!O12)),"","Needs to be a number.")) | AR13: =IF(Input!V12="","",IF(ISNUMBER(VALUE(Input!V12)),"","Needs to be a number.")) | AS13: =IF(Input!W12="","",IF(ISNUMBER(VALUE(Input!W12)),"","Needs to be a number.")) | AT13: =IF(Input!X12="","",IF(ISNUMBER(VALUE(Input!X12)),"","Needs to be a number.")) | AU13: =IF(Input!Y12="","",IF(ISNUMBER(VALUE(Input!Y12)),"","Needs to be a number.")) | AW13: =IF(OR(VALUE(Input!C12)<0,VALUE(Input!C12)>100), "Invalid EEI %","") | AY13: =IF(Input!E12="","",IF(VALUE(Input!E12)=0,"Do not enter 0.",""))
B14: =Input!A13 | C14: =IF(ISERROR(IF(AND(Input!$A13="",SUMPRODUCT(--(LEN(Input!$A14:'Input'!$A$1006)>0))<>0),"Row is skipped.",IF(AND(Input!$A13="",Input!$A14=""),"", IF(Input!B13="","Data is missing.","")))),"",IF(AND(Input!$A13="",SUMPRODUCT(--(LEN(Input!$A14:'Input'!$A$1006)>0))<>0),"Row is skipped.",IF(AND(Input!$A13="",Input!$A14=""),"", IF(Input!B13="","Data is missing.","")))) | D14: =IF(ISERROR(IF(AND(Input!$A13="",SUMPRODUCT(--(LEN(Input!$A14:'Input'!$A$1006)>0))<>0),"Row is skipped.",IF(AND(Input!$A13="",Input!$A14=""),"", IF(Input!C13="","Data is missing.","")))),"",IF(AND(Input!$A13="",SUMPRODUCT(--(LEN(Input!$A14:'Input'!$A$1006)>0))<>0),"Row is skipped.",IF(AND(Input!$A13="",Input!$A14=""),"", IF(Input!C13="","Data is missing.","")))) | E14: =IF(ISERROR(IF(AND(Input!$A13="",SUMPRODUCT(--(LEN(Input!$A14:'Input'!$A$1006)>0))<>0),"Row is skipped.",IF(AND(Input!$A13="",Input!$A14=""),"", IF(Input!D13="","Data is missing.","")))),"",IF(AND(Input!$A13="",SUMPRODUCT(--(LEN(Input!$A14:'Input'!$A$1006)>0))<>0),"Row is skipped.",IF(AND(Input!$A13="",Input!$A14=""),"", IF(Input!D13="","Data is missing.","")))) | F14: =IF(ISERROR(IF(AND(Input!$A13="",SUMPRODUCT(--(LEN(Input!$A14:'Input'!$A$1006)>0))<>0),"Row is skipped.",IF(AND(Input!$A13="",Input!$A14=""),"", IF(Input!E13="","Data is missing.","")))),"",IF(AND(Input!$A13="",SUMPRODUCT(--(LEN(Input!$A14:'Input'!$A$1006)>0))<>0),"Row is skipped.",IF(AND(Input!$A13="",Input!$A14=""),"", IF(Input!E13="","Data is missing.","")))) | G14: =IF(ISERROR(IF(AND(Input!$A13="",SUMPRODUCT(--(LEN(Input!$A14:'Input'!$A$1006)>0))<>0),"Row is skipped.",IF(AND(Input!$A13="",Input!$A14=""),"", IF(Input!F13="","Data is missing.","")))),"",IF(AND(Input!$A13="",SUMPRODUCT(--(LEN(Input!$A14:'Input'!$A$1006)>0))<>0),"Row is skipped.",IF(AND(Input!$A13="",Input!$A14=""),"", IF(Input!F13="","Data is missing.","")))) | H14: =IF(ISERROR(IF(AND(Input!$A13="",SUMPRODUCT(--(LEN(Input!$A14:'Input'!$A$1006)>0))<>0),"Row is skipped.",IF(AND(Input!$A13="",Input!$A14=""),"", IF(Input!G13="","Data is missing.","")))),"",IF(AND(Input!$A13="",SUMPRODUCT(--(LEN(Input!$A14:'Input'!$A$1006)>0))<>0),"Row is skipped.",IF(AND(Input!$A13="",Input!$A14=""),"", IF(Input!G13="","Data is missing.","")))) | J14: =IFERROR(VLOOKUP(VLOOKUP(Input!$D13,'Measure List'!$A:$AN,40,FALSE),UIR!$A$1:$Q$27,17,FALSE),"") | K14: =IFERROR(VLOOKUP(Input!$D13,'Measure List'!$A:$AN,40,FALSE),"") | M14: =IF(B14="","",IF(AND(Input!H13="",IFERROR(VLOOKUP(K14,UIR!$A$2:$P$21,2,FALSE),"")<>""),"Data is Missing.","")) | N14: =IF(B14="","",IF(AND(Input!I13="",IFERROR(VLOOKUP(K14,UIR!$A$2:$P$21,3,FALSE),"")<>""),"Data is Missing.","")) | O14: =IF(B14="","",IF(AND(Input!J13="",IFERROR(VLOOKUP(K14,UIR!$A$2:$P$21,4,FALSE),"")<>""),"Data is Missing.","")) | P14: =IF(B14="","",IF(AND(Input!K13="",IFERROR(VLOOKUP(K14,UIR!$A$2:$P$21,5,FALSE),"")<>""),"Data is Missing.","")) | Q14: =IF(B14="","",IF(AND(Input!L13="",IFERROR(VLOOKUP(K14,UIR!$A$2:$P$21,6,FALSE),"")<>""),"Data is Missing.","")) | R14: =IF(B14="","",IF(AND(Input!M13="",IFERROR(VLOOKUP(K14,UIR!$A$2:$P$21,7,FALSE),"")<>""),"Data is Missing.","")) | S14: =IF(B14="","",IF(AND(Input!P13="",IFERROR(VLOOKUP(K14,UIR!$A$2:$P$21,8,FALSE),"")<>""),"Data is Missing.","")) | T14: =IF(B14="","",IF(AND(Input!Q13="",IFERROR(VLOOKUP(K14,UIR!$A$2:$P$21,9,FALSE),"")<>""),"Data is Missing.","")) | V14: =IF(B14="","",IF(AND(Input!S13="",IFERROR(VLOOKUP(K14,UIR!$A$2:$P$21,11,FALSE),"")<>""),"Data is Missing.","")) | W14: =IF(B14="","",IF(AND(Input!T13="",IFERROR(VLOOKUP(K14,UIR!$A$2:$P$21,12,FALSE),"")<>""),"Data is Missing.","")) | X14: =IF(B14="","",IF(AND(Input!V13="",IFERROR(VLOOKUP(K14,UIR!$A$2:$P$21,13,FALSE),"")<>""),"Data is Missing.","")) | Y14: =IF(B14="","",IF(AND(Input!W13="",IFERROR(VLOOKUP(K14,UIR!$A$2:$P$21,14,FALSE),"")<>""),"Data is Missing.","")) | Z14: =IF(B14="","",IF(AND(Input!X13="",IFERROR(VLOOKUP(K14,UIR!$A$2:$P$21,15,FALSE),"")<>""),"Data is Missing.","")) | AA14: =IF(B14="","",IF(AND(Input!Y13="",IFERROR(VLOOKUP(K14,UIR!$A$2:$P$21,16,FALSE),"")<>""),"Data is Missing.","")) | AC14: =IF(ISERROR(IF(Input!D13="","",IF(ISERROR(VLOOKUP(Input!D13,'Measure List'!$A$2:$A$30000,1,0)),"Invalid RefNo",""))),"",IF(Input!D13="","",IF(ISERROR(VLOOKUP(Input!D13,'Measure List'!$A$2:$A$30000,1,0)),"Invalid RefNo",""))) | AL14: =IF(COUNTIF(Dropdowns!$K$2:$K$7,Input!S13)>0,"",IF(Input!S13="","","Invalid Type")) | AN14: =IF(Input!C13="","",IF(ISNUMBER(VALUE(Input!C13)),"","Needs to be a number.")) | AO14: =IF(Input!E13="","",IF(ISNUMBER(VALUE(Input!E13)),"","Needs to be a number.")) | AP14: =IF(Input!N13="","",IF(ISNUMBER(VALUE(Input!N13)),"","Needs to be a number.")) | AQ14: =IF(Input!O13="","",IF(ISNUMBER(VALUE(Input!O13)),"","Needs to be a number.")) | AR14: =IF(Input!V13="","",IF(ISNUMBER(VALUE(Input!V13)),"","Needs to be a number.")) | AS14: =IF(Input!W13="","",IF(ISNUMBER(VALUE(Input!W13)),"","Needs to be a number.")) | AT14: =IF(Input!X13="","",IF(ISNUMBER(VALUE(Input!X13)),"","Needs to be a number.")) | AU14: =IF(Input!Y13="","",IF(ISNUMBER(VALUE(Input!Y13)),"","Needs to be a number.")) | AW14: =IF(OR(VALUE(Input!C13)<0,VALUE(Input!C13)>100), "Invalid EEI %","") | AY14: =IF(Input!E13="","",IF(VALUE(Input!E13)=0,"Do not enter 0.",""))
B15: =Input!A14 | C15: =IF(ISERROR(IF(AND(Input!$A14="",SUMPRODUCT(--(LEN(Input!$A15:'Input'!$A$1006)>0))<>0),"Row is skipped.",IF(AND(Input!$A14="",Input!$A15=""),"", IF(Input!B14="","Data is missing.","")))),"",IF(AND(Input!$A14="",SUMPRODUCT(--(LEN(Input!$A15:'Input'!$A$1006)>0))<>0),"Row is skipped.",IF(AND(Input!$A14="",Input!$A15=""),"", IF(Input!B14="","Data is missing.","")))) | D15: =IF(ISERROR(IF(AND(Input!$A14="",SUMPRODUCT(--(LEN(Input!$A15:'Input'!$A$1006)>0))<>0),"Row is skipped.",IF(AND(Input!$A14="",Input!$A15=""),"", IF(Input!C14="","Data is missing.","")))),"",IF(AND(Input!$A14="",SUMPRODUCT(--(LEN(Input!$A15:'Input'!$A$1006)>0))<>0),"Row is skipped.",IF(AND(Input!$A14="",Input!$A15=""),"", IF(Input!C14="","Data is missing.","")))) | E15: =IF(ISERROR(IF(AND(Input!$A14="",SUMPRODUCT(--(LEN(Input!$A15:'Input'!$A$1006)>0))<>0),"Row is skipped.",IF(AND(Input!$A14="",Input!$A15=""),"", IF(Input!D14="","Data is missing.","")))),"",IF(AND(Input!$A14="",SUMPRODUCT(--(LEN(Input!$A15:'Input'!$A$1006)>0))<>0),"Row is skipped.",IF(AND(Input!$A14="",Input!$A15=""),"", IF(Input!D14="","Data is missing.","")))) | F15: =IF(ISERROR(IF(AND(Input!$A14="",SUMPRODUCT(--(LEN(Input!$A15:'Input'!$A$1006)>0))<>0),"Row is skipped.",IF(AND(Input!$A14="",Input!$A15=""),"", IF(Input!E14="","Data is missing.","")))),"",IF(AND(Input!$A14="",SUMPRODUCT(--(LEN(Input!$A15:'Input'!$A$1006)>0))<>0),"Row is skipped.",IF(AND(Input!$A14="",Input!$A15=""),"", IF(Input!E14="","Data is missing.","")))) | G15: =IF(ISERROR(IF(AND(Input!$A14="",SUMPRODUCT(--(LEN(Input!$A15:'Input'!$A$1006)>0))<>0),"Row is skipped.",IF(AND(Input!$A14="",Input!$A15=""),"", IF(Input!F14="","Data is missing.","")))),"",IF(AND(Input!$A14="",SUMPRODUCT(--(LEN(Input!$A15:'Input'!$A$1006)>0))<>0),"Row is skipped.",IF(AND(Input!$A14="",Input!$A15=""),"", IF(Input!F14="","Data is missing.","")))) | H15: =IF(ISERROR(IF(AND(Input!$A14="",SUMPRODUCT(--(LEN(Input!$A15:'Input'!$A$1006)>0))<>0),"Row is skipped.",IF(AND(Input!$A14="",Input!$A15=""),"", IF(Input!G14="","Data is missing.","")))),"",IF(AND(Input!$A14="",SUMPRODUCT(--(LEN(Input!$A15:'Input'!$A$1006)>0))<>0),"Row is skipped.",IF(AND(Input!$A14="",Input!$A15=""),"", IF(Input!G14="","Data is missing.","")))) | J15: =IFERROR(VLOOKUP(VLOOKUP(Input!$D14,'Measure List'!$A:$AN,40,FALSE),UIR!$A$1:$Q$27,17,FALSE),"") | K15: =IFERROR(VLOOKUP(Input!$D14,'Measure List'!$A:$AN,40,FALSE),"") | M15: =IF(B15="","",IF(AND(Input!H14="",IFERROR(VLOOKUP(K15,UIR!$A$2:$P$21,2,FALSE),"")<>""),"Data is Missing.","")) | N15: =IF(B15="","",IF(AND(Input!I14="",IFERROR(VLOOKUP(K15,UIR!$A$2:$P$21,3,FALSE),"")<>""),"Data is Missing.","")) | O15: =IF(B15="","",IF(AND(Input!J14="",IFERROR(VLOOKUP(K15,UIR!$A$2:$P$21,4,FALSE),"")<>""),"Data is Missing.","")) | P15: =IF(B15="","",IF(AND(Input!K14="",IFERROR(VLOOKUP(K15,UIR!$A$2:$P$21,5,FALSE),"")<>""),"Data is Missing.","")) | Q15: =IF(B15="","",IF(AND(Input!L14="",IFERROR(VLOOKUP(K15,UIR!$A$2:$P$21,6,FALSE),"")<>""),"Data is Missing.","")) | R15: =IF(B15="","",IF(AND(Input!M14="",IFERROR(VLOOKUP(K15,UIR!$A$2:$P$21,7,FALSE),"")<>""),"Data is Missing.","")) | S15: =IF(B15="","",IF(AND(Input!P14="",IFERROR(VLOOKUP(K15,UIR!$A$2:$P$21,8,FALSE),"")<>""),"Data is Missing.","")) | T15: =IF(B15="","",IF(AND(Input!Q14="",IFERROR(VLOOKUP(K15,UIR!$A$2:$P$21,9,FALSE),"")<>""),"Data is Missing.","")) | V15: =IF(B15="","",IF(AND(Input!S14="",IFERROR(VLOOKUP(K15,UIR!$A$2:$P$21,11,FALSE),"")<>""),"Data is Missing.","")) | W15: =IF(B15="","",IF(AND(Input!T14="",IFERROR(VLOOKUP(K15,UIR!$A$2:$P$21,12,FALSE),"")<>""),"Data is Missing.","")) | X15: =IF(B15="","",IF(AND(Input!V14="",IFERROR(VLOOKUP(K15,UIR!$A$2:$P$21,13,FALSE),"")<>""),"Data is Missing.","")) | Y15: =IF(B15="","",IF(AND(Input!W14="",IFERROR(VLOOKUP(K15,UIR!$A$2:$P$21,14,FALSE),"")<>""),"Data is Missing.","")) | Z15: =IF(B15="","",IF(AND(Input!X14="",IFERROR(VLOOKUP(K15,UIR!$A$2:$P$21,15,FALSE),"")<>""),"Data is Missing.","")) | AA15: =IF(B15="","",IF(AND(Input!Y14="",IFERROR(VLOOKUP(K15,UIR!$A$2:$P$21,16,FALSE),"")<>""),"Data is Missing.","")) | AC15: =IF(ISERROR(IF(Input!D14="","",IF(ISERROR(VLOOKUP(Input!D14,'Measure List'!$A$2:$A$30000,1,0)),"Invalid RefNo",""))),"",IF(Input!D14="","",IF(ISERROR(VLOOKUP(Input!D14,'Measure List'!$A$2:$A$30000,1,0)),"Invalid RefNo",""))) | AL15: =IF(COUNTIF(Dropdowns!$K$2:$K$7,Input!S14)>0,"",IF(Input!S14="","","Invalid Type")) | AN15: =IF(Input!C14="","",IF(ISNUMBER(VALUE(Input!C14)),"","Needs to be a number.")) | AO15: =IF(Input!E14="","",IF(ISNUMBER(VALUE(Input!E14)),"","Needs to be a number.")) | AP15: =IF(Input!N14="","",IF(ISNUMBER(VALUE(Input!N14)),"","Needs to be a number.")) | AQ15: =IF(Input!O14="","",IF(ISNUMBER(VALUE(Input!O14)),"","Needs to be a number.")) | AR15: =IF(Input!V14="","",IF(ISNUMBER(VALUE(Input!V14)),"","Needs to be a number.")) | AS15: =IF(Input!W14="","",IF(ISNUMBER(VALUE(Input!W14)),"","Needs to be a number.")) | AT15: =IF(Input!X14="","",IF(ISNUMBER(VALUE(Input!X14)),"","Needs to be a number.")) | AU15: =IF(Input!Y14="","",IF(ISNUMBER(VALUE(Input!Y14)),"","Needs to be a number.")) | AW15: =IF(OR(VALUE(Input!C14)<0,VALUE(Input!C14)>100), "Invalid EEI %","") | AY15: =IF(Input!E14="","",IF(VALUE(Input!E14)=0,"Do not enter 0.",""))
B16: =Input!A15 | C16: =IF(ISERROR(IF(AND(Input!$A15="",SUMPRODUCT(--(LEN(Input!$A16:'Input'!$A$1006)>0))<>0),"Row is skipped.",IF(AND(Input!$A15="",Input!$A16=""),"", IF(Input!B15="","Data is missing.","")))),"",IF(AND(Input!$A15="",SUMPRODUCT(--(LEN(Input!$A16:'Input'!$A$1006)>0))<>0),"Row is skipped.",IF(AND(Input!$A15="",Input!$A16=""),"", IF(Input!B15="","Data is missing.","")))) | D16: =IF(ISERROR(IF(AND(Input!$A15="",SUMPRODUCT(--(LEN(Input!$A16:'Input'!$A$1006)>0))<>0),"Row is skipped.",IF(AND(Input!$A15="",Input!$A16=""),"", IF(Input!C15="","Data is missing.","")))),"",IF(AND(Input!$A15="",SUMPRODUCT(--(LEN(Input!$A16:'Input'!$A$1006)>0))<>0),"Row is skipped.",IF(AND(Input!$A15="",Input!$A16=""),"", IF(Input!C15="","Data is missing.","")))) | E16: =IF(ISERROR(IF(AND(Input!$A15="",SUMPRODUCT(--(LEN(Input!$A16:'Input'!$A$1006)>0))<>0),"Row is skipped.",IF(AND(Input!$A15="",Input!$A16=""),"", IF(Input!D15="","Data is missing.","")))),"",IF(AND(Input!$A15="",SUMPRODUCT(--(LEN(Input!$A16:'Input'!$A$1006)>0))<>0),"Row is skipped.",IF(AND(Input!$A15="",Input!$A16=""),"", IF(Input!D15="","Data is missing.","")))) | F16: =IF(ISERROR(IF(AND(Input!$A15="",SUMPRODUCT(--(LEN(Input!$A16:'Input'!$A$1006)>0))<>0),"Row is skipped.",IF(AND(Input!$A15="",Input!$A16=""),"", IF(Input!E15="","Data is missing.","")))),"",IF(AND(Input!$A15="",SUMPRODUCT(--(LEN(Input!$A16:'Input'!$A$1006)>0))<>0),"Row is skipped.",IF(AND(Input!$A15="",Input!$A16=""),"", IF(Input!E15="","Data is missing.","")))) | G16: =IF(ISERROR(IF(AND(Input!$A15="",SUMPRODUCT(--(LEN(Input!$A16:'Input'!$A$1006)>0))<>0),"Row is skipped.",IF(AND(Input!$A15="",Input!$A16=""),"", IF(Input!F15="","Data is missing.","")))),"",IF(AND(Input!$A15="",SUMPRODUCT(--(LEN(Input!$A16:'Input'!$A$1006)>0))<>0),"Row is skipped.",IF(AND(Input!$A15="",Input!$A16=""),"", IF(Input!F15="","Data is missing.","")))) | H16: =IF(ISERROR(IF(AND(Input!$A15="",SUMPRODUCT(--(LEN(Input!$A16:'Input'!$A$1006)>0))<>0),"Row is skipped.",IF(AND(Input!$A15="",Input!$A16=""),"", IF(Input!G15="","Data is missing.","")))),"",IF(AND(Input!$A15="",SUMPRODUCT(--(LEN(Input!$A16:'Input'!$A$1006)>0))<>0),"Row is skipped.",IF(AND(Input!$A15="",Input!$A16=""),"", IF(Input!G15="","Data is missing.","")))) | J16: =IFERROR(VLOOKUP(VLOOKUP(Input!$D15,'Measure List'!$A:$AN,40,FALSE),UIR!$A$1:$Q$27,17,FALSE),"") | K16: =IFERROR(VLOOKUP(Input!$D15,'Measure List'!$A:$AN,40,FALSE),"") | M16: =IF(B16="","",IF(AND(Input!H15="",IFERROR(VLOOKUP(K16,UIR!$A$2:$P$21,2,FALSE),"")<>""),"Data is Missing.","")) | N16: =IF(B16="","",IF(AND(Input!I15="",IFERROR(VLOOKUP(K16,UIR!$A$2:$P$21,3,FALSE),"")<>""),"Data is Missing.","")) | O16: =IF(B16="","",IF(AND(Input!J15="",IFERROR(VLOOKUP(K16,UIR!$A$2:$P$21,4,FALSE),"")<>""),"Data is Missing.","")) | P16: =IF(B16="","",IF(AND(Input!K15="",IFERROR(VLOOKUP(K16,UIR!$A$2:$P$21,5,FALSE),"")<>""),"Data is Missing.","")) | Q16: =IF(B16="","",IF(AND(Input!L15="",IFERROR(VLOOKUP(K16,UIR!$A$2:$P$21,6,FALSE),"")<>""),"Data is Missing.","")) | R16: =IF(B16="","",IF(AND(Input!M15="",IFERROR(VLOOKUP(K16,UIR!$A$2:$P$21,7,FALSE),"")<>""),"Data is Missing.","")) | S16: =IF(B16="","",IF(AND(Input!P15="",IFERROR(VLOOKUP(K16,UIR!$A$2:$P$21,8,FALSE),"")<>""),"Data is Missing.","")) | T16: =IF(B16="","",IF(AND(Input!Q15="",IFERROR(VLOOKUP(K16,UIR!$A$2:$P$21,9,FALSE),"")<>""),"Data is Missing.","")) | V16: =IF(B16="","",IF(AND(Input!S15="",IFERROR(VLOOKUP(K16,UIR!$A$2:$P$21,11,FALSE),"")<>""),"Data is Missing.","")) | W16: =IF(B16="","",IF(AND(Input!T15="",IFERROR(VLOOKUP(K16,UIR!$A$2:$P$21,12,FALSE),"")<>""),"Data is Missing.","")) | X16: =IF(B16="","",IF(AND(Input!V15="",IFERROR(VLOOKUP(K16,UIR!$A$2:$P$21,13,FALSE),"")<>""),"Data is Missing.","")) | Y16: =IF(B16="","",IF(AND(Input!W15="",IFERROR(VLOOKUP(K16,UIR!$A$2:$P$21,14,FALSE),"")<>""),"Data is Missing.","")) | Z16: =IF(B16="","",IF(AND(Input!X15="",IFERROR(VLOOKUP(K16,UIR!$A$2:$P$21,15,FALSE),"")<>""),"Data is Missing.","")) | AA16: =IF(B16="","",IF(AND(Input!Y15="",IFERROR(VLOOKUP(K16,UIR!$A$2:$P$21,16,FALSE),"")<>""),"Data is Missing.","")) | AC16: =IF(ISERROR(IF(Input!D15="","",IF(ISERROR(VLOOKUP(Input!D15,'Measure List'!$A$2:$A$30000,1,0)),"Invalid RefNo",""))),"",IF(Input!D15="","",IF(ISERROR(VLOOKUP(Input!D15,'Measure List'!$A$2:$A$30000,1,0)),"Invalid RefNo",""))) | AL16: =IF(COUNTIF(Dropdowns!$K$2:$K$7,Input!S15)>0,"",IF(Input!S15="","","Invalid Type")) | AN16: =IF(Input!C15="","",IF(ISNUMBER(VALUE(Input!C15)),"","Needs to be a number.")) | AO16: =IF(Input!E15="","",IF(ISNUMBER(VALUE(Input!E15)),"","Needs to be a number.")) | AP16: =IF(Input!N15="","",IF(ISNUMBER(VALUE(Input!N15)),"","Needs to be a number.")) | AQ16: =IF(Input!O15="","",IF(ISNUMBER(VALUE(Input!O15)),"","Needs to be a number.")) | AR16: =IF(Input!V15="","",IF(ISNUMBER(VALUE(Input!V15)),"","Needs to be a number.")) | AS16: =IF(Input!W15="","",IF(ISNUMBER(VALUE(Input!W15)),"","Needs to be a number.")) | AT16: =IF(Input!X15="","",IF(ISNUMBER(VALUE(Input!X15)),"","Needs to be a number.")) | AU16: =IF(Input!Y15="","",IF(ISNUMBER(VALUE(Input!Y15)),"","Needs to be a number.")) | AW16: =IF(OR(VALUE(Input!C15)<0,VALUE(Input!C15)>100), "Invalid EEI %","") | AY16: =IF(Input!E15="","",IF(VALUE(Input!E15)=0,"Do not enter 0.",""))
B17: =Input!A16 | C17: =IF(ISERROR(IF(AND(Input!$A16="",SUMPRODUCT(--(LEN(Input!$A17:'Input'!$A$1006)>0))<>0),"Row is skipped.",IF(AND(Input!$A16="",Input!$A17=""),"", IF(Input!B16="","Data is missing.","")))),"",IF(AND(Input!$A16="",SUMPRODUCT(--(LEN(Input!$A17:'Input'!$A$1006)>0))<>0),"Row is skipped.",IF(AND(Input!$A16="",Input!$A17=""),"", IF(Input!B16="","Data is missing.","")))) | D17: =IF(ISERROR(IF(AND(Input!$A16="",SUMPRODUCT(--(LEN(Input!$A17:'Input'!$A$1006)>0))<>0),"Row is skipped.",IF(AND(Input!$A16="",Input!$A17=""),"", IF(Input!C16="","Data is missing.","")))),"",IF(AND(Input!$A16="",SUMPRODUCT(--(LEN(Input!$A17:'Input'!$A$1006)>0))<>0),"Row is skipped.",IF(AND(Input!$A16="",Input!$A17=""),"", IF(Input!C16="","Data is missing.","")))) | E17: =IF(ISERROR(IF(AND(Input!$A16="",SUMPRODUCT(--(LEN(Input!$A17:'Input'!$A$1006)>0))<>0),"Row is skipped.",IF(AND(Input!$A16="",Input!$A17=""),"", IF(Input!D16="","Data is missing.","")))),"",IF(AND(Input!$A16="",SUMPRODUCT(--(LEN(Input!$A17:'Input'!$A$1006)>0))<>0),"Row is skipped.",IF(AND(Input!$A16="",Input!$A17=""),"", IF(Input!D16="","Data is missing.","")))) | F17: =IF(ISERROR(IF(AND(Input!$A16="",SUMPRODUCT(--(LEN(Input!$A17:'Input'!$A$1006)>0))<>0),"Row is skipped.",IF(AND(Input!$A16="",Input!$A17=""),"", IF(Input!E16="","Data is missing.","")))),"",IF(AND(Input!$A16="",SUMPRODUCT(--(LEN(Input!$A17:'Input'!$A$1006)>0))<>0),"Row is skipped.",IF(AND(Input!$A16="",Input!$A17=""),"", IF(Input!E16="","Data is missing.","")))) | G17: =IF(ISERROR(IF(AND(Input!$A16="",SUMPRODUCT(--(LEN(Input!$A17:'Input'!$A$1006)>0))<>0),"Row is skipped.",IF(AND(Input!$A16="",Input!$A17=""),"", IF(Input!F16="","Data is missing.","")))),"",IF(AND(Input!$A16="",SUMPRODUCT(--(LEN(Input!$A17:'Input'!$A$1006)>0))<>0),"Row is skipped.",IF(AND(Input!$A16="",Input!$A17=""),"", IF(Input!F16="","Data is missing.","")))) | H17: =IF(ISERROR(IF(AND(Input!$A16="",SUMPRODUCT(--(LEN(Input!$A17:'Input'!$A$1006)>0))<>0),"Row is skipped.",IF(AND(Input!$A16="",Input!$A17=""),"", IF(Input!G16="","Data is missing.","")))),"",IF(AND(Input!$A16="",SUMPRODUCT(--(LEN(Input!$A17:'Input'!$A$1006)>0))<>0),"Row is skipped.",IF(AND(Input!$A16="",Input!$A17=""),"", IF(Input!G16="","Data is missing.","")))) | J17: =IFERROR(VLOOKUP(VLOOKUP(Input!$D16,'Measure List'!$A:$AN,40,FALSE),UIR!$A$1:$Q$27,17,FALSE),"") | K17: =IFERROR(VLOOKUP(Input!$D16,'Measure List'!$A:$AN,40,FALSE),"") | M17: =IF(B17="","",IF(AND(Input!H16="",IFERROR(VLOOKUP(K17,UIR!$A$2:$P$21,2,FALSE),"")<>""),"Data is Missing.","")) | N17: =IF(B17="","",IF(AND(Input!I16="",IFERROR(VLOOKUP(K17,UIR!$A$2:$P$21,3,FALSE),"")<>""),"Data is Missing.","")) | O17: =IF(B17="","",IF(AND(Input!J16="",IFERROR(VLOOKUP(K17,UIR!$A$2:$P$21,4,FALSE),"")<>""),"Data is Missing.","")) | P17: =IF(B17="","",IF(AND(Input!K16="",IFERROR(VLOOKUP(K17,UIR!$A$2:$P$21,5,FALSE),"")<>""),"Data is Missing.","")) | Q17: =IF(B17="","",IF(AND(Input!L16="",IFERROR(VLOOKUP(K17,UIR!$A$2:$P$21,6,FALSE),"")<>""),"Data is Missing.","")) | R17: =IF(B17="","",IF(AND(Input!M16="",IFERROR(VLOOKUP(K17,UIR!$A$2:$P$21,7,FALSE),"")<>""),"Data is Missing.","")) | S17: =IF(B17="","",IF(AND(Input!P16="",IFERROR(VLOOKUP(K17,UIR!$A$2:$P$21,8,FALSE),"")<>""),"Data is Missing.","")) | T17: =IF(B17="","",IF(AND(Input!Q16="",IFERROR(VLOOKUP(K17,UIR!$A$2:$P$21,9,FALSE),"")<>""),"Data is Missing.","")) | V17: =IF(B17="","",IF(AND(Input!S16="",IFERROR(VLOOKUP(K17,UIR!$A$2:$P$21,11,FALSE),"")<>""),"Data is Missing.","")) | W17: =IF(B17="","",IF(AND(Input!T16="",IFERROR(VLOOKUP(K17,UIR!$A$2:$P$21,12,FALSE),"")<>""),"Data is Missing.","")) | X17: =IF(B17="","",IF(AND(Input!V16="",IFERROR(VLOOKUP(K17,UIR!$A$2:$P$21,13,FALSE),"")<>""),"Data is Missing.","")) | Y17: =IF(B17="","",IF(AND(Input!W16="",IFERROR(VLOOKUP(K17,UIR!$A$2:$P$21,14,FALSE),"")<>""),"Data is Missing.","")) | Z17: =IF(B17="","",IF(AND(Input!X16="",IFERROR(VLOOKUP(K17,UIR!$A$2:$P$21,15,FALSE),"")<>""),"Data is Missing.","")) | AA17: =IF(B17="","",IF(AND(Input!Y16="",IFERROR(VLOOKUP(K17,UIR!$A$2:$P$21,16,FALSE),"")<>""),"Data is Missing.","")) | AC17: =IF(ISERROR(IF(Input!D16="","",IF(ISERROR(VLOOKUP(Input!D16,'Measure List'!$A$2:$A$30000,1,0)),"Invalid RefNo",""))),"",IF(Input!D16="","",IF(ISERROR(VLOOKUP(Input!D16,'Measure List'!$A$2:$A$30000,1,0)),"Invalid RefNo",""))) | AL17: =IF(COUNTIF(Dropdowns!$K$2:$K$7,Input!S16)>0,"",IF(Input!S16="","","Invalid Type")) | AN17: =IF(Input!C16="","",IF(ISNUMBER(VALUE(Input!C16)),"","Needs to be a number.")) | AO17: =IF(Input!E16="","",IF(ISNUMBER(VALUE(Input!E16)),"","Needs to be a number.")) | AP17: =IF(Input!N16="","",IF(ISNUMBER(VALUE(Input!N16)),"","Needs to be a number.")) | AQ17: =IF(Input!O16="","",IF(ISNUMBER(VALUE(Input!O16)),"","Needs to be a number.")) | AR17: =IF(Input!V16="","",IF(ISNUMBER(VALUE(Input!V16)),"","Needs to be a number.")) | AS17: =IF(Input!W16="","",IF(ISNUMBER(VALUE(Input!W16)),"","Needs to be a number.")) | AT17: =IF(Input!X16="","",IF(ISNUMBER(VALUE(Input!X16)),"","Needs to be a number.")) | AU17: =IF(Input!Y16="","",IF(ISNUMBER(VALUE(Input!Y16)),"","Needs to be a number.")) | AW17: =IF(OR(VALUE(Input!C16)<0,VALUE(Input!C16)>100), "Invalid EEI %","") | AY17: =IF(Input!E16="","",IF(VALUE(Input!E16)=0,"Do not enter 0.",""))
B18: =Input!A17 | C18: =IF(ISERROR(IF(AND(Input!$A17="",SUMPRODUCT(--(LEN(Input!$A18:'Input'!$A$1006)>0))<>0),"Row is skipped.",IF(AND(Input!$A17="",Input!$A18=""),"", IF(Input!B17="","Data is missing.","")))),"",IF(AND(Input!$A17="",SUMPRODUCT(--(LEN(Input!$A18:'Input'!$A$1006)>0))<>0),"Row is skipped.",IF(AND(Input!$A17="",Input!$A18=""),"", IF(Input!B17="","Data is missing.","")))) | D18: =IF(ISERROR(IF(AND(Input!$A17="",SUMPRODUCT(--(LEN(Input!$A18:'Input'!$A$1006)>0))<>0),"Row is skipped.",IF(AND(Input!$A17="",Input!$A18=""),"", IF(Input!C17="","Data is missing.","")))),"",IF(AND(Input!$A17="",SUMPRODUCT(--(LEN(Input!$A18:'Input'!$A$1006)>0))<>0),"Row is skipped.",IF(AND(Input!$A17="",Input!$A18=""),"", IF(Input!C17="","Data is missing.","")))) | E18: =IF(ISERROR(IF(AND(Input!$A17="",SUMPRODUCT(--(LEN(Input!$A18:'Input'!$A$1006)>0))<>0),"Row is skipped.",IF(AND(Input!$A17="",Input!$A18=""),"", IF(Input!D17="","Data is missing.","")))),"",IF(AND(Input!$A17="",SUMPRODUCT(--(LEN(Input!$A18:'Input'!$A$1006)>0))<>0),"Row is skipped.",IF(AND(Input!$A17="",Input!$A18=""),"", IF(Input!D17="","Data is missing.","")))) | F18: =IF(ISERROR(IF(AND(Input!$A17="",SUMPRODUCT(--(LEN(Input!$A18:'Input'!$A$1006)>0))<>0),"Row is skipped.",IF(AND(Input!$A17="",Input!$A18=""),"", IF(Input!E17="","Data is missing.","")))),"",IF(AND(Input!$A17="",SUMPRODUCT(--(LEN(Input!$A18:'Input'!$A$1006)>0))<>0),"Row is skipped.",IF(AND(Input!$A17="",Input!$A18=""),"", IF(Input!E17="","Data is missing.","")))) | G18: =IF(ISERROR(IF(AND(Input!$A17="",SUMPRODUCT(--(LEN(Input!$A18:'Input'!$A$1006)>0))<>0),"Row is skipped.",IF(AND(Input!$A17="",Input!$A18=""),"", IF(Input!F17="","Data is missing.","")))),"",IF(AND(Input!$A17="",SUMPRODUCT(--(LEN(Input!$A18:'Input'!$A$1006)>0))<>0),"Row is skipped.",IF(AND(Input!$A17="",Input!$A18=""),"", IF(Input!F17="","Data is missing.","")))) | H18: =IF(ISERROR(IF(AND(Input!$A17="",SUMPRODUCT(--(LEN(Input!$A18:'Input'!$A$1006)>0))<>0),"Row is skipped.",IF(AND(Input!$A17="",Input!$A18=""),"", IF(Input!G17="","Data is missing.","")))),"",IF(AND(Input!$A17="",SUMPRODUCT(--(LEN(Input!$A18:'Input'!$A$1006)>0))<>0),"Row is skipped.",IF(AND(Input!$A17="",Input!$A18=""),"", IF(Input!G17="","Data is missing.","")))) | J18: =IFERROR(VLOOKUP(VLOOKUP(Input!$D17,'Measure List'!$A:$AN,40,FALSE),UIR!$A$1:$Q$27,17,FALSE),"") | K18: =IFERROR(VLOOKUP(Input!$D17,'Measure List'!$A:$AN,40,FALSE),"") | M18: =IF(B18="","",IF(AND(Input!H17="",IFERROR(VLOOKUP(K18,UIR!$A$2:$P$21,2,FALSE),"")<>""),"Data is Missing.","")) | N18: =IF(B18="","",IF(AND(Input!I17="",IFERROR(VLOOKUP(K18,UIR!$A$2:$P$21,3,FALSE),"")<>""),"Data is Missing.","")) | O18: =IF(B18="","",IF(AND(Input!J17="",IFERROR(VLOOKUP(K18,UIR!$A$2:$P$21,4,FALSE),"")<>""),"Data is Missing.","")) | P18: =IF(B18="","",IF(AND(Input!K17="",IFERROR(VLOOKUP(K18,UIR!$A$2:$P$21,5,FALSE),"")<>""),"Data is Missing.","")) | Q18: =IF(B18="","",IF(AND(Input!L17="",IFERROR(VLOOKUP(K18,UIR!$A$2:$P$21,6,FALSE),"")<>""),"Data is Missing.","")) | R18: =IF(B18="","",IF(AND(Input!M17="",IFERROR(VLOOKUP(K18,UIR!$A$2:$P$21,7,FALSE),"")<>""),"Data is Missing.","")) | S18: =IF(B18="","",IF(AND(Input!P17="",IFERROR(VLOOKUP(K18,UIR!$A$2:$P$21,8,FALSE),"")<>""),"Data is Missing.","")) | T18: =IF(B18="","",IF(AND(Input!Q17="",IFERROR(VLOOKUP(K18,UIR!$A$2:$P$21,9,FALSE),"")<>""),"Data is Missing.","")) | V18: =IF(B18="","",IF(AND(Input!S17="",IFERROR(VLOOKUP(K18,UIR!$A$2:$P$21,11,FALSE),"")<>""),"Data is Missing.","")) | W18: =IF(B18="","",IF(AND(Input!T17="",IFERROR(VLOOKUP(K18,UIR!$A$2:$P$21,12,FALSE),"")<>""),"Data is Missing.","")) | X18: =IF(B18="","",IF(AND(Input!V17="",IFERROR(VLOOKUP(K18,UIR!$A$2:$P$21,13,FALSE),"")<>""),"Data is Missing.","")) | Y18: =IF(B18="","",IF(AND(Input!W17="",IFERROR(VLOOKUP(K18,UIR!$A$2:$P$21,14,FALSE),"")<>""),"Data is Missing.","")) | Z18: =IF(B18="","",IF(AND(Input!X17="",IFERROR(VLOOKUP(K18,UIR!$A$2:$P$21,15,FALSE),"")<>""),"Data is Missing.","")) | AA18: =IF(B18="","",IF(AND(Input!Y17="",IFERROR(VLOOKUP(K18,UIR!$A$2:$P$21,16,FALSE),"")<>""),"Data is Missing.","")) | AC18: =IF(ISERROR(IF(Input!D17="","",IF(ISERROR(VLOOKUP(Input!D17,'Measure List'!$A$2:$A$30000,1,0)),"Invalid RefNo",""))),"",IF(Input!D17="","",IF(ISERROR(VLOOKUP(Input!D17,'Measure List'!$A$2:$A$30000,1,0)),"Invalid RefNo",""))) | AL18: =IF(COUNTIF(Dropdowns!$K$2:$K$7,Input!S17)>0,"",IF(Input!S17="","","Invalid Type")) | AN18: =IF(Input!C17="","",IF(ISNUMBER(VALUE(Input!C17)),"","Needs to be a number.")) | AO18: =IF(Input!E17="","",IF(ISNUMBER(VALUE(Input!E17)),"","Needs to be a number.")) | AP18: =IF(Input!N17="","",IF(ISNUMBER(VALUE(Input!N17)),"","Needs to be a number.")) | AQ18: =IF(Input!O17="","",IF(ISNUMBER(VALUE(Input!O17)),"","Needs to be a number.")) | AR18: =IF(Input!V17="","",IF(ISNUMBER(VALUE(Input!V17)),"","Needs to be a number.")) | AS18: =IF(Input!W17="","",IF(ISNUMBER(VALUE(Input!W17)),"","Needs to be a number.")) | AT18: =IF(Input!X17="","",IF(ISNUMBER(VALUE(Input!X17)),"","Needs to be a number.")) | AU18: =IF(Input!Y17="","",IF(ISNUMBER(VALUE(Input!Y17)),"","Needs to be a number.")) | AW18: =IF(OR(VALUE(Input!C17)<0,VALUE(Input!C17)>100), "Invalid EEI %","") | AY18: =IF(Input!E17="","",IF(VALUE(Input!E17)=0,"Do not enter 0.",""))
B19: =Input!A18 | C19: =IF(ISERROR(IF(AND(Input!$A18="",SUMPRODUCT(--(LEN(Input!$A19:'Input'!$A$1006)>0))<>0),"Row is skipped.",IF(AND(Input!$A18="",Input!$A19=""),"", IF(Input!B18="","Data is missing.","")))),"",IF(AND(Input!$A18="",SUMPRODUCT(--(LEN(Input!$A19:'Input'!$A$1006)>0))<>0),"Row is skipped.",IF(AND(Input!$A18="",Input!$A19=""),"", IF(Input!B18="","Data is missing.","")))) | D19: =IF(ISERROR(IF(AND(Input!$A18="",SUMPRODUCT(--(LEN(Input!$A19:'Input'!$A$1006)>0))<>0),"Row is skipped.",IF(AND(Input!$A18="",Input!$A19=""),"", IF(Input!C18="","Data is missing.","")))),"",IF(AND(Input!$A18="",SUMPRODUCT(--(LEN(Input!$A19:'Input'!$A$1006)>0))<>0),"Row is skipped.",IF(AND(Input!$A18="",Input!$A19=""),"", IF(Input!C18="","Data is missing.","")))) | E19: =IF(ISERROR(IF(AND(Input!$A18="",SUMPRODUCT(--(LEN(Input!$A19:'Input'!$A$1006)>0))<>0),"Row is skipped.",IF(AND(Input!$A18="",Input!$A19=""),"", IF(Input!D18="","Data is missing.","")))),"",IF(AND(Input!$A18="",SUMPRODUCT(--(LEN(Input!$A19:'Input'!$A$1006)>0))<>0),"Row is skipped.",IF(AND(Input!$A18="",Input!$A19=""),"", IF(Input!D18="","Data is missing.","")))) | F19: =IF(ISERROR(IF(AND(Input!$A18="",SUMPRODUCT(--(LEN(Input!$A19:'Input'!$A$1006)>0))<>0),"Row is skipped.",IF(AND(Input!$A18="",Input!$A19=""),"", IF(Input!E18="","Data is missing.","")))),"",IF(AND(Input!$A18="",SUMPRODUCT(--(LEN(Input!$A19:'Input'!$A$1006)>0))<>0),"Row is skipped.",IF(AND(Input!$A18="",Input!$A19=""),"", IF(Input!E18="","Data is missing.","")))) | G19: =IF(ISERROR(IF(AND(Input!$A18="",SUMPRODUCT(--(LEN(Input!$A19:'Input'!$A$1006)>0))<>0),"Row is skipped.",IF(AND(Input!$A18="",Input!$A19=""),"", IF(Input!F18="","Data is missing.","")))),"",IF(AND(Input!$A18="",SUMPRODUCT(--(LEN(Input!$A19:'Input'!$A$1006)>0))<>0),"Row is skipped.",IF(AND(Input!$A18="",Input!$A19=""),"", IF(Input!F18="","Data is missing.","")))) | H19: =IF(ISERROR(IF(AND(Input!$A18="",SUMPRODUCT(--(LEN(Input!$A19:'Input'!$A$1006)>0))<>0),"Row is skipped.",IF(AND(Input!$A18="",Input!$A19=""),"", IF(Input!G18="","Data is missing.","")))),"",IF(AND(Input!$A18="",SUMPRODUCT(--(LEN(Input!$A19:'Input'!$A$1006)>0))<>0),"Row is skipped.",IF(AND(Input!$A18="",Input!$A19=""),"", IF(Input!G18="","Data is missing.","")))) | J19: =IFERROR(VLOOKUP(VLOOKUP(Input!$D18,'Measure List'!$A:$AN,40,FALSE),UIR!$A$1:$Q$27,17,FALSE),"") | K19: =IFERROR(VLOOKUP(Input!$D18,'Measure List'!$A:$AN,40,FALSE),"") | M19: =IF(B19="","",IF(AND(Input!H18="",IFERROR(VLOOKUP(K19,UIR!$A$2:$P$21,2,FALSE),"")<>""),"Data is Missing.","")) | N19: =IF(B19="","",IF(AND(Input!I18="",IFERROR(VLOOKUP(K19,UIR!$A$2:$P$21,3,FALSE),"")<>""),"Data is Missing.","")) | O19: =IF(B19="","",IF(AND(Input!J18="",IFERROR(VLOOKUP(K19,UIR!$A$2:$P$21,4,FALSE),"")<>""),"Data is Missing.","")) | P19: =IF(B19="","",IF(AND(Input!K18="",IFERROR(VLOOKUP(K19,UIR!$A$2:$P$21,5,FALSE),"")<>""),"Data is Missing.","")) | Q19: =IF(B19="","",IF(AND(Input!L18="",IFERROR(VLOOKUP(K19,UIR!$A$2:$P$21,6,FALSE),"")<>""),"Data is Missing.","")) | R19: =IF(B19="","",IF(AND(Input!M18="",IFERROR(VLOOKUP(K19,UIR!$A$2:$P$21,7,FALSE),"")<>""),"Data is Missing.","")) | S19: =IF(B19="","",IF(AND(Input!P18="",IFERROR(VLOOKUP(K19,UIR!$A$2:$P$21,8,FALSE),"")<>""),"Data is Missing.","")) | T19: =IF(B19="","",IF(AND(Input!Q18="",IFERROR(VLOOKUP(K19,UIR!$A$2:$P$21,9,FALSE),"")<>""),"Data is Missing.","")) | V19: =IF(B19="","",IF(AND(Input!S18="",IFERROR(VLOOKUP(K19,UIR!$A$2:$P$21,11,FALSE),"")<>""),"Data is Missing.","")) | W19: =IF(B19="","",IF(AND(Input!T18="",IFERROR(VLOOKUP(K19,UIR!$A$2:$P$21,12,FALSE),"")<>""),"Data is Missing.","")) | X19: =IF(B19="","",IF(AND(Input!V18="",IFERROR(VLOOKUP(K19,UIR!$A$2:$P$21,13,FALSE),"")<>""),"Data is Missing.","")) | Y19: =IF(B19="","",IF(AND(Input!W18="",IFERROR(VLOOKUP(K19,UIR!$A$2:$P$21,14,FALSE),"")<>""),"Data is Missing.","")) | Z19: =IF(B19="","",IF(AND(Input!X18="",IFERROR(VLOOKUP(K19,UIR!$A$2:$P$21,15,FALSE),"")<>""),"Data is Missing.","")) | AA19: =IF(B19="","",IF(AND(Input!Y18="",IFERROR(VLOOKUP(K19,UIR!$A$2:$P$21,16,FALSE),"")<>""),"Data is Missing.","")) | AC19: =IF(ISERROR(IF(Input!D18="","",IF(ISERROR(VLOOKUP(Input!D18,'Measure List'!$A$2:$A$30000,1,0)),"Invalid RefNo",""))),"",IF(Input!D18="","",IF(ISERROR(VLOOKUP(Input!D18,'Measure List'!$A$2:$A$30000,1,0)),"Invalid RefNo",""))) | AL19: =IF(COUNTIF(Dropdowns!$K$2:$K$7,Input!S18)>0,"",IF(Input!S18="","","Invalid Type")) | AN19: =IF(Input!C18="","",IF(ISNUMBER(VALUE(Input!C18)),"","Needs to be a number.")) | AO19: =IF(Input!E18="","",IF(ISNUMBER(VALUE(Input!E18)),"","Needs to be a number.")) | AP19: =IF(Input!N18="","",IF(ISNUMBER(VALUE(Input!N18)),"","Needs to be a number.")) | AQ19: =IF(Input!O18="","",IF(ISNUMBER(VALUE(Input!O18)),"","Needs to be a number.")) | AR19: =IF(Input!V18="","",IF(ISNUMBER(VALUE(Input!V18)),"","Needs to be a number.")) | AS19: =IF(Input!W18="","",IF(ISNUMBER(VALUE(Input!W18)),"","Needs to be a number.")) | AT19: =IF(Input!X18="","",IF(ISNUMBER(VALUE(Input!X18)),"","Needs to be a number.")) | AU19: =IF(Input!Y18="","",IF(ISNUMBER(VALUE(Input!Y18)),"","Needs to be a number.")) | AW19: =IF(OR(VALUE(Input!C18)<0,VALUE(Input!C18)>100), "Invalid EEI %","") | AY19: =IF(Input!E18="","",IF(VALUE(Input!E18)=0,"Do not enter 0.",""))
B20: =Input!A19 | C20: =IF(ISERROR(IF(AND(Input!$A19="",SUMPRODUCT(--(LEN(Input!$A20:'Input'!$A$1006)>0))<>0),"Row is skipped.",IF(AND(Input!$A19="",Input!$A20=""),"", IF(Input!B19="","Data is missing.","")))),"",IF(AND(Input!$A19="",SUMPRODUCT(--(LEN(Input!$A20:'Input'!$A$1006)>0))<>0),"Row is skipped.",IF(AND(Input!$A19="",Input!$A20=""),"", IF(Input!B19="","Data is missing.","")))) | D20: =IF(ISERROR(IF(AND(Input!$A19="",SUMPRODUCT(--(LEN(Input!$A20:'Input'!$A$1006)>0))<>0),"Row is skipped.",IF(AND(Input!$A19="",Input!$A20=""),"", IF(Input!C19="","Data is missing.","")))),"",IF(AND(Input!$A19="",SUMPRODUCT(--(LEN(Input!$A20:'Input'!$A$1006)>0))<>0),"Row is skipped.",IF(AND(Input!$A19="",Input!$A20=""),"", IF(Input!C19="","Data is missing.","")))) | E20: =IF(ISERROR(IF(AND(Input!$A19="",SUMPRODUCT(--(LEN(Input!$A20:'Input'!$A$1006)>0))<>0),"Row is skipped.",IF(AND(Input!$A19="",Input!$A20=""),"", IF(Input!D19="","Data is missing.","")))),"",IF(AND(Input!$A19="",SUMPRODUCT(--(LEN(Input!$A20:'Input'!$A$1006)>0))<>0),"Row is skipped.",IF(AND(Input!$A19="",Input!$A20=""),"", IF(Input!D19="","Data is missing.","")))) | F20: =IF(ISERROR(IF(AND(Input!$A19="",SUMPRODUCT(--(LEN(Input!$A20:'Input'!$A$1006)>0))<>0),"Row is skipped.",IF(AND(Input!$A19="",Input!$A20=""),"", IF(Input!E19="","Data is missing.","")))),"",IF(AND(Input!$A19="",SUMPRODUCT(--(LEN(Input!$A20:'Input'!$A$1006)>0))<>0),"Row is skipped.",IF(AND(Input!$A19="",Input!$A20=""),"", IF(Input!E19="","Data is missing.","")))) | G20: =IF(ISERROR(IF(AND(Input!$A19="",SUMPRODUCT(--(LEN(Input!$A20:'Input'!$A$1006)>0))<>0),"Row is skipped.",IF(AND(Input!$A19="",Input!$A20=""),"", IF(Input!F19="","Data is missing.","")))),"",IF(AND(Input!$A19="",SUMPRODUCT(--(LEN(Input!$A20:'Input'!$A$1006)>0))<>0),"Row is skipped.",IF(AND(Input!$A19="",Input!$A20=""),"", IF(Input!F19="","Data is missing.","")))) | H20: =IF(ISERROR(IF(AND(Input!$A19="",SUMPRODUCT(--(LEN(Input!$A20:'Input'!$A$1006)>0))<>0),"Row is skipped.",IF(AND(Input!$A19="",Input!$A20=""),"", IF(Input!G19="","Data is missing.","")))),"",IF(AND(Input!$A19="",SUMPRODUCT(--(LEN(Input!$A20:'Input'!$A$1006)>0))<>0),"Row is skipped.",IF(AND(Input!$A19="",Input!$A20=""),"", IF(Input!G19="","Data is missing.","")))) | J20: =IFERROR(VLOOKUP(VLOOKUP(Input!$D19,'Measure List'!$A:$AN,40,FALSE),UIR!$A$1:$Q$27,17,FALSE),"") | K20: =IFERROR(VLOOKUP(Input!$D19,'Measure List'!$A:$AN,40,FALSE),"") | M20: =IF(B20="","",IF(AND(Input!H19="",IFERROR(VLOOKUP(K20,UIR!$A$2:$P$21,2,FALSE),"")<>""),"Data is Missing.","")) | N20: =IF(B20="","",IF(AND(Input!I19="",IFERROR(VLOOKUP(K20,UIR!$A$2:$P$21,3,FALSE),"")<>""),"Data is Missing.","")) | O20: =IF(B20="","",IF(AND(Input!J19="",IFERROR(VLOOKUP(K20,UIR!$A$2:$P$21,4,FALSE),"")<>""),"Data is Missing.","")) | P20: =IF(B20="","",IF(AND(Input!K19="",IFERROR(VLOOKUP(K20,UIR!$A$2:$P$21,5,FALSE),"")<>""),"Data is Missing.","")) | Q20: =IF(B20="","",IF(AND(Input!L19="",IFERROR(VLOOKUP(K20,UIR!$A$2:$P$21,6,FALSE),"")<>""),"Data is Missing.","")) | R20: =IF(B20="","",IF(AND(Input!M19="",IFERROR(VLOOKUP(K20,UIR!$A$2:$P$21,7,FALSE),"")<>""),"Data is Missing.","")) | S20: =IF(B20="","",IF(AND(Input!P19="",IFERROR(VLOOKUP(K20,UIR!$A$2:$P$21,8,FALSE),"")<>""),"Data is Missing.","")) | T20: =IF(B20="","",IF(AND(Input!Q19="",IFERROR(VLOOKUP(K20,UIR!$A$2:$P$21,9,FALSE),"")<>""),"Data is Missing.","")) | V20: =IF(B20="","",IF(AND(Input!S19="",IFERROR(VLOOKUP(K20,UIR!$A$2:$P$21,11,FALSE),"")<>""),"Data is Missing.","")) | W20: =IF(B20="","",IF(AND(Input!T19="",IFERROR(VLOOKUP(K20,UIR!$A$2:$P$21,12,FALSE),"")<>""),"Data is Missing.","")) | X20: =IF(B20="","",IF(AND(Input!V19="",IFERROR(VLOOKUP(K20,UIR!$A$2:$P$21,13,FALSE),"")<>""),"Data is Missing.","")) | Y20: =IF(B20="","",IF(AND(Input!W19="",IFERROR(VLOOKUP(K20,UIR!$A$2:$P$21,14,FALSE),"")<>""),"Data is Missing.","")) | Z20: =IF(B20="","",IF(AND(Input!X19="",IFERROR(VLOOKUP(K20,UIR!$A$2:$P$21,15,FALSE),"")<>""),"Data is Missing.","")) | AA20: =IF(B20="","",IF(AND(Input!Y19="",IFERROR(VLOOKUP(K20,UIR!$A$2:$P$21,16,FALSE),"")<>""),"Data is Missing.","")) | AC20: =IF(ISERROR(IF(Input!D19="","",IF(ISERROR(VLOOKUP(Input!D19,'Measure List'!$A$2:$A$30000,1,0)),"Invalid RefNo",""))),"",IF(Input!D19="","",IF(ISERROR(VLOOKUP(Input!D19,'Measure List'!$A$2:$A$30000,1,0)),"Invalid RefNo",""))) | AL20: =IF(COUNTIF(Dropdowns!$K$2:$K$7,Input!S19)>0,"",IF(Input!S19="","","Invalid Type")) | AN20: =IF(Input!C19="","",IF(ISNUMBER(VALUE(Input!C19)),"","Needs to be a number.")) | AO20: =IF(Input!E19="","",IF(ISNUMBER(VALUE(Input!E19)),"","Needs to be a number.")) | AP20: =IF(Input!N19="","",IF(ISNUMBER(VALUE(Input!N19)),"","Needs to be a number.")) | AQ20: =IF(Input!O19="","",IF(ISNUMBER(VALUE(Input!O19)),"","Needs to be a number.")) | AR20: =IF(Input!V19="","",IF(ISNUMBER(VALUE(Input!V19)),"","Needs to be a number.")) | AS20: =IF(Input!W19="","",IF(ISNUMBER(VALUE(Input!W19)),"","Needs to be a number.")) | AT20: =IF(Input!X19="","",IF(ISNUMBER(VALUE(Input!X19)),"","Needs to be a number.")) | AU20: =IF(Input!Y19="","",IF(ISNUMBER(VALUE(Input!Y19)),"","Needs to be a number.")) | AW20: =IF(OR(VALUE(Input!C19)<0,VALUE(Input!C19)>100), "Invalid EEI %","") | AY20: =IF(Input!E19="","",IF(VALUE(Input!E19)=0,"Do not enter 0.",""))
... B1007: =Input!A1006 | C1007: =IF(ISERROR(IF(AND(Input!$A1006="",SUMPRODUCT(--(LEN(Input!$A1007:'Input'!$A$1006)>0))<>0),"Row is skipped.",IF(AND(Input!$A1006="",Input!$A1007=""),"", IF(Input!B1006="","Data is missing.","")))),"",IF(AND(Input!$A1006="",SUMPRODUCT(--(LEN(Input!$A1007:'Input'!$A$1006)>0))<>0),"Row is skipped.",IF(AND(Input!$A1006="",Input!$A1007=""),"", IF(Input!B1006="","Data is missing.","")))) | D1007: =IF(ISERROR(IF(AND(Input!$A1006="",SUMPRODUCT(--(LEN(Input!$A1007:'Input'!$A$1006)>0))<>0),"Row is skipped.",IF(AND(Input!$A1006="",Input!$A1007=""),"", IF(Input!C1006="","Data is missing.","")))),"",IF(AND(Input!$A1006="",SUMPRODUCT(--(LEN(Input!$A1007:'Input'!$A$1006)>0))<>0),"Row is skipped.",IF(AND(Input!$A1006="",Input!$A1007=""),"", IF(Input!C1006="","Data is missing.","")))) | E1007: =IF(ISERROR(IF(AND(Input!$A1006="",SUMPRODUCT(--(LEN(Input!$A1007:'Input'!$A$1006)>0))<>0),"Row is skipped.",IF(AND(Input!$A1006="",Input!$A1007=""),"", IF(Input!D1006="","Data is missing.","")))),"",IF(AND(Input!$A1006="",SUMPRODUCT(--(LEN(Input!$A1007:'Input'!$A$1006)>0))<>0),"Row is skipped.",IF(AND(Input!$A1006="",Input!$A1007=""),"", IF(Input!D1006="","Data is missing.","")))) | F1007: =IF(ISERROR(IF(AND(Input!$A1006="",SUMPRODUCT(--(LEN(Input!$A1007:'Input'!$A$1006)>0))<>0),"Row is skipped.",IF(AND(Input!$A1006="",Input!$A1007=""),"", IF(Input!E1006="","Data is missing.","")))),"",IF(AND(Input!$A1006="",SUMPRODUCT(--(LEN(Input!$A1007:'Input'!$A$1006)>0))<>0),"Row is skipped.",IF(AND(Input!$A1006="",Input!$A1007=""),"", IF(Input!E1006="","Data is missing.","")))) | G1007: =IF(ISERROR(IF(AND(Input!$A1006="",SUMPRODUCT(--(LEN(Input!$A1007:'Input'!$A$1006)>0))<>0),"Row is skipped.",IF(AND(Input!$A1006="",Input!$A1007=""),"", IF(Input!F1006="","Data is missing.","")))),"",IF(AND(Input!$A1006="",SUMPRODUCT(--(LEN(Input!$A1007:'Input'!$A$1006)>0))<>0),"Row is skipped.",IF(AND(Input!$A1006="",Input!$A1007=""),"", IF(Input!F1006="","Data is missing.","")))) | H1007: =IF(ISERROR(IF(AND(Input!$A1006="",SUMPRODUCT(--(LEN(Input!$A1007:'Input'!$A$1006)>0))<>0),"Row is skipped.",IF(AND(Input!$A1006="",Input!$A1007=""),"", IF(Input!G1006="","Data is missing.","")))),"",IF(AND(Input!$A1006="",SUMPRODUCT(--(LEN(Input!$A1007:'Input'!$A$1006)>0))<>0),"Row is skipped.",IF(AND(Input!$A1006="",Input!$A1007=""),"", IF(Input!G1006="","Data is missing.","")))) | J1007: =IFERROR(VLOOKUP(VLOOKUP(Input!$D1006,'Measure List'!$A:$AN,40,FALSE),UIR!$A$1:$Q$27,17,FALSE),"") | K1007: =IFERROR(VLOOKUP(Input!$D1006,'Measure List'!$A:$AN,40,FALSE),"") | M1007: =IF(B1007="","",IF(AND(Input!H1006="",IFERROR(VLOOKUP(K1007,UIR!$A$2:$P$21,2,FALSE),"")<>""),"Data is Missing.","")) | N1007: =IF(B1007="","",IF(AND(Input!I1006="",IFERROR(VLOOKUP(K1007,UIR!$A$2:$P$21,3,FALSE),"")<>""),"Data is Missing.","")) | O1007: =IF(B1007="","",IF(AND(Input!J1006="",IFERROR(VLOOKUP(K1007,UIR!$A$2:$P$21,4,FALSE),"")<>""),"Data is Missing.","")) | P1007: =IF(B1007="","",IF(AND(Input!K1006="",IFERROR(VLOOKUP(K1007,UIR!$A$2:$P$21,5,FALSE),"")<>""),"Data is Missing.","")) | Q1007: =IF(B1007="","",IF(AND(Input!L1006="",IFERROR(VLOOKUP(K1007,UIR!$A$2:$P$21,6,FALSE),"")<>""),"Data is Missing.","")) | R1007: =IF(B1007="","",IF(AND(Input!M1006="",IFERROR(VLOOKUP(K1007,UIR!$A$2:$P$21,7,FALSE),"")<>""),"Data is Missing.","")) | S1007: =IF(B1007="","",IF(AND(Input!P1006="",IFERROR(VLOOKUP(K1007,UIR!$A$2:$P$21,8,FALSE),"")<>""),"Data is Missing.","")) | T1007: =IF(B1007="","",IF(AND(Input!Q1006="",IFERROR(VLOOKUP(K1007,UIR!$A$2:$P$21,9,FALSE),"")<>""),"Data is Missing.","")) | V1007: =IF(B1007="","",IF(AND(Input!S1006="",IFERROR(VLOOKUP(K1007,UIR!$A$2:$P$21,11,FALSE),"")<>""),"Data is Missing.","")) | W1007: =IF(B1007="","",IF(AND(Input!T1006="",IFERROR(VLOOKUP(K1007,UIR!$A$2:$P$21,12,FALSE),"")<>""),"Data is Missing.","")) | X1007: =IF(B1007="","",IF(AND(Input!V1006="",IFERROR(VLOOKUP(K1007,UIR!$A$2:$P$21,13,FALSE),"")<>""),"Data is Missing.","")) | Y1007: =IF(B1007="","",IF(AND(Input!W1006="",IFERROR(VLOOKUP(K1007,UIR!$A$2:$P$21,14,FALSE),"")<>""),"Data is Missing.","")) | Z1007: =IF(B1007="","",IF(AND(Input!X1006="",IFERROR(VLOOKUP(K1007,UIR!$A$2:$P$21,15,FALSE),"")<>""),"Data is Missing.","")) | AA1007: =IF(B1007="","",IF(AND(Input!Y1006="",IFERROR(VLOOKUP(K1007,UIR!$A$2:$P$21,16,FALSE),"")<>""),"Data is Missing.","")) | AC1007: =IF(ISERROR(IF(Input!D1006="","",IF(ISERROR(VLOOKUP(Input!D1006,'Measure List'!$A$2:$A$30000,1,0)),"Invalid RefNo",""))),"",IF(Input!D1006="","",IF(ISERROR(VLOOKUP(Input!D1006,'Measure List'!$A$2:$A$30000,1,0)),"Invalid RefNo",""))) | AL1007: =IF(COUNTIF(Dropdowns!$K$2:$K$7,Input!S1006)>0,"",IF(Input!S1006="","","Invalid Type")) | AN1007: =IF(Input!C1006="","",IF(ISNUMBER(VALUE(Input!C1006)),"","Needs to be a number.")) | AO1007: =IF(Input!E1006="","",IF(ISNUMBER(VALUE(Input!E1006)),"","Needs to be a number.")) | AP1007: =IF(Input!N1006="","",IF(ISNUMBER(VALUE(Input!N1006)),"","Needs to be a number.")) | AQ1007: =IF(Input!O1006="","",IF(ISNUMBER(VALUE(Input!O1006)),"","Needs to be a number.")) | AR1007: =IF(Input!V1006="","",IF(ISNUMBER(VALUE(Input!V1006)),"","Needs to be a number.")) | AS1007: =IF(Input!W1006="","",IF(ISNUMBER(VALUE(Input!W1006)),"","Needs to be a number.")) | AT1007: =IF(Input!X1006="","",IF(ISNUMBER(VALUE(Input!X1006)),"","Needs to be a number.")) | AU1007: =IF(Input!Y1006="","",IF(ISNUMBER(VALUE(Input!Y1006)),"","Needs to be a number.")) | AW1007: =IF(OR(VALUE(Input!C1006)<0,VALUE(Input!C1006)>100), "Invalid EEI %","") | AY1007: =IF(Input!E1006="","",IF(VALUE(Input!E1006)=0,"Do not enter 0.",""))

Sheet October 2026 Measure List
A1: UES Reference Number | B1: Heating Zone | C1: Cooling Zone | D1: Sector | E1: End Use | F1: Category | G1: Technology/Activity/Practice | H1: Key Characteristics 1 | I1: Key Characteristics 2 | J1: Key Characteristics 3 | K1: Key Characteristics 4 | L1: Annual Savings @ Generator Busbar (kwh/yr) | M1: Payment ($/unit) | N1: Annual Savings @ Site (kwh/yr) | O1: Measure Name | P1: Program | Q1: Vintage | R1: Primary Building Type | S1: Delivery Mechanism | T1: Incremental Capital Cost ($/unit) | U1: Measure Life (years) | V1: BPA Effective Date | W1: BPA Expiration Date | X1: Unit Type of Savings/Payment | Y1: Installed Efficiency Level/Rating | Z1: State | AA1: Installation Location | AB1: Efficient Case Savings Characteristics | AC1: Baseline Characteristics | AD1: RTF UES Measure Status | AE1: RTF Effective Date | AF1: Workbook Link | AG1: Power System Coincident Peak Reduction (KW) | AH1: Distribution System Peak Load Reduction (kW) | AI1: Total Societal Benefit/ Cost Ratio | AJ1: Cost Effective | AK1: Levelized Cost (mills/kWh) | AL1: C02 Reduction (tons in first year) | AM1: Unit Cost Cap | AN1: Unique UIR No | AO1: Measures Types | AP1: PTCS | AQ1: Unit Types | AR1: Tech Review | AS1: Calculated UES Busbar Factor | AT1: Forms required at time of invoice review
A2: AHVHC40210 | B2: Heating Zone 1 | C2: All Cooling Zones | D2: Agricultural | E2: HVAC | F2: HVAC System Controls | G2: Thermostatically Controlled Outlets | L2: 888.25172 | M2: 14 | N2: 796 | O2: Thermostatically Controlled Outlets | Q2: Existing | R2: Non building measure | T2: 21 | U2: 2 | V2: 45931 | X2: Per Unit | AB2: Controlled outlet turns off no higher than 50 degrees | AC2: Outlet was not previously controlled | AD2: RTF Approved | AE2: 45125 | AF2: thermcontrolloutlet-ver3-2 | AG2: 0.082715359 | AH2: 0.086426429 | AI2: 3.2968058 | AJ2: Yes | AK2: -7.99 | AL2: 4.13 | AN2: 22 | AO2: Standard | AP2: No | AQ2: Per Unit | AR2: No
A3: AHVHC40211 | B3: Heating Zone 2 | C3: All Cooling Zones | D3: Agricultural | E3: HVAC | F3: HVAC System Controls | G3: Thermostatically Controlled Outlets | L3: 841.50455 | M3: 14 | N3: 756.75 | O3: Thermostatically Controlled Outlets | Q3: Existing | R3: Non building measure | T3: 21 | U3: 2 | V3: 45931 | X3: Per Unit | AB3: Controlled outlet turns off no higher than 50 degrees | AC3: Outlet was not previously controlled | AD3: RTF Approved | AE3: 45125 | AF3: thermcontrolloutlet-ver3-2 | AG3: 0.07336844 | AH3: 0.076517405 | AI3: 2.9926522 | AJ3: Yes | AK3: -0.17 | AL3: 3.915 | AN3: 22 | AO3: Standard | AP3: No | AQ3: Per Unit | AR3: No
A4: AHVHC40212 | B4: Heating Zone 3 | C4: All Cooling Zones | D4: Agricultural | E4: HVAC | F4: HVAC System Controls | G4: Thermostatically Controlled Outlets | L4: 551.34935 | M4: 14 | N4: 495.75 | O4: Thermostatically Controlled Outlets | Q4: Existing | R4: Non building measure | T4: 21 | U4: 2 | V4: 45931 | X4: Per Unit | AB4: Controlled outlet turns off no higher than 50 degrees | AC4: Outlet was not previously controlled | AD4: RTF Approved | AE4: 45125 | AF4: thermcontrolloutlet-ver3-2 | AG4: 0.048258888 | AH4: 0.050334963 | AI4: 1.974708 | AJ4: Yes | AK4: 7.94 | AL4: 2.565 | AN4: 22 | AO4: Standard | AP4: No | AQ4: Per Unit | AR4: No
A5: AIRHA40001 | B5: All Heating Zones | C5: All Cooling Zones | D5: Agricultural | E5: Irrigation | F5: Hardware | G5: Gasket Replacement | H5: Replace Leaking Drain Gaskets with New Gaskets | I5: Wheel-line, Hand-line, Lateral Move or Center Pivot Systems | L5: 13.114979 | M5: 3 | N5: 11.888042 | O5: Gasket Replacement Replace Leaking Drain Gaskets with New Gaskets Wheel-line, Hand-line, Lateral Move or Center Pivot Systems | Q5: Existing | R5: Non building measure | T5: 6.3348196 | U5: 5 | V5: 45200 | X5: Per Unit | AD5: RTF Approved | AE5: 45504 | AF5: AgIrrHardwareMain-v6-2 | AG5: 0.0014244438 | AH5: 0.0014770123 | AI5: 0.55743534 | AJ5: No | AK5: 70.201008 | AL5: 0.024399929 | AN5: 22 | AO5: Standard | AP5: No | AQ5: Per Unit | AR5: No
A6: AIRHA40003 | B6: All Heating Zones | C6: All Cooling Zones | D6: Agricultural | E6: Irrigation | F6: Hardware | G6: Gasket Replacement | H6: Replace Pipe Section Gasket | I6: Wheel-lines, Hand-lines, Riser or Portable Main Line | L6: 17.859372 | M6: 4 | N6: 16.188587 | O6: Gasket Replacement Replace Pipe Section Gasket Wheel-lines, Hand-lines, Riser or Portable Main Line | Q6: Existing | R6: Non building measure | T6: 4.4100577 | U6: 5 | V6: 45200 | X6: Per Unit | AB6: Pipe and riser gasket | AD6: RTF Approved | AE6: 45504 | AF6: AgIrrHardwareMain-v6-2 | AG6: 0.001939165 | AH6: 0.0020107291 | AI6: 1.091667 | AJ6: Yes | AK6: 26.268408 | AL6: 0.033216817 | AN6: 22 | AO6: Standard | AP6: No | AQ6: Per Unit | AR6: No
A7: AIRHA40006 | B7: All Heating Zones | C7: All Cooling Zones | D7: Agricultural | E7: Irrigation | F7: Hardware | G7: Hub Replacement | H7: Replace Thunderbird Wheel Line Hubs | I7: Wheel Line System | L7: 17.859372 | M7: 4 | N7: 16.188587 | O7: Hub Replacement Replace Thunderbird Wheel Line Hubs Wheel Line System | Q7: Existing | R7: Non building measure | T7: 4.4100577 | U7: 10 | V7: 45200 | X7: Per Unit | AD7: RTF Approved | AE7: 45504 | AF7: AgIrrHardwareMain-v6-2 | AG7: 0.001939165 | AH7: 0.0020107291 | AI7: 1.091667 | AJ7: Yes | AK7: 26.268408 | AL7: 0.016608409 | AN7: 22 | AO7: Standard | AP7: No | AQ7: Per Unit | AR7: No
A8: AIRHA40007 | B8: All Heating Zones | C8: All Cooling Zones | D8: Agricultural | E8: Irrigation | F8: Hardware | G8: Leveler Rebuild | H8: Rebuild or Replace Leaking or Malfunctioning Leveler with New or Rebuilt Leveler | I8: Wheel Line System | L8: 4.8551485 | M8: 1 | N8: 4.4009382 | O8: Leveler Rebuild Rebuild or Replace Leaking or Malfunctioning Leveler with New or Rebuilt Leveler Wheel Line System | Q8: Existing | R8: Non building measure | T8: 8.1538723 | U8: 4 | V8: 45200 | X8: Per Unit | AD8: RTF Approved | AE8: 45504 | AF8: AgIrrHardwareMain-v6-2 | AG8: 0.00052703581 | AH8: 0.00054648585 | AI8: 0.18191982 | AJ8: No | AK8: 255.50951 | AL8: 0.011284788 | AN8: 22 | AO8: Standard | AP8: No | AQ8: Per Unit | AR8: No
A9: AIRHA40016 | B9: All Heating Zones | C9: All Cooling Zones | D9: Agricultural | E9: Irrigation | F9: Hardware | G9: Sprinkler Replacements | H9: Replace Leaking Impact Sprinkler with New or Rebuilt Impact Sprinkler | I9: Wheel-line, Hand-line, Lateral Move or Center Pivot Systems | L9: 2.5458219 | M9: 1 | N9: 2.3076544 | O9: Sprinkler Replacements Replace Leaking Impact Sprinkler with New or Rebuilt Impact Sprinkler Wheel-line, Hand-line, Lateral Move or Center Pivot Systems | Q9: Existing | R9: Non building measure | T9: 15.83873 | U9: 4 | V9: 45200 | X9: Per Unit | AD9: RTF Approved | AE9: 45504 | AF9: AgIrrHardwareMain-v6-2 | AG9: 0.00027671895 | AH9: 0.00028693116 | AI9: 0.043301468 | AJ9: No | AK9: 1136.1123 | AL9: 0.0059250522 | AN9: 22 | AO9: Standard | AP9: No | AQ9: Per Unit | AR9: No
A10: AIRHA40019 | B10: All Heating Zones | C10: All Cooling Zones | D10: Agricultural | E10: Irrigation | F10: Hardware | G10: Nozzle Replacement | H10: Replace Nozzle | I10: Wheel-line or Hand-line System | L10: 28.750828 | M10: 3 | N10: 26.061122 | O10: Nozzle Replacement Replace Nozzle Wheel-line or Hand-line System | Q10: Existing | R10: Non building measure | T10: 3.1590374 | U10: 5 | V10: 45200 | X10: Per Unit | AD10: RTF Approved | AE10: 45504 | AF10: AgIrrHardwareMain-v6-2 | AG10: 0.0031216534 | AH10: 0.0032368567 | AI10: 2.4555667 | AJ10: Yes | AK10: 0.8069956 | AL10: 0.053472185 | AN10: 22 | AO10: Standard | AP10: No | AQ10: Per Unit | AR10: No
A11: AIRHA40224 | B11: All Heating Zones | C11: All Cooling Zones | D11: Agricultural | E11: Irrigation | F11: Hardware | G11: Sprinkler Upgrade | H11: Irrigation System Conversion to MESA from high pressure | I11: Center Pivot or Lateral Move System | L11: 58.626093 | M11: 23 | N11: 53.141488 | O11: Sprinkler Upgrade Irrigation System Conversion to MESA from high pressure Center Pivot or Lateral Move System | Q11: Existing | R11: Non building measure | T11: 28.785641 | U11: 10 | V11: 45931 | X11: Per Drop | AB11: Rotating Type Sprinkler | AC11: Replace Impact Sprinkler | AD11: RTF Approved | AE11: 45124 | AF11: AgIrrHardwareUpgrades-v2-3 | AG11: 0.0063659121 | AH11: 0.0066008435 | AI11: 0.76939896 | AJ11: No | AK11: 45.469124 | AL11: 0.054522267 | AN11: 22 | AO11: Standard | AP11: No | AQ11: Per Unit | AR11: No
A12: AIRHA40225 | B12: All Heating Zones | C12: All Cooling Zones | D12: Agricultural | E12: Irrigation | F12: Hardware | G12: Sprinkler Package Replacements | H12: High Pressure Sprinkler Package | I12: Center Pivot or Lateral Move System | L12: 65.858556 | M12: 18 | N12: 59.697337 | O12: Sprinkler Package Replacements High Pressure Sprinkler Package Center Pivot or Lateral Move System | Q12: Existing | R12: Non building measure | T12: 15.83873 | U12: 4 | V12: 45931 | X12: Per Drop | AD12: RTF Approved | AE12: 45504 | AF12: AgIrrHardwareMain-v6-2 | AG12: 0.0071513522 | AH12: 0.0074152699 | AI12: 1.1190561 | AJ12: Yes | AK12: 25.146445 | AL12: 0.15312336 | AN12: 22 | AO12: Standard | AP12: No | AQ12: Per Unit | AR12: No
A13: AIRHA40226 | B13: All Heating Zones | C13: All Cooling Zones | D13: Agricultural | E13: Irrigation | F13: Hardware | G13: Sprinkler Package Replacements | H13: MESA Sprinkler Package | I13: Center Pivot or Lateral Move System | L13: 32.929278 | M13: 21 | N13: 29.848669 | O13: Sprinkler Package Replacements MESA Sprinkler Package Center Pivot or Lateral Move System | Q13: Existing | R13: Non building measure | T13: 25.874159 | U13: 5 | V13: 45931 | X13: Per Drop | AD13: RTF Approved | AE13: 45504 | AF13: AgIrrHardwareMain-v6-2 | AG13: 0.0035757599 | AH13: 0.0037077219 | AI13: 0.34251538 | AJ13: No | AK13: 126.53158 | AL13: 0.061250779 | AN13: 22 | AO13: Standard | AP13: No | AQ13: Per Unit | AR13: No
A14: AIRHA40227 | B14: All Heating Zones | C14: All Cooling Zones | D14: Agricultural | E14: Irrigation | F14: Hardware | G14: Sprinkler Upgrade | H14: Irrigation System Conversion to LESA/LEPA/MDI from high pressure | I14: Center Pivot or Lateral Move System | L14: 61.711677 | M14: 26 | N14: 55.938408 | O14: Sprinkler Upgrade Irrigation System Conversion to LESA/LEPA/MDI from high pressure Center Pivot or Lateral Move System | Q14: New or Existing | R14: Non building measure | T14: 32.125748 | U14: 10 | V14: 45931 | X14: Per Drop | AD14: RTF Approved | AE14: 45124 | AF14: AgIrrHardwareUpgrades-v2-3 | AG14: 0.0067009601 | AH14: 0.0069482563 | AI14: 0.7256892 | AJ14: No | AK14: 49.386706 | AL14: 0.05739186 | AN14: 22 | AO14: Standard | AP14: No | AQ14: Per Unit | AR14: No
A15: AIRHA40228 | B15: All Heating Zones | C15: All Cooling Zones | D15: Agricultural | E15: Irrigation | F15: Hardware | G15: Sprinkler Upgrade | H15: Irrigation System Conversion to LESA/LEPA/MDI from MESA | I15: Center Pivot or Lateral Move System | L15: 37.027006 | M15: 26 | N15: 33.563045 | O15: Sprinkler Upgrade Irrigation System Conversion to LESA/LEPA/MDI from MESA Center Pivot or Lateral Move System | Q15: New or Existing | R15: Non building measure | T15: 32.125748 | U15: 10 | V15: 45931 | X15: Per Drop | AD15: RTF Approved | AE15: 45124 | AF15: AgIrrHardwareUpgrades-v2-3 | AG15: 0.0040205761 | AH15: 0.0041689538 | AI15: 0.43541352 | AJ15: No | AK15: 95.359409 | AL15: 0.034435116 | AN15: 22 | AO15: Standard | AP15: No | AQ15: Per Unit | AR15: No
A16: AIRHA40229 | B16: All Heating Zones | C16: All Cooling Zones | D16: Agricultural | E16: Irrigation | F16: Hardware | G16: Sprinkler Package Replacements | H16: LESA/LEPA/MDI Sprinkler Package | I16: Center Pivot or Lateral Move System | L16: 16.464639 | M16: 10 | N16: 14.924334 | O16: Sprinkler Package Replacements LESA/LEPA/MDI Sprinkler Package Center Pivot or Lateral Move System | Q16: Existing | R16: Non building measure | T16: 17.872227 | U16: 5 | V16: 45931 | X16: Per Drop | AD16: RTF Approved | AE16: 45504 | AF16: AgIrrHardwareMain-v6-2 | AG16: 0.0017874847 | AH16: 0.0018534511 | AI16: 0.24783688 | AJ16: No | AK16: 182.34611 | AL16: 0.030618618 | AN16: 22 | AO16: Standard | AP16: No | AQ16: Per Unit | AR16: No
A17: AIRHA40230 | B17: All Heating Zones | C17: All Cooling Zones | D17: Agricultural | E17: Irrigation | F17: Hardware | G17: Sprinkler Upgrade | H17: Irrigation System Conversion to Low pressure from High pressure | I17: Wheel-line or Hand-line System | L17: 58.626093 | M17: 23 | N17: 53.141488 | O17: Sprinkler Upgrade Irrigation System Conversion to Low pressure from High pressure Wheel-line or Hand-line System | Q17: Existing | R17: Non building measure | T17: 28.785641 | U17: 10 | V17: 45931 | X17: Per Unit | AD17: BPA Qualified | AG17: 0 | AH17: 0 | AI17: 0.93 | AJ17: No | AK17: 58.91 | AL17: 0.025 | AN17: 22 | AO17: Standard | AP17: No | AQ17: Per Unit | AR17: No
A18: AIRPF40231 | B18: All Heating Zones | C18: All Cooling Zones | D18: Agricultural | E18: Irrigation | F18: Pumps and Fans | G18: Pump Testing Service | H18: Simple System Evaluation | L18: 0 | M18: 100 | N18: 0 | O18: Pump Testing Service Simple System Evaluation | Q18: Existing | R18: Non building measure | T18: 0 | V18: 46296 | X18: Per Unit | AB18: Simple System Evaluation | AD18: BPA Qualified | AG18: 0 | AH18: 0 | AI18: 0 | AJ18: No | AK18: 0 | AL18: 0 | AN18: 22 | AO18: Standard | AP18: No | AQ18: Per Unit | AR18: Yes | AT18: Irrigation Pump Testing and System Analysis BPA Screening Tool
A19: AIRPF40232 | B19: All Heating Zones | C19: All Cooling Zones | D19: Agricultural | E19: Irrigation | F19: Pumps and Fans | G19: Pump Testing Service | H19: Irrigation Pump Test | I19: Simple System or Open Discharge | L19: 0 | M19: 200 | N19: 0 | O19: Pump Testing Service Irrigation Pump Test Simple System or Open Discharge | Q19: Existing | R19: Non building measure | T19: 0 | V19: 46296 | X19: Per Unit | AB19: Irrigation Pump Test | AD19: BPA Qualified | AG19: 0 | AH19: 0 | AI19: 0 | AJ19: No | AK19: 0 | AL19: 0 | AN19: 22 | AO19: Standard | AP19: No | AQ19: Per Unit | AR19: Yes | AT19: Irrigation Pump Testing and System Analysis BPA Screening Tool
A20: AIRPF40233 | B20: All Heating Zones | C20: All Cooling Zones | D20: Agricultural | E20: Irrigation | F20: Pumps and Fans | G20: Pump Testing Service | H20: Irrigation Pump Test | I20: System Analysis | J20: 400 acres or less | L20: 0 | M20: 400 | N20: 0 | O20: Pump Testing Service Irrigation Pump Test System Analysis 400 acres or less | Q20: Existing | R20: Non building measure | T20: 0 | V20: 46296 | X20: Per Unit | AB20: Irrigation Pump Test | AD20: BPA Qualified | AG20: 0 | AH20: 0 | AI20: 0 | AJ20: No | AK20: 0 | AL20: 0 | AN20: 22 | AO20: Standard | AP20: No | AQ20: Per Unit | AR20: Yes | AT20: Irrigation Pump Testing and System Analysis BPA Screening Tool
A21: AIRPF40234 | B21: All Heating Zones | C21: All Cooling Zones | D21: Agricultural | E21: Irrigation | F21: Pumps and Fans | G21: Pump Testing Service | H21: Irrigation Pump Test | I21: System Analysis | J21: Over 400 acres | L21: 0 | M21: 600 | N21: 0 | O21: Pump Testing Service Irrigation Pump Test System Analysis Over 400 acres | Q21: Existing | R21: Non building measure | T21: 0 | V21: 46296 | X21: Per Unit | AB21: Irrigation Pump Test | AD21: BPA Qualified | AG21: 0 | AH21: 0 | AI21: 0 | AJ21: No | AK21: 0 | AL21: 0 | AN21: 22 | AO21: Standard | AP21: No | AQ21: Per Unit | AR21: Yes | AT21: Irrigation Pump Testing and System Analysis BPA Screening Tool
A22: AIRPF40235 | B22: All Heating Zones | C22: All Cooling Zones | D22: Agricultural | E22: Irrigation | F22: Pumps and Fans | G22: Pump Testing Service | H22: Irrigation Pump Test (main pump) | I22: Complex System | J22: Over 400 acres | L22: 0 | M22: 400 | N22: 0 | O22: Pump Testing Service Irrigation Pump Test (main pump) Complex System Over 400 acres | Q22: Existing | R22: Non building measure | T22: 0 | V22: 46296 | X22: Per Unit | AB22: Irrigation Pump Test | AD22: BPA Qualified | AG22: 0 | AH22: 0 | AI22: 0 | AJ22: No | AK22: 0 | AL22: 0 | AN22: 22 | AO22: Standard | AP22: No | AQ22: Per Unit | AR22: Yes | AT22: Irrigation Pump Testing and System Analysis BPA Screening Tool
A23: AIRPF40236 | B23: All Heating Zones | C23: All Cooling Zones | D23: Agricultural | E23: Irrigation | F23: Pumps and Fans | G23: Pump Testing Service | H23: Irrigation Pump Test (booster pump) | I23: Complex System | J23: Over 400 acres | L23: 0 | M23: 100 | N23: 0 | O23: Pump Testing Service Irrigation Pump Test (booster pump) Complex System Over 400 acres | Q23: Existing | R23: Non building measure | T23: 0 | V23: 46296 | X23: Per Unit | AB23: Booster Pump | AD23: BPA Qualified | AG23: 0 | AH23: 0 | AI23: 0 | AJ23: No | AK23: 0 | AL23: 0 | AN23: 22 | AO23: Standard | AP23: No | AQ23: Per Unit | AR23: Yes | AT23: Irrigation Pump Testing and System Analysis BPA Screening Tool
A24: AIRPF40237 | B24: All Heating Zones | C24: All Cooling Zones | D24: Agricultural | E24: Irrigation | F24: Pumps and Fans | G24: Pump Efficiency Upgrade | H24: New Efficient Pump | I24: 20 to 500 horsepower | J24: Bronze or Stainless Steel impeller | L24: 220.64152 | M24: 95 | N24: 200 | O24: Pump Efficiency Upgrade New Efficient Pump 20 to 500 horsepower Bronze or Stainless Steel impeller | Q24: Existing | R24: Non building measure (Motors) | T24: 103 | U24: 10 | V24: 45931 | X24: Per Horsepower | AB24: Instead of rebuild/repair | AD24: BPA Qualified | AG24: 0.023958351 | AH24: 0.024842524 | AI24: 0.80925719 | AJ24: No | AK24: 42.265645 | AL24: 0.0205197 | AN24: 20 | AO24: Standard | AP24: No | AQ24: Not Per Unit | AR24: No | AT24: Agricultural Pump Efficiency Upgrade PIF; Pump performance curve (available from the pump manufacturer).
A25: AMDMC40238 | B25: All Heating Zones | C25: All Cooling Zones | D25: Agricultural | E25: Motors/Drives | F25: Motors/Drives Controls | G25: Motors/Drives Control Improvements (VFD) | H25: On Irrigation Turbine Pump | I25: 7.5 to 1000 horsepower | L25: 0 | M25: 135 | N25: 0 | O25: Motors/Drives Control Improvements (VFD) On Irrigation Turbine Pump 7.5 to 1000 horsepower | Q25: Existing | R25: Non building measure (Motors) | T25: 127 | U25: 10 | V25: 45931 | X25: Per Horsepower | AB25: On Irrigation Turbine Pump | AD25: BPA Qualified | AG25: 0 | AH25: 0 | AI25: 0 | AJ25: No | AK25: 0 | AL25: 0 | AN25: 9 | AO25: Calculated | AP25: No | AQ25: Per Unit | AR25: Yes | AS25: 1.1032 | AT25: Existing Centrifugal and Turbine Pump VFD Deemed Savings Tool
A26: AMDMC40239 | B26: All Heating Zones | C26: All Cooling Zones | D26: Agricultural | E26: Motors/Drives | F26: Motors/Drives Controls | G26: Motors/Drives Control Improvements (VFD) | H26: On Irrigation Centrifugal Pump | I26: 7.5 to 1000 horsepower | L26: 0 | M26: 95 | N26: 0 | O26: Motors/Drives Control Improvements (VFD) On Irrigation Centrifugal Pump 7.5 to 1000 horsepower | Q26: Existing | R26: Non building measure (Motors) | T26: 203 | U26: 10 | V26: 45931 | X26: Per Horsepower | AB26: On Irrigation Centrifugal Pump | AD26: BPA Qualified | AG26: 0 | AH26: 0 | AI26: 0.64 | AJ26: No | AK26: 93.07 | AL26: 0 | AN26: 9 | AO26: Calculated | AP26: No | AQ26: Per Unit | AR26: Yes | AS26: 1.1032 | AT26: Existing Centrifugal and Turbine Pump VFD Deemed Savings Tool
A27: AMDMC40240 | B27: All Heating Zones | C27: All Cooling Zones | D27: Agricultural | E27: Motors/Drives | F27: Motors/Drives Controls | G27: Motors/Drives Control Improvements (VFD) | H27: On Irrigation Turbine Pump | I27: 7.5 to 1000 horsepower | L27: 0 | M27: 135 | N27: 0 | O27: Motors/Drives Control Improvements (VFD) On Irrigation Turbine Pump 7.5 to 1000 horsepower | Q27: New | R27: Non building measure (Motors) | T27: 127 | U27: 10 | V27: 45931 | X27: Per Horsepower | AB27: On Irrigation Turbine Pump | AD27: BPA Qualified | AG27: 0 | AH27: 0 | AI27: 1 | AJ27: Yes | AK27: 60.09 | AL27: 0.232 | AN27: 9 | AO27: Calculated | AP27: No | AQ27: Per Unit | AR27: Yes | AS27: 1.1032 | AT27: New Construction Turbine or Centrifugal Pump VFD
A28: AMDMC40241 | B28: All Heating Zones | C28: All Cooling Zones | D28: Agricultural | E28: Motors/Drives | F28: Motors/Drives Controls | G28: Motors/Drives Control Improvements (VFD) | H28: On Irrigation Centrifugal Pump | I28: 7.5 to 1000 horsepower | L28: 0 | M28: 95 | N28: 0 | O28: Motors/Drives Control Improvements (VFD) On Irrigation Centrifugal Pump 7.5 to 1000 horsepower | Q28: New | R28: Non building measure (Motors) | T28: 127 | U28: 10 | V28: 45931 | X28: Per Horsepower | AB28: On Irrigation Centrifugal Pump | AD28: BPA Qualified | AG28: 0 | AH28: 0 | AI28: 0.64 | AJ28: No | AK28: 93.07 | AL28: 0.136 | AN28: 9 | AO28: Calculated | AP28: No | AQ28: Per Unit | AR28: Yes | AS28: 1.1032 | AT28: New Construction Turbine or Centrifugal Pump VFD
A29: APLLT40185 | B29: Heating Zone 1 | C29: All Cooling Zones | D29: Agricultural | E29: Process Loads | F29: Livestock Tanks | G29: Freeze Resistant Stock Tanks | H29: New Enclosed and Fully Insulated Watering Tank/Fountain | I29: No Electric Heat | L29: 61.398983 | M29: 140 | N29: 54.875 | O29: Freeze Resistant Stock Tanks New Enclosed and Fully Insulated Watering Tank/Fountain No Electric Heat | Q29: New | R29: Non building measure | T29: 0 | U29: 20 | V29: 45931 | X29: Per Tank | AD29: RTF Approved | AE29: 45350 | AF29: AgStockWateringTank-v5-3 | AG29: 0.0066627361 | AH29: 0.0069697128 | AI29: 9999 | AJ29: Yes | AK29: -195.04411 | AL29: 0.028550527 | AN29: 22 | AO29: Standard | AP29: No | AQ29: Per Unit | AR29: No
A30: APLLT40186 | B30: Heating Zone 2 | C30: All Cooling Zones | D30: Agricultural | E30: Process Loads | F30: Livestock Tanks | G30: Freeze Resistant Stock Tanks | H30: New Enclosed and Fully Insulated Watering Tank/Fountain | I30: No Electric Heat | L30: 276.32833 | M30: 165 | N30: 247.25 | O30: Freeze Resistant Stock Tanks New Enclosed and Fully Insulated Watering Tank/Fountain No Electric Heat | Q30: New | R30: Non building measure | T30: 0 | U30: 20 | V30: 45931 | X30: Per Tank | AD30: RTF Approved | AE30: 45350 | AF30: AgStockWateringTank-v5-3 | AG30: 0.031045582 | AH30: 0.032456257 | AI30: 9999 | AJ30: Yes | AK30: -60.108132 | AL30: 0.034330186 | AN30: 22 | AO30: Standard | AP30: No | AQ30: Per Unit | AR30: No
A31: APLLT40187 | B31: Heating Zone 3 | C31: All Cooling Zones | D31: Agricultural | E31: Process Loads | F31: Livestock Tanks | G31: Freeze Resistant Stock Tanks | H31: New Enclosed and Fully Insulated Watering Tank/Fountain | I31: No Electric Heat | L31: 423.85246 | M31: 225 | N31: 379.25 | O31: Freeze Resistant Stock Tanks New Enclosed and Fully Insulated Watering Tank/Fountain No Electric Heat | Q31: New | R31: Non building measure | T31: 0 | U31: 20 | V31: 45931 | X31: Per Tank | AD31: RTF Approved | AE31: 45350 | AF31: AgStockWateringTank-v5-3 | AG31: 0.047619968 | AH31: 0.049783763 | AI31: 9999 | AJ31: Yes | AK31: -46.6892 | AL31: 0.042642502 | AN31: 22 | AO31: Standard | AP31: No | AQ31: Per Unit | AR31: No
A32: APLPL40198 | B32: All Heating Zones | C32: All Cooling Zones | D32: Agricultural | E32: Process Loads | F32: Process Loads System Improvements | G32: Interactive Process Loads System Improvements | H32: Generator Block Heater | I32: Stationary | J32: Less than 3 kW | L32: 1409.9752 | M32: 400 | N32: 1271.9377 | O32: Interactive Process Loads System Improvements Generator Block Heater Stationary Less than 3 kW | Q32: Existing | R32: Any Agriculture | T32: 795.82383 | U32: 15 | V32: 45931 | X32: Per Unit | AB32: Pumped generator block heater | AC32: Existing thermo siphon electric resistance block heater | AD32: BPA Qualified | AG32: 0.17746829 | AH32: 0.19563066 | AI32: 0.89782396 | AJ32: No | AK32: 34.394375 | AL32: 1.3112769 | AN32: 20 | AO32: Standard | AP32: No | AQ32: Per Unit | AR32: No
A33: APLPL40199 | B33: All Heating Zones | C33: All Cooling Zones | D33: Agricultural | E33: Process Loads | F33: Process Loads System Improvements | G33: Interactive Process Loads System Improvements | H33: Generator Block Heater | I33: Stationary | J33: Greater than or equal to 3 kW | L33: 4052.4193 | M33: 2000 | N33: 3655.6847 | O33: Interactive Process Loads System Improvements Generator Block Heater Stationary Greater than or equal to 3 kW | Q33: Existing | R33: Any Agriculture | T33: 1400.4899 | U33: 15 | V33: 45931 | X33: Per Unit | AB33: Pumped generator block heater | AC33: Existing thermo siphon electric resistance block heater | AD33: BPA Qualified | AG33: 0.51006282 | AH33: 0.56226342 | AI33: 1.4663278 | AJ33: Yes | AK33: 12.425132 | AL33: 3.7687499 | AN33: 20 | AO33: Standard | AP33: No | AQ33: Per Unit | AR33: No
A34: AUDTR40195 | B34: All Heating Zones | C34: All Cooling Zones | D34: Agricultural | E34: Utility Distribution System | F34: Transformers | G34: De-Energization | L34: 1 | M34: 0.03 | N34: 0.92 | O34: De-Energization | Q34: Existing | R34: Non building measure | U34: 1 | V34: 45200 | X34: Per kWh | AJ34: Yes | AL34: 0 | AN34: 5 | AO34: Standard | AP34: No | AQ34: Not Per Unit | AR34: Yes | AT34: Transformer De-Energization Worksheet
A35: AWBWB40242 | B35: All Heating Zones | C35: All Cooling Zones | D35: Agricultural | E35: Whole Bldg/Meter Level | F35: Whole Bldg/Meter Level System Improvements | G35: Energy Audit | L35: 0 | M35: 15000 | N35: 0 | O35: Energy Audit | T35: 0 | U35: 1 | V35: 45200 | X35: Per Unit | AD35: BPA Qualified | AG35: 0 | AH35: 0 | AI35: 9999 | AJ35: Yes | AK35: 0 | AL35: 0 | AN35: 5 | AO35: Standard | AP35: No | AQ35: Not Per Unit | AR35: Yes | AT35: Completed Agricultural Energy Audit Screening Form
A36: AWBWB40243 | B36: All Heating Zones | C36: All Cooling Zones | D36: Agricultural | E36: Whole Bldg/Meter Level | F36: Whole Bldg/Meter Level System Improvements | G36: Energy Audit Screening | L36: 0 | M36: 150 | N36: 0 | O36: Energy Audit Screening | T36: 0 | U36: 1 | V36: 45200 | X36: Per Unit | AD36: BPA Qualified | AG36: 0 | AH36: 0 | AI36: 9999 | AJ36: Yes | AK36: 0 | AL36: 0 | AN36: 5 | AO36: Standard | AP36: No | AQ36: Not Per Unit | AR36: Yes | AT36: Completed Agricultural On-Site Energy Audit Report
A37: CFPMC20465 | B37: All Heating Zones | C37: All Cooling Zones | D37: Commercial | E37: Food Preparation | F37: Motors/Drives Controls | G37: Interactive Process Loads System Improvements | H37: Demand Control Kitchen Ventilation | I37: Single Sensor | L37: 1094.8878 | M37: 400 | N37: 986 | O37: Interactive Process Loads System Improvements Demand Control Kitchen Ventilation Single Sensor | Q37: New or Existing | T37: 1219.57 | U37: 5 | V37: 45931 | X37: Per Horsepower of Fan | AD37: BPA Qualified | AG37: 0.11418367 | AH37: 0.11892473 | AI37: 0.17854661 | AJ37: No | AK37: 250.17757 | AL37: 2.0364912 | AN37: 20 | AO37: Standard | AP37: No | AQ37: Not Per Unit | AR37: No
A38: CFPMC20466 | B38: All Heating Zones | C38: All Cooling Zones | D38: Commercial | E38: Food Preparation | F38: Motors/Drives Controls | G38: Interactive Process Loads System Improvements | H38: Demand Control Kitchen Ventilation | I38: Multiple Sensor | L38: 2552.8874 | M38: 800 | N38: 2299 | O38: Interactive Process Loads System Improvements Demand Control Kitchen Ventilation Multiple Sensor | Q38: New or Existing | T38: 1219.57 | U38: 5 | V38: 45931 | X38: Per Horsepower of Fan | AD38: BPA Qualified | AG38: 0.26623555 | AH38: 0.27729 | AI38: 0.41630696 | AJ38: No | AK38: 96.527521 | AL38: 4.7483705 | AN38: 20 | AO38: Standard | AP38: No | AQ38: Not Per Unit | AR38: No
A39: CHVEN20031 | B39: Heating Zone 1 | C39: All Cooling Zones | D39: Commercial | E39: HVAC | F39: Envelope | G39: Windows | H39: Electric Zonal or Forced Air Furnace | L39: 26.167481 | M39: 9 | N39: 23.504646 | O39: Windows Electric Zonal or Forced Air Furnace | Q39: Existing | R39: Any Commercial | T39: 22.71 | U39: 20 | V39: 45200 | X39: Per Square foot | AD39: BPA Qualified | AG39: 0.0024158101 | AH39: 0.0025223722 | AI39: 0.71988133 | AJ39: No | AK39: 45.597673 | AL39: 0.0097853137 | AN39: 20 | AO39: Standard | AP39: No | AQ39: Not Per Unit | AR39: No
A40: CHVEN20032 | B40: Heating Zone 2 | C40: All Cooling Zones | D40: Commercial | E40: HVAC | F40: Envelope | G40: Windows | H40: Electric Zonal or Forced Air Furnace | L40: 42.84969 | M40: 18 | N40: 38.28104 | O40: Windows Electric Zonal or Forced Air Furnace | Q40: Existing | R40: Any Commercial | T40: 22.71 | U40: 20 | V40: 45931 | X40: Per Square foot | AD40: BPA Qualified | AG40: 0.0049191343 | AH40: 0.0051361186 | AI40: 1.032027 | AJ40: Yes | AK40: 25.663637 | AL40: 0.019925106 | AN40: 20 | AO40: Standard | AP40: No | AQ40: Not Per Unit | AR40: No
A41: CHVEN20033 | B41: Heating Zone 3 | C41: All Cooling Zones | D41: Commercial | E41: HVAC | F41: Envelope | G41: Windows | H41: Electric Zonal or Forced Air Furnace | L41: 42.84969 | M41: 18 | N41: 38.28104 | O41: Windows Electric Zonal or Forced Air Furnace | Q41: Existing | R41: Any Commercial | T41: 22.71 | U41: 20 | V41: 45931 | X41: Per Square foot | AD41: BPA Qualified | AG41: 0.0049191343 | AH41: 0.0051361186 | AI41: 1.032027 | AJ41: Yes | AK41: 25.663637 | AL41: 0.019925106 | AN41: 20 | AO41: Standard | AP41: No | AQ41: Not Per Unit | AR41: No
A42: CHVEN20034 | B42: Heating Zone 1 | C42: All Cooling Zones | D42: Commercial | E42: HVAC | F42: Envelope | G42: Windows | H42: Air-source Heat Pump | L42: 24.648429 | M42: 9 | N42: 22.140174 | O42: Windows Air-source Heat Pump | Q42: Existing | R42: Any Commercial | T42: 22.71 | U42: 20 | V42: 45200 | X42: Per Square foot | AD42: BPA Qualified | AG42: 0.0018616516 | AH42: 0.0019437695 | AI42: 0.55474897 | AJ42: No | AK42: 65.21351 | AL42: 0.0075406772 | AN42: 20 | AO42: Standard | AP42: No | AQ42: Not Per Unit | AR42: No
A43: CHVEN20035 | B43: Heating Zone 2 | C43: All Cooling Zones | D43: Commercial | E43: HVAC | F43: Envelope | G43: Windows | H43: Air-source Heat Pump | L43: 35.631406 | M43: 18 | N43: 31.832373 | O43: Windows Air-source Heat Pump | Q43: Existing | R43: Any Commercial | T43: 22.71 | U43: 20 | V43: 45931 | X43: Per Square foot | AD43: BPA Qualified | AG43: 0.0040904771 | AH43: 0.0042709091 | AI43: 0.85817595 | AJ43: No | AK43: 34.992395 | AL43: 0.016568604 | AN43: 20 | AO43: Standard | AP43: No | AQ43: Not Per Unit | AR43: No
A44: CHVEN20036 | B44: Heating Zone 3 | C44: All Cooling Zones | D44: Commercial | E44: HVAC | F44: Envelope | G44: Windows | H44: Air-source Heat Pump | L44: 35.631406 | M44: 18 | N44: 31.832373 | O44: Windows Air-source Heat Pump | Q44: Existing | R44: Any Commercial | T44: 22.71 | U44: 20 | V44: 45931 | X44: Per Square foot | AD44: BPA Qualified | AG44: 0.0040904771 | AH44: 0.0042709091 | AI44: 0.85817595 | AJ44: No | AK44: 34.992395 | AL44: 0.016568604 | AN44: 20 | AO44: Standard | AP44: No | AQ44: Not Per Unit | AR44: No
A45: CHVEN20959 | B45: Heating Zone 1 | C45: All Cooling Zones | D45: Commercial | E45: HVAC | F45: Envelope | G45: Insulation | H45: Restaurant | I45: Wall | J45: <= R-5 to R-11 | K45: Heat Pump | L45: 0.82355436 | M45: 0.8 | N45: 0.73678784 | O45: Insulation Restaurant Wall <= R-5 to R-11 Heat Pump | Q45: Existing | R45: Restaurant | T45: 2.11 | U45: 30 | V45: 45200 | X45: Per Square foot | AD45: BPA Qualified | AG45: 0.0001299358 | AH45: 0.00013586727 | AI45: 0.31164952 | AJ45: No | AK45: 153.72423 | AL45: 0.00025565749 | AN45: 20 | AO45: Standard | AP45: No | AQ45: Not Per Unit | AR45: No
A46: CHVEN20960 | B46: Heating Zone 2 | C46: All Cooling Zones | D46: Commercial | E46: HVAC | F46: Envelope | G46: Insulation | H46: Restaurant | I46: Wall | J46: <= R-5 to R-11 | K46: Heat Pump | L46: 1.0656535 | M46: 1.1 | N46: 0.95338031 | O46: Insulation Restaurant Wall <= R-5 to R-11 Heat Pump | Q46: Existing | R46: Restaurant | T46: 2.11 | U46: 30 | V46: 45931 | X46: Per Square foot | AD46: BPA Qualified | AG46: 0.00016789895 | AH46: 0.00017556342 | AI46: 0.40380885 | AJ46: No | AK46: 112.55675 | AL46: 0.00033035257 | AN46: 20 | AO46: Standard | AP46: No | AQ46: Not Per Unit | AR46: No
A47: CHVEN20961 | B47: Heating Zone 3 | C47: All Cooling Zones | D47: Commercial | E47: HVAC | F47: Envelope | G47: Insulation | H47: Restaurant | I47: Wall | J47: <= R-5 to R-11 | K47: Heat Pump | L47: 1.0656535 | M47: 1.1 | N47: 0.95338031 | O47: Insulation Restaurant Wall <= R-5 to R-11 Heat Pump | Q47: Existing | R47: Restaurant | T47: 2.11 | U47: 30 | V47: 45931 | X47: Per Square foot | AD47: BPA Qualified | AG47: 0.00016789895 | AH47: 0.00017556342 | AI47: 0.40380885 | AJ47: No | AK47: 112.55675 | AL47: 0.00033035257 | AN47: 20 | AO47: Standard | AP47: No | AQ47: Not Per Unit | AR47: No
A48: CHVEN20962 | B48: Heating Zone 1 | C48: All Cooling Zones | D48: Commercial | E48: HVAC | F48: Envelope | G48: Insulation | H48: Restaurant | I48: Wall | J48: <= R-5 to R-19 | K48: Heat Pump | L48: 0.88980398 | M48: 1.1 | N48: 0.79605766 | O48: Insulation Restaurant Wall <= R-5 to R-19 Heat Pump | Q48: Existing | R48: Restaurant | T48: 2.8 | U48: 30 | V48: 45200 | X48: Per Square foot | AD48: BPA Qualified | AG48: 0.00014015723 | AH48: 0.00014655531 | AI48: 0.25332472 | AJ48: No | AK48: 195.48572 | AL48: 0.00027576885 | AN48: 20 | AO48: Standard | AP48: No | AQ48: Not Per Unit | AR48: No
A49: CHVEN20963 | B49: Heating Zone 2 | C49: All Cooling Zones | D49: Commercial | E49: HVAC | F49: Envelope | G49: Insulation | H49: Restaurant | I49: Wall | J49: <= R-5 to R-19 | K49: Heat Pump | L49: 1.4399541 | M49: 1.4 | N49: 1.2882461 | O49: Insulation Restaurant Wall <= R-5 to R-19 Heat Pump | Q49: Existing | R49: Restaurant | T49: 2.8 | U49: 30 | V49: 45931 | X49: Per Square foot | AD49: BPA Qualified | AG49: 0.00022687186 | AH49: 0.0002372284 | AI49: 0.41118088 | AJ49: No | AK49: 110.04003 | AL49: 0.00044638577 | AN49: 20 | AO49: Standard | AP49: No | AQ49: Not Per Unit | AR49: No
A50: CHVEN20964 | B50: Heating Zone 3 | C50: All Cooling Zones | D50: Commercial | E50: HVAC | F50: Envelope | G50: Insulation | H50: Restaurant | I50: Wall | J50: <= R-5 to R-19 | K50: Heat Pump | L50: 1.4399541 | M50: 1.4 | N50: 1.2882461 | O50: Insulation Restaurant Wall <= R-5 to R-19 Heat Pump | Q50: Existing | R50: Restaurant | T50: 2.8 | U50: 30 | V50: 45931 | X50: Per Square foot | AD50: BPA Qualified | AG50: 0.00022687186 | AH50: 0.0002372284 | AI50: 0.41118088 | AJ50: No | AK50: 110.04003 | AL50: 0.00044638577 | AN50: 20 | AO50: Standard | AP50: No | AQ50: Not Per Unit | AR50: No
A51: CHVEN20971 | B51: Heating Zone 1 | C51: All Cooling Zones | D51: Commercial | E51: HVAC | F51: Envelope | G51: Insulation | H51: Restaurant | I51: Wall | J51: <= R-5 to R-11 | K51: Resistance | L51: 0.79320812 | M51: 0.8 | N51: 0.70963877 | O51: Insulation Restaurant Wall <= R-5 to R-11 Resistance | Q51: Existing | R51: Restaurant | T51: 2.11 | U51: 30 | V51: 45200 | X51: Per Square foot | AD51: BPA Qualified | AG51: 0.00012530139 | AH51: 0.0001310213 | AI51: 0.30053394 | AJ51: No | AK51: 160.43294 | AL51: 0.00024653897 | AN51: 20 | AO51: Standard | AP51: No | AQ51: Not Per Unit | AR51: No
A52: CHVEN20972 | B52: Heating Zone 2 | C52: All Cooling Zones | D52: Commercial | E52: HVAC | F52: Envelope | G52: Insulation | H52: Restaurant | I52: Wall | J52: <= R-5 to R-11 | K52: Resistance | L52: 1.4601357 | M52: 1.1 | N52: 1.3063015 | O52: Insulation Restaurant Wall <= R-5 to R-11 Resistance | Q52: Existing | R52: Restaurant | T52: 2.8 | U52: 30 | V52: 45931 | X52: Per Square foot | AD52: BPA Qualified | AG52: 0.00023005158 | AH52: 0.00024055327 | AI52: 0.41694377 | AJ52: No | AK52: 108.13462 | AL52: 0.00045264208 | AN52: 20 | AO52: Standard | AP52: No | AQ52: Not Per Unit | AR52: No
A53: CHVEN20973 | B53: Heating Zone 3 | C53: All Cooling Zones | D53: Commercial | E53: HVAC | F53: Envelope | G53: Insulation | H53: Restaurant | I53: Wall | J53: <= R-5 to R-11 | K53: Resistance | L53: 1.4601357 | M53: 1.1 | N53: 1.3063015 | O53: Insulation Restaurant Wall <= R-5 to R-11 Resistance | Q53: Existing | R53: Restaurant | T53: 2.8 | U53: 30 | V53: 45931 | X53: Per Square foot | AD53: BPA Qualified | AG53: 0.00023005158 | AH53: 0.00024055327 | AI53: 0.41694377 | AJ53: No | AK53: 108.13462 | AL53: 0.00045264208 | AN53: 20 | AO53: Standard | AP53: No | AQ53: Not Per Unit | AR53: No
A54: CHVEN20974 | B54: Heating Zone 1 | C54: All Cooling Zones | D54: Commercial | E54: HVAC | F54: Envelope | G54: Insulation | H54: Restaurant | I54: Wall | J54: <= R-5 to R-19 | K54: Resistance | L54: 1.0390717 | M54: 1.1 | N54: 0.92959907 | O54: Insulation Restaurant Wall <= R-5 to R-19 Resistance | Q54: Existing | R54: Restaurant | T54: 2.8 | U54: 30 | V54: 45200 | X54: Per Square foot | AD54: BPA Qualified | AG54: 0.00016378146 | AH54: 0.00017125797 | AI54: 0.29602393 | AJ54: No | AK54: 163.29859 | AL54: 0.00032225114 | AN54: 20 | AO54: Standard | AP54: No | AQ54: Not Per Unit | AR54: No
A55: CHVEN20975 | B55: Heating Zone 2 | C55: All Cooling Zones | D55: Commercial | E55: HVAC | F55: Envelope | G55: Insulation | H55: Restaurant | I55: Wall | J55: <= R-5 to R-19 | K55: Resistance | L55: 2.5526555 | M55: 1.4 | N55: 2.2837175 | O55: Insulation Restaurant Wall <= R-5 to R-19 Resistance | Q55: Existing | R55: Restaurant | T55: 1.95 | U55: 30 | V55: 45931 | X55: Per Square foot | AD55: BPA Qualified | AG55: 0.00040218344 | AH55: 0.00042054283 | AI55: 1.0466462 | AJ55: Yes | AK55: 26.341846 | AL55: 0.00079132319 | AN55: 20 | AO55: Standard | AP55: No | AQ55: Not Per Unit | AR55: No
A56: CHVEN20976 | B56: Heating Zone 3 | C56: All Cooling Zones | D56: Commercial | E56: HVAC | F56: Envelope | G56: Insulation | H56: Restaurant | I56: Wall | J56: <= R-5 to R-19 | K56: Resistance | L56: 2.5526555 | M56: 1.4 | N56: 2.2837175 | O56: Insulation Restaurant Wall <= R-5 to R-19 Resistance | Q56: Existing | R56: Restaurant | T56: 1.95 | U56: 30 | V56: 45931 | X56: Per Square foot | AD56: BPA Qualified | AG56: 0.00040218344 | AH56: 0.00042054283 | AI56: 1.0466462 | AJ56: Yes | AK56: 26.341846 | AL56: 0.00079132319 | AN56: 20 | AO56: Standard | AP56: No | AQ56: Not Per Unit | AR56: No
... A156: CHVEN21202 | B156: Heating Zone 1 | C156: All Cooling Zones | D156: Commercial | E156: HVAC | F156: Envelope | G156: Insulation | H156: School K-12 | I156: Wall | J156: <= R-5 to R-19 | K156: Resistance | L156: 5.13 | M156: 1.1 | N156: 4.58 | O156: Insulation School K-12 Wall <= R-5 to R-19 Resistance | Q156: Existing | R156: School K-12 | T156: 1.85 | U156: 30 | V156: 45200 | X156: Per Square foot | AD156: BPA Qualified | AG156: 0.001977 | AH156: 0 | AI156: 2.15 | AJ156: Yes | AK156: 1.73 | AL156: 0.0016666667 | AN156: 20 | AO156: Standard | AP156: No | AQ156: Not Per Unit | AR156: No
A157: CHVEN21206 | B157: Heating Zone 2 | C157: All Cooling Zones | D157: Commercial | E157: HVAC | F157: Envelope | G157: Insulation | H157: School K-12 | I157: Wall | J157: <= R-5 to R-11 | K157: Heat Pump | L157: 5.1224584 | M157: 1.1 | N157: 4.5763 | O157: Insulation School K-12 Wall <= R-5 to R-11 Heat Pump | Q157: Existing | R157: School K-12 | T157: 2.11 | U157: 30 | V157: 45931 | X157: Per Square foot | AD157: RTF Approved | AF157: ComWeatherizationSchool_v4_1 | AG157: 0.00058805702 | AH157: 0.00061399637 | AI157: 1.6274035 | AJ157: Yes | AK157: 8.8167627 | AL157: 0.0015879621 | AN157: 20 | AO157: Standard | AP157: No | AQ157: Not Per Unit | AR157: No
A158: CHVEN21207 | B158: Heating Zone 2 | C158: All Cooling Zones | D158: Commercial | E158: HVAC | F158: Envelope | G158: Insulation | H158: School K-12 | I158: Wall | J158: <= R-5 to R-19 | K158: Heat Pump | L158: 5.7713426 | M158: 1.4 | N158: 5.156 | O158: Insulation School K-12 Wall <= R-5 to R-19 Heat Pump | Q158: Existing | R158: School K-12 | T158: 2.11 | U158: 30 | V158: 45931 | X158: Per Square foot | AD158: RTF Approved | AF158: ComWeatherizationSchool_v4_1 | AG158: 0.00066254878 | AH158: 0.00069177398 | AI158: 1.8335538 | AJ158: Yes | AK158: 5.5334737 | AL158: 0.0017891162 | AN158: 20 | AO158: Standard | AP158: No | AQ158: Not Per Unit | AR158: No
A159: CHVEN21211 | B159: Heating Zone 2 | C159: All Cooling Zones | D159: Commercial | E159: HVAC | F159: Envelope | G159: Insulation | H159: School K-12 | I159: Wall | J159: <= R-5 to R-11 | K159: Resistance | L159: 6.4653365 | M159: 1.1 | N159: 5.776 | O159: Insulation School K-12 Wall <= R-5 to R-11 Resistance | Q159: Existing | R159: School K-12 | T159: 2.11 | U159: 30 | V159: 45931 | X159: Per Square foot | AD159: RTF Approved | AF159: ComWeatherizationSchool_v4_1 | AG159: 0.00074221912 | AH159: 0.00077495859 | AI159: 2.0540354 | AJ159: Yes | AK159: 2.7512964 | AL159: 0.0020042543 | AN159: 20 | AO159: Standard | AP159: No | AQ159: Not Per Unit | AR159: No
A160: CHVEN21212 | B160: Heating Zone 2 | C160: All Cooling Zones | D160: Commercial | E160: HVAC | F160: Envelope | G160: Insulation | H160: School K-12 | I160: Wall | J160: <= R-5 to R-19 | K160: Resistance | L160: 7.2851448 | M160: 1.4 | N160: 6.5084 | O160: Insulation School K-12 Wall <= R-5 to R-19 Resistance | Q160: Existing | R160: School K-12 | T160: 2.11 | U160: 30 | V160: 45931 | X160: Per Square foot | AD160: RTF Approved | AF160: ComWeatherizationSchool_v4_1 | AG160: 0.00083633291 | AH160: 0.00087322377 | AI160: 2.3144883 | AJ160: Yes | AK160: 0.14766126 | AL160: 0.0022583949 | AN160: 20 | AO160: Standard | AP160: No | AQ160: Not Per Unit | AR160: No
A161: CHVEN21216 | B161: Heating Zone 3 | C161: All Cooling Zones | D161: Commercial | E161: HVAC | F161: Envelope | G161: Insulation | H161: School K-12 | I161: Wall | J161: <= R-5 to R-11 | K161: Heat Pump | L161: 5.1224584 | M161: 1.1 | N161: 4.5763 | O161: Insulation School K-12 Wall <= R-5 to R-11 Heat Pump | Q161: Existing | R161: School K-12 | T161: 2.11 | U161: 30 | V161: 45931 | X161: Per Square foot | AD161: RTF Approved | AF161: ComWeatherizationSchool_v4_1 | AG161: 0.00058805702 | AH161: 0.00061399637 | AI161: 1.6274035 | AJ161: Yes | AK161: 8.8167627 | AL161: 0.0015879621 | AN161: 20 | AO161: Standard | AP161: No | AQ161: Not Per Unit | AR161: No
A162: CHVEN21217 | B162: Heating Zone 3 | C162: All Cooling Zones | D162: Commercial | E162: HVAC | F162: Envelope | G162: Insulation | H162: School K-12 | I162: Wall | J162: <= R-5 to R-19 | K162: Heat Pump | L162: 5.7713426 | M162: 1.4 | N162: 5.156 | O162: Insulation School K-12 Wall <= R-5 to R-19 Heat Pump | Q162: Existing | R162: School K-12 | T162: 2.11 | U162: 30 | V162: 45931 | X162: Per Square foot | AD162: RTF Approved | AF162: ComWeatherizationSchool_v4_1 | AG162: 0.00066254878 | AH162: 0.00069177398 | AI162: 1.8335538 | AJ162: Yes | AK162: 5.5334737 | AL162: 0.0017891162 | AN162: 20 | AO162: Standard | AP162: No | AQ162: Not Per Unit | AR162: No
A163: CHVEN21221 | B163: Heating Zone 3 | C163: All Cooling Zones | D163: Commercial | E163: HVAC | F163: Envelope | G163: Insulation | H163: School K-12 | I163: Wall | J163: <= R-5 to R-11 | K163: Resistance | L163: 6.4653365 | M163: 1.1 | N163: 5.776 | O163: Insulation School K-12 Wall <= R-5 to R-11 Resistance | Q163: Existing | R163: School K-12 | T163: 2.11 | U163: 30 | V163: 45931 | X163: Per Square foot | AD163: RTF Approved | AF163: ComWeatherizationSchool_v4_1 | AG163: 0.00074221912 | AH163: 0.00077495859 | AI163: 2.0540354 | AJ163: Yes | AK163: 2.7512964 | AL163: 0.0020042543 | AN163: 20 | AO163: Standard | AP163: No | AQ163: Not Per Unit | AR163: No
A164: CHVEN21222 | B164: Heating Zone 3 | C164: All Cooling Zones | D164: Commercial | E164: HVAC | F164: Envelope | G164: Insulation | H164: School K-12 | I164: Wall | J164: <= R-5 to R-19 | K164: Resistance | L164: 7.2851448 | M164: 1.4 | N164: 6.5084 | O164: Insulation School K-12 Wall <= R-5 to R-19 Resistance | Q164: Existing | R164: School K-12 | T164: 2.11 | U164: 30 | V164: 45931 | X164: Per Square foot | AD164: RTF Approved | AF164: ComWeatherizationSchool_v4_1 | AG164: 0.00083633291 | AH164: 0.00087322377 | AI164: 2.3144883 | AJ164: Yes | AK164: 0.14766126 | AL164: 0.0022583949 | AN164: 20 | AO164: Standard | AP164: No | AQ164: Not Per Unit | AR164: No
A165: CHVEN21298 | B165: Heating Zone 1 | C165: All Cooling Zones | D165: Commercial | E165: HVAC | F165: Envelope | G165: Secondary Windows | H165: Electric Zonal or Forced Air Furnace | L165: 8.3830875 | M165: 3 | N165: 7.4658958 | O165: Secondary Windows Electric Zonal or Forced Air Furnace | T165: 34.98 | U165: 30 | V165: 45200 | X165: Per Square Foot | AD165: RTF Approved | AE165: 45124 | AF165: ComSecondaryGlazingSystems_v3_1 | AG165: 0.0010223747 | AH165: 0.0010712126 | AI165: 0.17182122 | AJ165: No | AK165: 274.16046 | AL165: 0.0025987571 | AN165: 8 | AO165: Standard | AP165: No | AQ165: Per Unit | AR165: No
A166: CHVEN21299 | B166: Heating Zone 1 | C166: All Cooling Zones | D166: Commercial | E166: HVAC | F166: Envelope | G166: Secondary Windows | H166: Air-source Heat Pump | L166: 9.9832292 | M166: 3 | N166: 8.8909663 | O166: Secondary Windows Air-source Heat Pump | T166: 34.98 | U166: 30 | V166: 45200 | X166: Per Square Foot | AD166: RTF Approved | AE166: 45124 | AF166: ComSecondaryGlazingSystems_v3_1 | AG166: 0.00061988184 | AH166: 0.00064949299 | AI166: 0.1041779 | AJ166: No | AK166: 466.23944 | AL166: 0.0015756672 | AN166: 8 | AO166: Standard | AP166: No | AQ166: Per Unit | AR166: No
A167: CHVEN21300 | B167: Heating Zone 2 | C167: All Cooling Zones | D167: Commercial | E167: HVAC | F167: Envelope | G167: Secondary Windows | H167: Electric Zonal or Forced Air Furnace | L167: 11.613488 | M167: 3 | N167: 10.342859 | O167: Secondary Windows Electric Zonal or Forced Air Furnace | T167: 34.98 | U167: 30 | V167: 45200 | X167: Per Square Foot | AD167: RTF Approved | AE167: 45124 | AF167: ComSecondaryGlazingSystems_v3_1 | AG167: 0.0012175229 | AH167: 0.0012756828 | AI167: 0.204618 | AJ167: No | AK167: 226.74523 | AL167: 0.003094801 | AN167: 8 | AO167: Standard | AP167: No | AQ167: Per Unit | AR167: No
A168: CHVEN21301 | B168: Heating Zone 2 | C168: All Cooling Zones | D168: Commercial | E168: HVAC | F168: Envelope | G168: Secondary Windows | H168: Air-source Heat Pump | L168: 5.0827974 | M168: 3 | N168: 4.5266897 | O168: Secondary Windows Air-source Heat Pump | T168: 34.98 | U168: 30 | V168: 45200 | X168: Per Square Foot | AD168: RTF Approved | AE168: 45124 | AF168: ComSecondaryGlazingSystems_v3_1 | AG168: 0.00079075675 | AH168: 0.00082853043 | AI168: 0.13289529 | AJ168: No | AK168: 360.80874 | AL168: 0.0020100112 | AN168: 8 | AO168: Standard | AP168: No | AQ168: Per Unit | AR168: No
A169: CHVEN21302 | B169: Heating Zone 3 | C169: All Cooling Zones | D169: Commercial | E169: HVAC | F169: Envelope | G169: Secondary Windows | H169: Electric Zonal or Forced Air Furnace | L169: 6.4839073 | M169: 3 | N169: 5.7745044 | O169: Secondary Windows Electric Zonal or Forced Air Furnace | T169: 34.98 | U169: 30 | V169: 45200 | X169: Per Square Foot | AD169: RTF Approved | AE169: 45124 | AF169: ComSecondaryGlazingSystems_v3_1 | AG169: 0.0014163441 | AH169: 0.0014840015 | AI169: 0.23803206 | AJ169: No | AK169: 191.8748 | AL169: 0.0036001812 | AN169: 8 | AO169: Standard | AP169: No | AQ169: Per Unit | AR169: No
A170: CHVEN21303 | B170: Heating Zone 3 | C170: All Cooling Zones | D170: Commercial | E170: HVAC | F170: Envelope | G170: Secondary Windows | H170: Air-source Heat Pump | L170: 6.8215566 | M170: 3 | N170: 6.0752116 | O170: Secondary Windows Air-source Heat Pump | T170: 34.98 | U170: 30 | V170: 45200 | X170: Per Square Foot | AD170: RTF Approved | AE170: 45124 | AF170: ComSecondaryGlazingSystems_v3_1 | AG170: 0.0008319354 | AH170: 0.00087167614 | AI170: 0.13981581 | AJ170: No | AK170: 341.87745 | AL170: 0.0021146826 | AN170: 8 | AO170: Standard | AP170: No | AQ170: Per Unit | AR170: No
A171: CHVEN21342 | B171: Heating Zone 1 | C171: All Cooling Zones | D171: Commercial | E171: HVAC | F171: Envelope | G171: Insulation | H171: Hospital | I171: Attic or Roof | J171: <= R-5 and Above | K171: Heat Pump | L171: 6.0217298 | M171: 1.8 | N171: 5.4325879 | O171: Insulation Hospital Attic or Roof <= R-5 and Above Heat Pump | Q171: Existing | R171: Hospital | T171: 2.57 | U171: 30 | V171: 45931 | X171: Per Square foot | AD171: BPA Qualified | AG171: 0.00076489035 | AH171: 0.00079578462 | AI171: 1.6786592 | AJ171: Yes | AK171: 7.848544 | AL171: 0.0018667362 | AN171: 20 | AO171: Standard | AP171: No | AQ171: Not Per Unit | AR171: No
A172: CHVEN21343 | B172: Heating Zone 1 | C172: All Cooling Zones | D172: Commercial | E172: HVAC | F172: Envelope | G172: Insulation | H172: Hospital | I172: Attic or Roof | J172: <= R-5 and Above | K172: Resistance | L172: 8.0701168 | M172: 1.8 | N172: 7.280569 | O172: Insulation Hospital Attic or Roof <= R-5 and Above Resistance | Q172: Existing | R172: Hospital | T172: 2.2333333 | U172: 30 | V172: 45931 | X172: Per Square foot | AD172: BPA Qualified | AG172: 0.00102508 | AH172: 0.0010664834 | AI172: 2.5888129 | AJ172: Yes | AK172: -2.7889824 | AL172: 0.0025017362 | AN172: 20 | AO172: Standard | AP172: No | AQ172: Not Per Unit | AR172: No
A173: CHVEN21344 | B173: Heating Zone 2 | C173: All Cooling Zones | D173: Commercial | E173: HVAC | F173: Envelope | G173: Insulation | H173: Hospital | I173: Attic or Roof | J173: <= R-5 and Above | K173: Heat Pump | L173: 3.7925161 | M173: 2.1 | N173: 3.4214715 | O173: Insulation Hospital Attic or Roof <= R-5 and Above Heat Pump | Q173: Existing | R173: Hospital | T173: 1.285 | U173: 30 | V173: 45931 | X173: Per Square foot | AD173: BPA Qualified | AG173: 0.00048173184 | AH173: 0.00050118921 | AI173: 2.1144562 | AJ173: Yes | AK173: 1.6124572 | AL173: 0.00117568 | AN173: 20 | AO173: Standard | AP173: No | AQ173: Not Per Unit | AR173: No
A174: CHVEN21345 | B174: Heating Zone 3 | C174: All Cooling Zones | D174: Commercial | E174: HVAC | F174: Envelope | G174: Insulation | H174: Hospital | I174: Attic or Roof | J174: <= R-5 and Above | K174: Heat Pump | L174: 3.7925161 | M174: 2.1 | N174: 3.4214715 | O174: Insulation Hospital Attic or Roof <= R-5 and Above Heat Pump | Q174: Existing | R174: Hospital | T174: 1.285 | U174: 30 | V174: 45931 | X174: Per Square foot | AD174: BPA Qualified | AG174: 0.00048173184 | AH174: 0.00050118921 | AI174: 2.1144562 | AJ174: Yes | AK174: 1.6124572 | AL174: 0.00117568 | AN174: 20 | AO174: Standard | AP174: No | AQ174: Not Per Unit | AR174: No
A175: CHVEN21346 | B175: Heating Zone 2 | C175: All Cooling Zones | D175: Commercial | E175: HVAC | F175: Envelope | G175: Insulation | H175: Hospital | I175: Attic or Roof | J175: <= R-5 and Above | K175: Resistance | L175: 5.0941578 | M175: 2.1 | N175: 4.5957658 | O175: Insulation Hospital Attic or Roof <= R-5 and Above Resistance | Q175: Existing | R175: Hospital | T175: 1.1166667 | U175: 30 | V175: 45931 | X175: Per Square foot | AD175: BPA Qualified | AG175: 0.00064706858 | AH175: 0.00067320398 | AI175: 3.2683099 | AJ175: Yes | AK175: -6.8679734 | AL175: 0.0015791889 | AN175: 20 | AO175: Standard | AP175: No | AQ175: Not Per Unit | AR175: No
A176: CHVEN21347 | B176: Heating Zone 3 | C176: All Cooling Zones | D176: Commercial | E176: HVAC | F176: Envelope | G176: Insulation | H176: Hospital | I176: Attic or Roof | J176: <= R-5 and Above | K176: Resistance | L176: 5.0941578 | M176: 2.1 | N176: 4.5957658 | O176: Insulation Hospital Attic or Roof <= R-5 and Above Resistance | Q176: Existing | R176: Hospital | T176: 1.1166667 | U176: 30 | V176: 45931 | X176: Per Square foot | AD176: BPA Qualified | AG176: 0.00064706858 | AH176: 0.00067320398 | AI176: 3.2683099 | AJ176: Yes | AK176: -6.8679734 | AL176: 0.0015791889 | AN176: 20 | AO176: Standard | AP176: No | AQ176: Not Per Unit | AR176: No
A177: CHVEN21348 | B177: Heating Zone 1 | C177: All Cooling Zones | D177: Commercial | E177: HVAC | F177: Envelope | G177: Insulation | H177: Large Retail 50,000 - 100,000 sq ft | I177: Attic or Roof | J177: <= R-5 and Above | K177: Heat Pump | L177: 4.7479845 | M177: 1.8 | N177: 4.2510976 | O177: Insulation Large Retail 50,000 - 100,000 sq ft Attic or Roof <= R-5 and Above Heat Pump | Q177: Existing | R177: Large Retail 50,000 - 100,000 sq ft | T177: 2.34 | U177: 30 | V177: 45931 | X177: Per Square foot | AD177: BPA Qualified | AG177: 0.00063956737 | AH177: 0.00066737358 | AI177: 1.4984322 | AJ177: Yes | AK177: 11.156927 | AL177: 0.0014718752 | AN177: 20 | AO177: Standard | AP177: No | AQ177: Not Per Unit | AR177: No
A178: CHVEN21349 | B178: Heating Zone 1 | C178: All Cooling Zones | D178: Commercial | E178: HVAC | F178: Envelope | G178: Insulation | H178: Large Retail 50,000 - 100,000 sq ft | I178: Attic or Roof | J178: <= R-5 and Above | K178: Resistance | L178: 6.3578354 | M178: 1.8 | N178: 5.6924741 | O178: Insulation Large Retail 50,000 - 100,000 sq ft Attic or Roof <= R-5 and Above Resistance | Q178: Existing | R178: Large Retail 50,000 - 100,000 sq ft | T178: 2.5166667 | U178: 30 | V178: 45931 | X178: Per Square foot | AD178: BPA Qualified | AG178: 0.00085641898 | AH178: 0.00089365315 | AI178: 1.8656374 | AJ178: Yes | AK178: 4.2798661 | AL178: 0.001970929 | AN178: 20 | AO178: Standard | AP178: No | AQ178: Not Per Unit | AR178: No
A179: CHVEN21350 | B179: Heating Zone 2 | C179: All Cooling Zones | D179: Commercial | E179: HVAC | F179: Envelope | G179: Insulation | H179: Large Retail 50,000 - 100,000 sq ft | I179: Attic or Roof | J179: <= R-5 and Above | K179: Heat Pump | L179: 3.1535854 | M179: 2.1 | N179: 2.8235558 | O179: Insulation Large Retail 50,000 - 100,000 sq ft Attic or Roof <= R-5 and Above Heat Pump | Q179: Existing | R179: Large Retail 50,000 - 100,000 sq ft | T179: 1.17 | U179: 30 | V179: 45931 | X179: Per Square foot | AD179: BPA Qualified | AG179: 0.00042479715 | AH179: 0.00044326588 | AI179: 1.9905009 | AJ179: Yes | AK179: 2.5194946 | AL179: 0.00097761146 | AN179: 20 | AO179: Standard | AP179: No | AQ179: Not Per Unit | AR179: No
A180: CHVEN21351 | B180: Heating Zone 3 | C180: All Cooling Zones | D180: Commercial | E180: HVAC | F180: Envelope | G180: Insulation | H180: Large Retail 50,000 - 100,000 sq ft | I180: Attic or Roof | J180: <= R-5 and Above | K180: Heat Pump | L180: 3.1535854 | M180: 2.1 | N180: 2.8235558 | O180: Insulation Large Retail 50,000 - 100,000 sq ft Attic or Roof <= R-5 and Above Heat Pump | Q180: Existing | R180: Large Retail 50,000 - 100,000 sq ft | T180: 1.17 | U180: 30 | V180: 45931 | X180: Per Square foot | AD180: BPA Qualified | AG180: 0.00042479715 | AH180: 0.00044326588 | AI180: 1.9905009 | AJ180: Yes | AK180: 2.5194946 | AL180: 0.00097761146 | AN180: 20 | AO180: Standard | AP180: No | AQ180: Not Per Unit | AR180: No
A181: CHVEN21352 | B181: Heating Zone 2 | C181: All Cooling Zones | D181: Commercial | E181: HVAC | F181: Envelope | G181: Insulation | H181: Large Retail 50,000 - 100,000 sq ft | I181: Attic or Roof | J181: <= R-5 and Above | K181: Resistance | L181: 4.2366936 | M181: 2.1 | N181: 3.7933144 | O181: Insulation Large Retail 50,000 - 100,000 sq ft Attic or Roof <= R-5 and Above Resistance | Q181: Existing | R181: Large Retail 50,000 - 100,000 sq ft | T181: 1.2583333 | U181: 30 | V181: 45931 | X181: Per Square foot | AD181: BPA Qualified | AG181: 0.00057069498 | AH181: 0.00059550685 | AI181: 2.486423 | AJ181: Yes | AK181: -2.7265788 | AL181: 0.001313375 | AN181: 20 | AO181: Standard | AP181: No | AQ181: Not Per Unit | AR181: No
A182: CHVEN21353 | B182: Heating Zone 3 | C182: All Cooling Zones | D182: Commercial | E182: HVAC | F182: Envelope | G182: Insulation | H182: Large Retail 50,000 - 100,000 sq ft | I182: Attic or Roof | J182: <= R-5 and Above | K182: Resistance | L182: 4.2366936 | M182: 2.1 | N182: 3.7933144 | O182: Insulation Large Retail 50,000 - 100,000 sq ft Attic or Roof <= R-5 and Above Resistance | Q182: Existing | R182: Large Retail 50,000 - 100,000 sq ft | T182: 1.2583333 | U182: 30 | V182: 45931 | X182: Per Square foot | AD182: BPA Qualified | AG182: 0.00057069498 | AH182: 0.00059550685 | AI182: 2.486423 | AJ182: Yes | AK182: -2.7265788 | AL182: 0.001313375 | AN182: 20 | AO182: Standard | AP182: No | AQ182: Not Per Unit | AR182: No
... A212: CHVEN21383 | B212: Heating Zone 3 | C212: All Cooling Zones | D212: Commercial | E212: HVAC | F212: Envelope | G212: Insulation | H212: Restaurant | I212: Attic or Roof | J212: <= R-5 and Above | K212: Resistance | L212: 3.0936885 | M212: 2.1 | N212: 2.7677494 | O212: Insulation Restaurant Attic or Roof <= R-5 and Above Resistance | Q212: Existing | R212: Restaurant | T212: 1.1166667 | U212: 30 | V212: 45931 | X212: Per Square foot | AD212: BPA Qualified | AG212: 0.00048742585 | AH212: 0.00050967649 | AI212: 2.2151101 | AJ212: Yes | AK212: -2.2259743 | AL212: 0.00095904342 | AN212: 20 | AO212: Standard | AP212: No | AQ212: Not Per Unit | AR212: No
A213: CHVEN21384 | B213: Heating Zone 1 | C213: All Cooling Zones | D213: Commercial | E213: HVAC | F213: Envelope | G213: Insulation | H213: School K-12 | I213: Attic or Roof | J213: <= R-5 and Above | K213: Heat Pump | L213: 7.0481421 | M213: 1.8 | N213: 6.2966667 | O213: Insulation School K-12 Attic or Roof <= R-5 and Above Heat Pump | Q213: Existing | R213: School K-12 | T213: 2.11 | U213: 30 | V213: 45931 | X213: Per Square foot | AD213: RTF Approved | AF213: ComWeatherizationSchool_v4_1 | AG213: 0.00080912506 | AH213: 0.00084481578 | AI213: 2.2391926 | AJ213: Yes | AK213: 0.83811963 | AL213: 0.0021849241 | AN213: 20 | AO213: Standard | AP213: No | AQ213: Not Per Unit | AR213: No
A214: CHVEN21385 | B214: Heating Zone 1 | C214: All Cooling Zones | D214: Commercial | E214: HVAC | F214: Envelope | G214: Insulation | H214: School K-12 | I214: Attic or Roof | J214: <= R-5 and Above | K214: Resistance | L214: 9.1413172 | M214: 1.8 | N214: 8.1666667 | O214: Insulation School K-12 Attic or Roof <= R-5 and Above Resistance | Q214: Existing | R214: School K-12 | T214: 2.34 | U214: 30 | V214: 45931 | X214: Per Square foot | AD214: RTF Approved | AF214: ComWeatherizationSchool_v4_1 | AG214: 0.0010494211 | AH214: 0.0010957113 | AI214: 2.6187388 | AJ214: Yes | AK214: -2.2379412 | AL214: 0.0028338083 | AN214: 20 | AO214: Standard | AP214: No | AQ214: Not Per Unit | AR214: No
A215: CHVEN21386 | B215: Heating Zone 2 | C215: All Cooling Zones | D215: Commercial | E215: HVAC | F215: Envelope | G215: Insulation | H215: School K-12 | I215: Attic or Roof | J215: <= R-5 and Above | K215: Heat Pump | L215: 5.1304057 | M215: 2.1 | N215: 4.5834 | O215: Insulation School K-12 Attic or Roof <= R-5 and Above Heat Pump | Q215: Existing | R215: School K-12 | T215: 1.055 | U215: 30 | V215: 45931 | X215: Per Square foot | AD215: RTF Approved | AF215: ComWeatherizationSchool_v4_1 | AG215: 0.00058896937 | AH215: 0.00061494897 | AI215: 3.2598567 | AJ215: Yes | AK215: -5.8070615 | AL215: 0.0015904258 | AN215: 20 | AO215: Standard | AP215: No | AQ215: Not Per Unit | AR215: No
A216: CHVEN21387 | B216: Heating Zone 3 | C216: All Cooling Zones | D216: Commercial | E216: HVAC | F216: Envelope | G216: Insulation | H216: School K-12 | I216: Attic or Roof | J216: <= R-5 and Above | K216: Heat Pump | L216: 5.1304057 | M216: 2.1 | N216: 4.5834 | O216: Insulation School K-12 Attic or Roof <= R-5 and Above Heat Pump | Q216: Existing | R216: School K-12 | T216: 1.055 | U216: 30 | V216: 45931 | X216: Per Square foot | AD216: RTF Approved | AF216: ComWeatherizationSchool_v4_1 | AG216: 0.00058896937 | AH216: 0.00061494897 | AI216: 3.2598567 | AJ216: Yes | AK216: -5.8070615 | AL216: 0.0015904258 | AN216: 20 | AO216: Standard | AP216: No | AQ216: Not Per Unit | AR216: No
A217: CHVEN21388 | B217: Heating Zone 2 | C217: All Cooling Zones | D217: Commercial | E217: HVAC | F217: Envelope | G217: Insulation | H217: School K-12 | I217: Attic or Roof | J217: <= R-5 and Above | K217: Resistance | L217: 6.468993 | M217: 2.1 | N217: 5.7792667 | O217: Insulation School K-12 Attic or Roof <= R-5 and Above Resistance | Q217: Existing | R217: School K-12 | T217: 1.17 | U217: 30 | V217: 45931 | X217: Per Square foot | AD217: RTF Approved | AF217: ComWeatherizationSchool_v4_1 | AG217: 0.00074263888 | AH217: 0.00077539688 | AI217: 3.7063811 | AJ217: Yes | AK217: -7.5634097 | AL217: 0.0020053878 | AN217: 20 | AO217: Standard | AP217: No | AQ217: Not Per Unit | AR217: No
A218: CHVEN21389 | B218: Heating Zone 3 | C218: All Cooling Zones | D218: Commercial | E218: HVAC | F218: Envelope | G218: Insulation | H218: School K-12 | I218: Attic or Roof | J218: <= R-5 and Above | K218: Resistance | L218: 6.468993 | M218: 2.1 | N218: 5.7792667 | O218: Insulation School K-12 Attic or Roof <= R-5 and Above Resistance | Q218: Existing | R218: School K-12 | T218: 1.17 | U218: 30 | V218: 45931 | X218: Per Square foot | AD218: RTF Approved | AF218: ComWeatherizationSchool_v4_1 | AG218: 0.00074263888 | AH218: 0.00077539688 | AI218: 3.7063811 | AJ218: Yes | AK218: -7.5634097 | AL218: 0.0020053878 | AN218: 20 | AO218: Standard | AP218: No | AQ218: Not Per Unit | AR218: No
A219: CHVEN21390 | B219: Heating Zone 1 | C219: All Cooling Zones | D219: Commercial | E219: HVAC | F219: Envelope | G219: Insulation | H219: Small Office <5,000 sq ft | I219: Attic or Roof | J219: <= R-5 and Above | K219: Heat Pump | L219: 3.6613949 | M219: 1.8 | N219: 3.2733122 | O219: Insulation Small Office <5,000 sq ft Attic or Roof <= R-5 and Above Heat Pump | Q219: Existing | R219: Small Office <5,000 sq ft | T219: 1.1 | U219: 30 | V219: 45931 | X219: Per Square foot | AD219: BPA Qualified | AG219: 0.00056630641 | AH219: 0.0005915268 | AI219: 2.5983042 | AJ219: Yes | AK219: -5.3850021 | AL219: 0.0011350324 | AN219: 20 | AO219: Standard | AP219: No | AQ219: Not Per Unit | AR219: No
A220: CHVEN21391 | B220: Heating Zone 1 | C220: All Cooling Zones | D220: Commercial | E220: HVAC | F220: Envelope | G220: Insulation | H220: Small Office <5,000 sq ft | I220: Attic or Roof | J220: <= R-5 and Above | K220: Resistance | L220: 4.9171732 | M220: 1.8 | N220: 4.3959866 | O220: Insulation Small Office <5,000 sq ft Attic or Roof <= R-5 and Above Resistance | Q220: Existing | R220: Small Office <5,000 sq ft | T220: 1.47 | U220: 30 | V220: 45931 | X220: Per Square foot | AD220: BPA Qualified | AG220: 0.00076053711 | AH220: 0.00079440753 | AI220: 2.6111648 | AJ220: Yes | AK220: -5.4899047 | AL220: 0.0015243237 | AN220: 20 | AO220: Standard | AP220: No | AQ220: Not Per Unit | AR220: No
A221: CHVEN21392 | B221: Heating Zone 2 | C221: All Cooling Zones | D221: Commercial | E221: HVAC | F221: Envelope | G221: Insulation | H221: Small Office <5,000 sq ft | I221: Attic or Roof | J221: <= R-5 and Above | K221: Heat Pump | L221: 2.4747978 | M221: 2.1 | N221: 2.2124862 | O221: Insulation Small Office <5,000 sq ft Attic or Roof <= R-5 and Above Heat Pump | Q221: Existing | R221: Small Office <5,000 sq ft | T221: 0.71555 | U221: 30 | V221: 45931 | X221: Per Square foot | AD221: BPA Qualified | AG221: 0.00038277594 | AH221: 0.00039982282 | AI221: 2.6998264 | AJ221: Yes | AK221: -6.1859165 | AL221: 0.00076718732 | AN221: 20 | AO221: Standard | AP221: No | AQ221: Not Per Unit | AR221: No
A222: CHVEN21393 | B222: Heating Zone 3 | C222: All Cooling Zones | D222: Commercial | E222: HVAC | F222: Envelope | G222: Insulation | H222: Small Office <5,000 sq ft | I222: Attic or Roof | J222: <= R-5 and Above | K222: Heat Pump | L222: 2.4747978 | M222: 2.1 | N222: 2.2124862 | O222: Insulation Small Office <5,000 sq ft Attic or Roof <= R-5 and Above Heat Pump | Q222: Existing | R222: Small Office <5,000 sq ft | T222: 0.71555 | U222: 30 | V222: 45931 | X222: Per Square foot | AD222: BPA Qualified | AG222: 0.00038277594 | AH222: 0.00039982282 | AI222: 2.6998264 | AJ222: Yes | AK222: -6.1859165 | AL222: 0.00076718732 | AN222: 20 | AO222: Standard | AP222: No | AQ222: Not Per Unit | AR222: No
A223: CHVEN21394 | B223: Heating Zone 2 | C223: All Cooling Zones | D223: Commercial | E223: HVAC | F223: Envelope | G223: Insulation | H223: Small Office <5,000 sq ft | I223: Attic or Roof | J223: <= R-5 and Above | K223: Resistance | L223: 3.3198193 | M223: 2.1 | N223: 2.9679413 | O223: Insulation Small Office <5,000 sq ft Attic or Roof <= R-5 and Above Resistance | Q223: Existing | R223: Small Office <5,000 sq ft | T223: 0.61083333 | U223: 30 | V223: 45931 | X223: Per Square foot | AD223: BPA Qualified | AG223: 0.00051347506 | AH223: 0.00053634261 | AI223: 4.2425584 | AJ223: Yes | AK223: -13.639714 | AL223: 0.001029144 | AN223: 20 | AO223: Standard | AP223: No | AQ223: Not Per Unit | AR223: No
A224: CHVEN21395 | B224: Heating Zone 3 | C224: All Cooling Zones | D224: Commercial | E224: HVAC | F224: Envelope | G224: Insulation | H224: Small Office <5,000 sq ft | I224: Attic or Roof | J224: <= R-5 and Above | K224: Resistance | L224: 3.3198193 | M224: 2.1 | N224: 2.9679413 | O224: Insulation Small Office <5,000 sq ft Attic or Roof <= R-5 and Above Resistance | Q224: Existing | R224: Small Office <5,000 sq ft | T224: 0.61083333 | U224: 30 | V224: 45931 | X224: Per Square foot | AD224: BPA Qualified | AG224: 0.00051347506 | AH224: 0.00053634261 | AI224: 4.2425584 | AJ224: Yes | AK224: -13.639714 | AL224: 0.001029144 | AN224: 20 | AO224: Standard | AP224: No | AQ224: Not Per Unit | AR224: No
A225: CHVEN21396 | B225: Heating Zone 1 | C225: All Cooling Zones | D225: Commercial | E225: HVAC | F225: Envelope | G225: Insulation | H225: Warehouse | I225: Attic or Roof | J225: <= R-5 and Above | K225: Heat Pump | L225: 1.4731109 | M225: 1.8 | N225: 1.3236459 | O225: Insulation Warehouse Attic or Roof <= R-5 and Above Heat Pump | Q225: Existing | R225: Warehouse | T225: 2.11 | U225: 30 | V225: 45931 | X225: Per Square foot | AD225: BPA Qualified | AG225: 0.00012307111 | AH225: 0.00012816763 | AI225: 0.44067332 | AJ225: No | AK225: 85.814792 | AL225: 0.00045666439 | AN225: 20 | AO225: Standard | AP225: No | AQ225: Not Per Unit | AR225: No
A226: CHVEN21397 | B226: Heating Zone 1 | C226: All Cooling Zones | D226: Commercial | E226: HVAC | F226: Envelope | G226: Insulation | H226: Warehouse | I226: Attic or Roof | J226: <= R-5 and Above | K226: Resistance | L226: 1.9758683 | M226: 1.8 | N226: 1.7753924 | O226: Insulation Warehouse Attic or Roof <= R-5 and Above Resistance | Q226: Existing | R226: Warehouse | T226: 2.11 | U226: 30 | V226: 45931 | X226: Per Square foot | AD226: BPA Qualified | AG226: 0.000165074 | AH226: 0.00017190991 | AI226: 0.59107053 | AJ226: No | AK226: 59.976596 | AL226: 0.00061251919 | AN226: 20 | AO226: Standard | AP226: No | AQ226: Not Per Unit | AR226: No
A227: CHVEN21398 | B227: Heating Zone 2 | C227: All Cooling Zones | D227: Commercial | E227: HVAC | F227: Envelope | G227: Insulation | H227: Warehouse | I227: Attic or Roof | J227: <= R-5 and Above | K227: Heat Pump | L227: 1.3872195 | M227: 2.1 | N227: 1.2464692 | O227: Insulation Warehouse Attic or Roof <= R-5 and Above Heat Pump | Q227: Existing | R227: Warehouse | T227: 1.055 | U227: 30 | V227: 45931 | X227: Per Square foot | AD227: BPA Qualified | AG227: 0.00011589531 | AH227: 0.00012069467 | AI227: 0.82995868 | AJ227: No | AK227: 38.185589 | AL227: 0.00043003804 | AN227: 20 | AO227: Standard | AP227: No | AQ227: Not Per Unit | AR227: No
A228: CHVEN21399 | B228: Heating Zone 3 | C228: All Cooling Zones | D228: Commercial | E228: HVAC | F228: Envelope | G228: Insulation | H228: Warehouse | I228: Attic or Roof | J228: <= R-5 and Above | K228: Heat Pump | L228: 1.3872195 | M228: 2.1 | N228: 1.2464692 | O228: Insulation Warehouse Attic or Roof <= R-5 and Above Heat Pump | Q228: Existing | R228: Warehouse | T228: 1.055 | U228: 30 | V228: 45931 | X228: Per Square foot | AD228: BPA Qualified | AG228: 0.00011589531 | AH228: 0.00012069467 | AI228: 0.82995868 | AJ228: No | AK228: 38.185589 | AL228: 0.00043003804 | AN228: 20 | AO228: Standard | AP228: No | AQ228: Not Per Unit | AR228: No
...

Sheet Measure List
A1: UES Reference Number | B1: Heating Zone | C1: Cooling Zone | D1: Sector | E1: End Use | F1: Category | G1: Technology/Activity/Practice | H1: Key Characteristics 1 | I1: Key Characteristics 2 | J1: Key Characteristics 3 | K1: Key Characteristics 4 | L1: Annual Savings @ Generator Busbar (kwh/yr) | M1: Payment ($/unit) | N1: Annual Savings @ Site (kwh/yr) | O1: Measure Name | P1: Program | Q1: Vintage | R1: Primary Building Type | S1: Delivery Mechanism | T1: Incremental Capital Cost ($/unit) | U1: Measure Life (years) | V1: BPA Effective Date | W1: BPA Expiration Date | X1: Unit Type of Savings/Payment | Y1: Installed Efficiency Level/Rating | Z1: State | AA1: Installation Location | AB1: Efficient Case Savings Characteristics | AC1: Baseline Characteristics | AD1: RTF UES Measure Status | AE1: RTF Effective Date | AF1: Workbook Link | AG1: Power System Coincident Peak Reduction (KW) | AH1: Distribution System Peak Load Reduction (kW) | AI1: Total Societal Benefit/ Cost Ratio | AJ1: Cost Effective | AK1: Levelized Cost (mills/kWh) | AL1: C02 Reduction (tons in first year) | AM1: Unit Cost Cap | AN1: Unique UIR No | AO1: Measures Types | AP1: PTCS | AQ1: Unit Types | AR1: Tech Review | AS1: Calculated UES Busbar Factor | AT1: Forms required at time of invoice review
A2: AHVHC40210 | B2: Heating Zone 1 | C2: All Cooling Zones | D2: Agricultural | E2: HVAC | F2: HVAC System Controls | G2: Thermostatically Controlled Outlets | L2: 888.25172 | M2: 14 | N2: 796 | O2: Thermostatically Controlled Outlets | Q2: Existing | R2: Non building measure | T2: 21 | U2: 2 | V2: 45931 | X2: Per Unit | AB2: Controlled outlet turns off no higher than 50 degrees | AC2: Outlet was not previously controlled | AD2: RTF Approved | AE2: 45125 | AF2: thermcontrolloutlet-ver3-2 | AG2: 0.082715359 | AH2: 0.086426429 | AI2: 3.2968058 | AJ2: Yes | AK2: -7.99 | AL2: 4.13 | AN2: 22 | AO2: Standard | AP2: No | AQ2: Per Unit | AR2: No
A3: AHVHC40211 | B3: Heating Zone 2 | C3: All Cooling Zones | D3: Agricultural | E3: HVAC | F3: HVAC System Controls | G3: Thermostatically Controlled Outlets | L3: 841.50455 | M3: 14 | N3: 756.75 | O3: Thermostatically Controlled Outlets | Q3: Existing | R3: Non building measure | T3: 21 | U3: 2 | V3: 45931 | X3: Per Unit | AB3: Controlled outlet turns off no higher than 50 degrees | AC3: Outlet was not previously controlled | AD3: RTF Approved | AE3: 45125 | AF3: thermcontrolloutlet-ver3-2 | AG3: 0.07336844 | AH3: 0.076517405 | AI3: 2.9926522 | AJ3: Yes | AK3: -0.17 | AL3: 3.915 | AN3: 22 | AO3: Standard | AP3: No | AQ3: Per Unit | AR3: No
A4: AHVHC40212 | B4: Heating Zone 3 | C4: All Cooling Zones | D4: Agricultural | E4: HVAC | F4: HVAC System Controls | G4: Thermostatically Controlled Outlets | L4: 551.34935 | M4: 14 | N4: 495.75 | O4: Thermostatically Controlled Outlets | Q4: Existing | R4: Non building measure | T4: 21 | U4: 2 | V4: 45931 | X4: Per Unit | AB4: Controlled outlet turns off no higher than 50 degrees | AC4: Outlet was not previously controlled | AD4: RTF Approved | AE4: 45125 | AF4: thermcontrolloutlet-ver3-2 | AG4: 0.048258888 | AH4: 0.050334963 | AI4: 1.974708 | AJ4: Yes | AK4: 7.94 | AL4: 2.565 | AN4: 22 | AO4: Standard | AP4: No | AQ4: Per Unit | AR4: No
A5: AIRHA40001 | B5: All Heating Zones | C5: All Cooling Zones | D5: Agricultural | E5: Irrigation | F5: Hardware | G5: Gasket Replacement | H5: Replace Leaking Drain Gaskets with New Gaskets | I5: Wheel-line, Hand-line, Lateral Move or Center Pivot Systems | L5: 13.114979 | M5: 3 | N5: 11.888042 | O5: Gasket Replacement Replace Leaking Drain Gaskets with New Gaskets Wheel-line, Hand-line, Lateral Move or Center Pivot Systems | Q5: Existing | R5: Non building measure | T5: 6.3348196 | U5: 5 | V5: 45200 | X5: Per Unit | AD5: RTF Approved | AE5: 45504 | AF5: AgIrrHardwareMain-v6-2 | AG5: 0.0014244438 | AH5: 0.0014770123 | AI5: 0.55743534 | AJ5: No | AK5: 70.201008 | AL5: 0.024399929 | AN5: 22 | AO5: Standard | AP5: No | AQ5: Per Unit | AR5: No
A6: AIRHA40003 | B6: All Heating Zones | C6: All Cooling Zones | D6: Agricultural | E6: Irrigation | F6: Hardware | G6: Gasket Replacement | H6: Replace Pipe Section Gasket | I6: Wheel-lines, Hand-lines, Riser or Portable Main Line | L6: 17.859372 | M6: 4 | N6: 16.188587 | O6: Gasket Replacement Replace Pipe Section Gasket Wheel-lines, Hand-lines, Riser or Portable Main Line | Q6: Existing | R6: Non building measure | T6: 4.4100577 | U6: 5 | V6: 45200 | X6: Per Unit | AB6: Pipe and riser gasket | AD6: RTF Approved | AE6: 45504 | AF6: AgIrrHardwareMain-v6-2 | AG6: 0.001939165 | AH6: 0.0020107291 | AI6: 1.091667 | AJ6: Yes | AK6: 26.268408 | AL6: 0.033216817 | AN6: 22 | AO6: Standard | AP6: No | AQ6: Per Unit | AR6: No
A7: AIRHA40006 | B7: All Heating Zones | C7: All Cooling Zones | D7: Agricultural | E7: Irrigation | F7: Hardware | G7: Hub Replacement | H7: Replace Thunderbird Wheel Line Hubs | I7: Wheel Line System | L7: 17.859372 | M7: 4 | N7: 16.188587 | O7: Hub Replacement Replace Thunderbird Wheel Line Hubs Wheel Line System | Q7: Existing | R7: Non building measure | T7: 4.4100577 | U7: 10 | V7: 45200 | X7: Per Unit | AD7: RTF Approved | AE7: 45504 | AF7: AgIrrHardwareMain-v6-2 | AG7: 0.001939165 | AH7: 0.0020107291 | AI7: 1.091667 | AJ7: Yes | AK7: 26.268408 | AL7: 0.016608409 | AN7: 22 | AO7: Standard | AP7: No | AQ7: Per Unit | AR7: No
A8: AIRHA40007 | B8: All Heating Zones | C8: All Cooling Zones | D8: Agricultural | E8: Irrigation | F8: Hardware | G8: Leveler Rebuild | H8: Rebuild or Replace Leaking or Malfunctioning Leveler with New or Rebuilt Leveler | I8: Wheel Line System | L8: 4.8551485 | M8: 1 | N8: 4.4009382 | O8: Leveler Rebuild Rebuild or Replace Leaking or Malfunctioning Leveler with New or Rebuilt Leveler Wheel Line System | Q8: Existing | R8: Non building measure | T8: 8.1538723 | U8: 4 | V8: 45200 | X8: Per Unit | AD8: RTF Approved | AE8: 45504 | AF8: AgIrrHardwareMain-v6-2 | AG8: 0.00052703581 | AH8: 0.00054648585 | AI8: 0.18191982 | AJ8: No | AK8: 255.50951 | AL8: 0.011284788 | AN8: 22 | AO8: Standard | AP8: No | AQ8: Per Unit | AR8: No
A9: AIRHA40016 | B9: All Heating Zones | C9: All Cooling Zones | D9: Agricultural | E9: Irrigation | F9: Hardware | G9: Sprinkler Replacements | H9: Replace Leaking Impact Sprinkler with New or Rebuilt Impact Sprinkler | I9: Wheel-line, Hand-line, Lateral Move or Center Pivot Systems | L9: 2.5458219 | M9: 1 | N9: 2.3076544 | O9: Sprinkler Replacements Replace Leaking Impact Sprinkler with New or Rebuilt Impact Sprinkler Wheel-line, Hand-line, Lateral Move or Center Pivot Systems | Q9: Existing | R9: Non building measure | T9: 15.83873 | U9: 4 | V9: 45200 | X9: Per Unit | AD9: RTF Approved | AE9: 45504 | AF9: AgIrrHardwareMain-v6-2 | AG9: 0.00027671895 | AH9: 0.00028693116 | AI9: 0.043301468 | AJ9: No | AK9: 1136.1123 | AL9: 0.0059250522 | AN9: 22 | AO9: Standard | AP9: No | AQ9: Per Unit | AR9: No
A10: AIRHA40019 | B10: All Heating Zones | C10: All Cooling Zones | D10: Agricultural | E10: Irrigation | F10: Hardware | G10: Nozzle Replacement | H10: Replace Nozzle | I10: Wheel-line or Hand-line System | L10: 28.750828 | M10: 3 | N10: 26.061122 | O10: Nozzle Replacement Replace Nozzle Wheel-line or Hand-line System | Q10: Existing | R10: Non building measure | T10: 3.1590374 | U10: 5 | V10: 45200 | X10: Per Unit | AD10: RTF Approved | AE10: 45504 | AF10: AgIrrHardwareMain-v6-2 | AG10: 0.0031216534 | AH10: 0.0032368567 | AI10: 2.4555667 | AJ10: Yes | AK10: 0.8069956 | AL10: 0.053472185 | AN10: 22 | AO10: Standard | AP10: No | AQ10: Per Unit | AR10: No
A11: AIRHA40224 | B11: All Heating Zones | C11: All Cooling Zones | D11: Agricultural | E11: Irrigation | F11: Hardware | G11: Sprinkler Upgrade | H11: Irrigation System Conversion to MESA from high pressure | I11: Center Pivot or Lateral Move System | L11: 58.626093 | M11: 23 | N11: 53.141488 | O11: Sprinkler Upgrade Irrigation System Conversion to MESA from high pressure Center Pivot or Lateral Move System | Q11: Existing | R11: Non building measure | T11: 28.785641 | U11: 10 | V11: 45931 | X11: Per Drop | AB11: Rotating Type Sprinkler | AC11: Replace Impact Sprinkler | AD11: RTF Approved | AE11: 45124 | AF11: AgIrrHardwareUpgrades-v2-3 | AG11: 0.0063659121 | AH11: 0.0066008435 | AI11: 0.76939896 | AJ11: No | AK11: 45.469124 | AL11: 0.054522267 | AN11: 22 | AO11: Standard | AP11: No | AQ11: Per Unit | AR11: No
A12: AIRHA40225 | B12: All Heating Zones | C12: All Cooling Zones | D12: Agricultural | E12: Irrigation | F12: Hardware | G12: Sprinkler Package Replacements | H12: High Pressure Sprinkler Package | I12: Center Pivot or Lateral Move System | L12: 65.858556 | M12: 18 | N12: 59.697337 | O12: Sprinkler Package Replacements High Pressure Sprinkler Package Center Pivot or Lateral Move System | Q12: Existing | R12: Non building measure | T12: 15.83873 | U12: 4 | V12: 45931 | X12: Per Drop | AD12: RTF Approved | AE12: 45504 | AF12: AgIrrHardwareMain-v6-2 | AG12: 0.0071513522 | AH12: 0.0074152699 | AI12: 1.1190561 | AJ12: Yes | AK12: 25.146445 | AL12: 0.15312336 | AN12: 22 | AO12: Standard | AP12: No | AQ12: Per Unit | AR12: No
A13: AIRHA40226 | B13: All Heating Zones | C13: All Cooling Zones | D13: Agricultural | E13: Irrigation | F13: Hardware | G13: Sprinkler Package Replacements | H13: MESA Sprinkler Package | I13: Center Pivot or Lateral Move System | L13: 32.929278 | M13: 21 | N13: 29.848669 | O13: Sprinkler Package Replacements MESA Sprinkler Package Center Pivot or Lateral Move System | Q13: Existing | R13: Non building measure | T13: 25.874159 | U13: 5 | V13: 45931 | X13: Per Drop | AD13: RTF Approved | AE13: 45504 | AF13: AgIrrHardwareMain-v6-2 | AG13: 0.0035757599 | AH13: 0.0037077219 | AI13: 0.34251538 | AJ13: No | AK13: 126.53158 | AL13: 0.061250779 | AN13: 22 | AO13: Standard | AP13: No | AQ13: Per Unit | AR13: No
A14: AIRHA40227 | B14: All Heating Zones | C14: All Cooling Zones | D14: Agricultural | E14: Irrigation | F14: Hardware | G14: Sprinkler Upgrade | H14: Irrigation System Conversion to LESA/LEPA/MDI from high pressure | I14: Center Pivot or Lateral Move System | L14: 61.711677 | M14: 26 | N14: 55.938408 | O14: Sprinkler Upgrade Irrigation System Conversion to LESA/LEPA/MDI from high pressure Center Pivot or Lateral Move System | Q14: New or Existing | R14: Non building measure | T14: 32.125748 | U14: 10 | V14: 45931 | X14: Per Drop | AD14: RTF Approved | AE14: 45124 | AF14: AgIrrHardwareUpgrades-v2-3 | AG14: 0.0067009601 | AH14: 0.0069482563 | AI14: 0.7256892 | AJ14: No | AK14: 49.386706 | AL14: 0.05739186 | AN14: 22 | AO14: Standard | AP14: No | AQ14: Per Unit | AR14: No
A15: AIRHA40228 | B15: All Heating Zones | C15: All Cooling Zones | D15: Agricultural | E15: Irrigation | F15: Hardware | G15: Sprinkler Upgrade | H15: Irrigation System Conversion to LESA/LEPA/MDI from MESA | I15: Center Pivot or Lateral Move System | L15: 37.027006 | M15: 26 | N15: 33.563045 | O15: Sprinkler Upgrade Irrigation System Conversion to LESA/LEPA/MDI from MESA Center Pivot or Lateral Move System | Q15: New or Existing | R15: Non building measure | T15: 32.125748 | U15: 10 | V15: 45931 | X15: Per Drop | AD15: RTF Approved | AE15: 45124 | AF15: AgIrrHardwareUpgrades-v2-3 | AG15: 0.0040205761 | AH15: 0.0041689538 | AI15: 0.43541352 | AJ15: No | AK15: 95.359409 | AL15: 0.034435116 | AN15: 22 | AO15: Standard | AP15: No | AQ15: Per Unit | AR15: No
A16: AIRHA40229 | B16: All Heating Zones | C16: All Cooling Zones | D16: Agricultural | E16: Irrigation | F16: Hardware | G16: Sprinkler Package Replacements | H16: LESA/LEPA/MDI Sprinkler Package | I16: Center Pivot or Lateral Move System | L16: 16.464639 | M16: 10 | N16: 14.924334 | O16: Sprinkler Package Replacements LESA/LEPA/MDI Sprinkler Package Center Pivot or Lateral Move System | Q16: Existing | R16: Non building measure | T16: 17.872227 | U16: 5 | V16: 45931 | X16: Per Drop | AD16: RTF Approved | AE16: 45504 | AF16: AgIrrHardwareMain-v6-2 | AG16: 0.0017874847 | AH16: 0.0018534511 | AI16: 0.24783688 | AJ16: No | AK16: 182.34611 | AL16: 0.030618618 | AN16: 22 | AO16: Standard | AP16: No | AQ16: Per Unit | AR16: No
A17: AIRHA40230 | B17: All Heating Zones | C17: All Cooling Zones | D17: Agricultural | E17: Irrigation | F17: Hardware | G17: Sprinkler Upgrade | H17: Irrigation System Conversion to Low pressure from High pressure | I17: Wheel-line or Hand-line System | L17: 58.626093 | M17: 23 | N17: 53.141488 | O17: Sprinkler Upgrade Irrigation System Conversion to Low pressure from High pressure Wheel-line or Hand-line System | Q17: Existing | R17: Non building measure | T17: 28.785641 | U17: 10 | V17: 45931 | X17: Per Unit | AD17: BPA Qualified | AG17: 0 | AH17: 0 | AI17: 0.93 | AJ17: No | AK17: 58.91 | AL17: 0.025 | AN17: 22 | AO17: Standard | AP17: No | AQ17: Per Unit | AR17: No
A18: AIRPF40231 | B18: All Heating Zones | C18: All Cooling Zones | D18: Agricultural | E18: Irrigation | F18: Pumps and Fans | G18: Pump Testing Service | H18: Simple System Evaluation | L18: 0 | M18: 100 | N18: 0 | O18: Pump Testing Service Simple System Evaluation | Q18: Existing | R18: Non building measure | T18: 0 | V18: 46296 | X18: Per Unit | AB18: Simple System Evaluation | AD18: BPA Qualified | AG18: 0 | AH18: 0 | AI18: 0 | AJ18: No | AK18: 0 | AL18: 0 | AN18: 22 | AO18: Standard | AP18: No | AQ18: Per Unit | AR18: Yes | AT18: Irrigation Pump Testing and System Analysis BPA Screening Tool
A19: AIRPF40232 | B19: All Heating Zones | C19: All Cooling Zones | D19: Agricultural | E19: Irrigation | F19: Pumps and Fans | G19: Pump Testing Service | H19: Irrigation Pump Test | I19: Simple System or Open Discharge | L19: 0 | M19: 200 | N19: 0 | O19: Pump Testing Service Irrigation Pump Test Simple System or Open Discharge | Q19: Existing | R19: Non building measure | T19: 0 | V19: 46296 | X19: Per Unit | AB19: Irrigation Pump Test | AD19: BPA Qualified | AG19: 0 | AH19: 0 | AI19: 0 | AJ19: No | AK19: 0 | AL19: 0 | AN19: 22 | AO19: Standard | AP19: No | AQ19: Per Unit | AR19: Yes | AT19: Irrigation Pump Testing and System Analysis BPA Screening Tool
A20: AIRPF40233 | B20: All Heating Zones | C20: All Cooling Zones | D20: Agricultural | E20: Irrigation | F20: Pumps and Fans | G20: Pump Testing Service | H20: Irrigation Pump Test | I20: System Analysis | J20: 400 acres or less | L20: 0 | M20: 400 | N20: 0 | O20: Pump Testing Service Irrigation Pump Test System Analysis 400 acres or less | Q20: Existing | R20: Non building measure | T20: 0 | V20: 46296 | X20: Per Unit | AB20: Irrigation Pump Test | AD20: BPA Qualified | AG20: 0 | AH20: 0 | AI20: 0 | AJ20: No | AK20: 0 | AL20: 0 | AN20: 22 | AO20: Standard | AP20: No | AQ20: Per Unit | AR20: Yes | AT20: Irrigation Pump Testing and System Analysis BPA Screening Tool
A21: AIRPF40234 | B21: All Heating Zones | C21: All Cooling Zones | D21: Agricultural | E21: Irrigation | F21: Pumps and Fans | G21: Pump Testing Service | H21: Irrigation Pump Test | I21: System Analysis | J21: Over 400 acres | L21: 0 | M21: 600 | N21: 0 | O21: Pump Testing Service Irrigation Pump Test System Analysis Over 400 acres | Q21: Existing | R21: Non building measure | T21: 0 | V21: 46296 | X21: Per Unit | AB21: Irrigation Pump Test | AD21: BPA Qualified | AG21: 0 | AH21: 0 | AI21: 0 | AJ21: No | AK21: 0 | AL21: 0 | AN21: 22 | AO21: Standard | AP21: No | AQ21: Per Unit | AR21: Yes | AT21: Irrigation Pump Testing and System Analysis BPA Screening Tool
A22: AIRPF40235 | B22: All Heating Zones | C22: All Cooling Zones | D22: Agricultural | E22: Irrigation | F22: Pumps and Fans | G22: Pump Testing Service | H22: Irrigation Pump Test (main pump) | I22: Complex System | J22: Over 400 acres | L22: 0 | M22: 400 | N22: 0 | O22: Pump Testing Service Irrigation Pump Test (main pump) Complex System Over 400 acres | Q22: Existing | R22: Non building measure | T22: 0 | V22: 46296 | X22: Per Unit | AB22: Irrigation Pump Test | AD22: BPA Qualified | AG22: 0 | AH22: 0 | AI22: 0 | AJ22: No | AK22: 0 | AL22: 0 | AN22: 22 | AO22: Standard | AP22: No | AQ22: Per Unit | AR22: Yes | AT22: Irrigation Pump Testing and System Analysis BPA Screening Tool
A23: AIRPF40236 | B23: All Heating Zones | C23: All Cooling Zones | D23: Agricultural | E23: Irrigation | F23: Pumps and Fans | G23: Pump Testing Service | H23: Irrigation Pump Test (booster pump) | I23: Complex System | J23: Over 400 acres | L23: 0 | M23: 100 | N23: 0 | O23: Pump Testing Service Irrigation Pump Test (booster pump) Complex System Over 400 acres | Q23: Existing | R23: Non building measure | T23: 0 | V23: 46296 | X23: Per Unit | AB23: Booster Pump | AD23: BPA Qualified | AG23: 0 | AH23: 0 | AI23: 0 | AJ23: No | AK23: 0 | AL23: 0 | AN23: 22 | AO23: Standard | AP23: No | AQ23: Per Unit | AR23: Yes | AT23: Irrigation Pump Testing and System Analysis BPA Screening Tool
A24: AIRPF40237 | B24: All Heating Zones | C24: All Cooling Zones | D24: Agricultural | E24: Irrigation | F24: Pumps and Fans | G24: Pump Efficiency Upgrade | H24: New Efficient Pump | I24: 20 to 500 horsepower | J24: Bronze or Stainless Steel impeller | L24: 220.64152 | M24: 95 | N24: 200 | O24: Pump Efficiency Upgrade New Efficient Pump 20 to 500 horsepower Bronze or Stainless Steel impeller | Q24: Existing | R24: Non building measure (Motors) | T24: 103 | U24: 10 | V24: 45931 | X24: Per Horsepower | AB24: Instead of rebuild/repair | AD24: BPA Qualified | AG24: 0.023958351 | AH24: 0.024842524 | AI24: 0.80925719 | AJ24: No | AK24: 42.265645 | AL24: 0.0205197 | AN24: 20 | AO24: Standard | AP24: No | AQ24: Not Per Unit | AR24: No | AT24: Agricultural Pump Efficiency Upgrade PIF; Pump performance curve (available from the pump manufacturer).
A25: AMDMC40238 | B25: All Heating Zones | C25: All Cooling Zones | D25: Agricultural | E25: Motors/Drives | F25: Motors/Drives Controls | G25: Motors/Drives Control Improvements (VFD) | H25: On Irrigation Turbine Pump | I25: 7.5 to 1000 horsepower | L25: 0 | M25: 135 | N25: 0 | O25: Motors/Drives Control Improvements (VFD) On Irrigation Turbine Pump 7.5 to 1000 horsepower | Q25: Existing | R25: Non building measure (Motors) | T25: 127 | U25: 10 | V25: 45931 | X25: Per Horsepower | AB25: On Irrigation Turbine Pump | AD25: BPA Qualified | AG25: 0 | AH25: 0 | AI25: 0 | AJ25: No | AK25: 0 | AL25: 0 | AN25: 9 | AO25: Calculated | AP25: No | AQ25: Per Unit | AR25: Yes | AS25: 1.1032 | AT25: Existing Centrifugal and Turbine Pump VFD Deemed Savings Tool
A26: AMDMC40239 | B26: All Heating Zones | C26: All Cooling Zones | D26: Agricultural | E26: Motors/Drives | F26: Motors/Drives Controls | G26: Motors/Drives Control Improvements (VFD) | H26: On Irrigation Centrifugal Pump | I26: 7.5 to 1000 horsepower | L26: 0 | M26: 95 | N26: 0 | O26: Motors/Drives Control Improvements (VFD) On Irrigation Centrifugal Pump 7.5 to 1000 horsepower | Q26: Existing | R26: Non building measure (Motors) | T26: 203 | U26: 10 | V26: 45931 | X26: Per Horsepower | AB26: On Irrigation Centrifugal Pump | AD26: BPA Qualified | AG26: 0 | AH26: 0 | AI26: 0.64 | AJ26: No | AK26: 93.07 | AL26: 0 | AN26: 9 | AO26: Calculated | AP26: No | AQ26: Per Unit | AR26: Yes | AS26: 1.1032 | AT26: Existing Centrifugal and Turbine Pump VFD Deemed Savings Tool
A27: AMDMC40240 | B27: All Heating Zones | C27: All Cooling Zones | D27: Agricultural | E27: Motors/Drives | F27: Motors/Drives Controls | G27: Motors/Drives Control Improvements (VFD) | H27: On Irrigation Turbine Pump | I27: 7.5 to 1000 horsepower | L27: 0 | M27: 135 | N27: 0 | O27: Motors/Drives Control Improvements (VFD) On Irrigation Turbine Pump 7.5 to 1000 horsepower | Q27: New | R27: Non building measure (Motors) | T27: 127 | U27: 10 | V27: 45931 | X27: Per Horsepower | AB27: On Irrigation Turbine Pump | AD27: BPA Qualified | AG27: 0 | AH27: 0 | AI27: 1 | AJ27: Yes | AK27: 60.09 | AL27: 0.232 | AN27: 9 | AO27: Calculated | AP27: No | AQ27: Per Unit | AR27: Yes | AS27: 1.1032 | AT27: New Construction Turbine or Centrifugal Pump VFD
A28: AMDMC40241 | B28: All Heating Zones | C28: All Cooling Zones | D28: Agricultural | E28: Motors/Drives | F28: Motors/Drives Controls | G28: Motors/Drives Control Improvements (VFD) | H28: On Irrigation Centrifugal Pump | I28: 7.5 to 1000 horsepower | L28: 0 | M28: 95 | N28: 0 | O28: Motors/Drives Control Improvements (VFD) On Irrigation Centrifugal Pump 7.5 to 1000 horsepower | Q28: New | R28: Non building measure (Motors) | T28: 127 | U28: 10 | V28: 45931 | X28: Per Horsepower | AB28: On Irrigation Centrifugal Pump | AD28: BPA Qualified | AG28: 0 | AH28: 0 | AI28: 0.64 | AJ28: No | AK28: 93.07 | AL28: 0.136 | AN28: 9 | AO28: Calculated | AP28: No | AQ28: Per Unit | AR28: Yes | AS28: 1.1032 | AT28: New Construction Turbine or Centrifugal Pump VFD
A29: APLLT40185 | B29: Heating Zone 1 | C29: All Cooling Zones | D29: Agricultural | E29: Process Loads | F29: Livestock Tanks | G29: Freeze Resistant Stock Tanks | H29: New Enclosed and Fully Insulated Watering Tank/Fountain | I29: No Electric Heat | L29: 61.398983 | M29: 140 | N29: 54.875 | O29: Freeze Resistant Stock Tanks New Enclosed and Fully Insulated Watering Tank/Fountain No Electric Heat | Q29: New | R29: Non building measure | T29: 0 | U29: 20 | V29: 45931 | X29: Per Tank | AD29: RTF Approved | AE29: 45350 | AF29: AgStockWateringTank-v5-3 | AG29: 0.0066627361 | AH29: 0.0069697128 | AI29: 9999 | AJ29: Yes | AK29: -195.04411 | AL29: 0.028550527 | AN29: 22 | AO29: Standard | AP29: No | AQ29: Per Unit | AR29: No
A30: APLLT40186 | B30: Heating Zone 2 | C30: All Cooling Zones | D30: Agricultural | E30: Process Loads | F30: Livestock Tanks | G30: Freeze Resistant Stock Tanks | H30: New Enclosed and Fully Insulated Watering Tank/Fountain | I30: No Electric Heat | L30: 276.32833 | M30: 165 | N30: 247.25 | O30: Freeze Resistant Stock Tanks New Enclosed and Fully Insulated Watering Tank/Fountain No Electric Heat | Q30: New | R30: Non building measure | T30: 0 | U30: 20 | V30: 45931 | X30: Per Tank | AD30: RTF Approved | AE30: 45350 | AF30: AgStockWateringTank-v5-3 | AG30: 0.031045582 | AH30: 0.032456257 | AI30: 9999 | AJ30: Yes | AK30: -60.108132 | AL30: 0.034330186 | AN30: 22 | AO30: Standard | AP30: No | AQ30: Per Unit | AR30: No
A31: APLLT40187 | B31: Heating Zone 3 | C31: All Cooling Zones | D31: Agricultural | E31: Process Loads | F31: Livestock Tanks | G31: Freeze Resistant Stock Tanks | H31: New Enclosed and Fully Insulated Watering Tank/Fountain | I31: No Electric Heat | L31: 423.85246 | M31: 225 | N31: 379.25 | O31: Freeze Resistant Stock Tanks New Enclosed and Fully Insulated Watering Tank/Fountain No Electric Heat | Q31: New | R31: Non building measure | T31: 0 | U31: 20 | V31: 45931 | X31: Per Tank | AD31: RTF Approved | AE31: 45350 | AF31: AgStockWateringTank-v5-3 | AG31: 0.047619968 | AH31: 0.049783763 | AI31: 9999 | AJ31: Yes | AK31: -46.6892 | AL31: 0.042642502 | AN31: 22 | AO31: Standard | AP31: No | AQ31: Per Unit | AR31: No
A32: APLPL40198 | B32: All Heating Zones | C32: All Cooling Zones | D32: Agricultural | E32: Process Loads | F32: Process Loads System Improvements | G32: Interactive Process Loads System Improvements | H32: Generator Block Heater | I32: Stationary | J32: Less than 3 kW | L32: 1409.9752 | M32: 400 | N32: 1271.9377 | O32: Interactive Process Loads System Improvements Generator Block Heater Stationary Less than 3 kW | Q32: Existing | R32: Any Agriculture | T32: 795.82383 | U32: 15 | V32: 45931 | X32: Per Unit | AB32: Pumped generator block heater | AC32: Existing thermo siphon electric resistance block heater | AD32: BPA Qualified | AG32: 0.17746829 | AH32: 0.19563066 | AI32: 0.89782396 | AJ32: No | AK32: 34.394375 | AL32: 1.3112769 | AN32: 20 | AO32: Standard | AP32: No | AQ32: Per Unit | AR32: No
A33: APLPL40199 | B33: All Heating Zones | C33: All Cooling Zones | D33: Agricultural | E33: Process Loads | F33: Process Loads System Improvements | G33: Interactive Process Loads System Improvements | H33: Generator Block Heater | I33: Stationary | J33: Greater than or equal to 3 kW | L33: 4052.4193 | M33: 2000 | N33: 3655.6847 | O33: Interactive Process Loads System Improvements Generator Block Heater Stationary Greater than or equal to 3 kW | Q33: Existing | R33: Any Agriculture | T33: 1400.4899 | U33: 15 | V33: 45931 | X33: Per Unit | AB33: Pumped generator block heater | AC33: Existing thermo siphon electric resistance block heater | AD33: BPA Qualified | AG33: 0.51006282 | AH33: 0.56226342 | AI33: 1.4663278 | AJ33: Yes | AK33: 12.425132 | AL33: 3.7687499 | AN33: 20 | AO33: Standard | AP33: No | AQ33: Per Unit | AR33: No
A34: AUDTR40195 | B34: All Heating Zones | C34: All Cooling Zones | D34: Agricultural | E34: Utility Distribution System | F34: Transformers | G34: De-Energization | L34: 1 | M34: 0.03 | N34: 0.92 | O34: De-Energization | Q34: Existing | R34: Non building measure | U34: 1 | V34: 45200 | X34: Per kWh | AJ34: Yes | AL34: 0 | AN34: 5 | AO34: Standard | AP34: No | AQ34: Not Per Unit | AR34: Yes | AT34: Transformer De-Energization Worksheet
A35: AWBWB40242 | B35: All Heating Zones | C35: All Cooling Zones | D35: Agricultural | E35: Whole Bldg/Meter Level | F35: Whole Bldg/Meter Level System Improvements | G35: Energy Audit | L35: 0 | M35: 15000 | N35: 0 | O35: Energy Audit | T35: 0 | U35: 1 | V35: 45200 | X35: Per Unit | AD35: BPA Qualified | AG35: 0 | AH35: 0 | AI35: 9999 | AJ35: Yes | AK35: 0 | AL35: 0 | AN35: 5 | AO35: Standard | AP35: No | AQ35: Not Per Unit | AR35: Yes | AT35: Completed Agricultural Energy Audit Screening Form
A36: AWBWB40243 | B36: All Heating Zones | C36: All Cooling Zones | D36: Agricultural | E36: Whole Bldg/Meter Level | F36: Whole Bldg/Meter Level System Improvements | G36: Energy Audit Screening | L36: 0 | M36: 150 | N36: 0 | O36: Energy Audit Screening | T36: 0 | U36: 1 | V36: 45200 | X36: Per Unit | AD36: BPA Qualified | AG36: 0 | AH36: 0 | AI36: 9999 | AJ36: Yes | AK36: 0 | AL36: 0 | AN36: 5 | AO36: Standard | AP36: No | AQ36: Not Per Unit | AR36: Yes | AT36: Completed Agricultural On-Site Energy Audit Report
A37: CFPMC20465 | B37: All Heating Zones | C37: All Cooling Zones | D37: Commercial | E37: Food Preparation | F37: Motors/Drives Controls | G37: Interactive Process Loads System Improvements | H37: Demand Control Kitchen Ventilation | I37: Single Sensor | L37: 1094.8878 | M37: 400 | N37: 986 | O37: Interactive Process Loads System Improvements Demand Control Kitchen Ventilation Single Sensor | Q37: New or Existing | T37: 1219.57 | U37: 5 | V37: 45931 | X37: Per Horsepower of Fan | AD37: BPA Qualified | AG37: 0.11418367 | AH37: 0.11892473 | AI37: 0.17854661 | AJ37: No | AK37: 250.17757 | AL37: 2.0364912 | AN37: 20 | AO37: Standard | AP37: No | AQ37: Not Per Unit | AR37: No
A38: CFPMC20466 | B38: All Heating Zones | C38: All Cooling Zones | D38: Commercial | E38: Food Preparation | F38: Motors/Drives Controls | G38: Interactive Process Loads System Improvements | H38: Demand Control Kitchen Ventilation | I38: Multiple Sensor | L38: 2552.8874 | M38: 800 | N38: 2299 | O38: Interactive Process Loads System Improvements Demand Control Kitchen Ventilation Multiple Sensor | Q38: New or Existing | T38: 1219.57 | U38: 5 | V38: 45931 | X38: Per Horsepower of Fan | AD38: BPA Qualified | AG38: 0.26623555 | AH38: 0.27729 | AI38: 0.41630696 | AJ38: No | AK38: 96.527521 | AL38: 4.7483705 | AN38: 20 | AO38: Standard | AP38: No | AQ38: Not Per Unit | AR38: No
A39: CHVEN20031 | B39: Heating Zone 1 | C39: All Cooling Zones | D39: Commercial | E39: HVAC | F39: Envelope | G39: Windows | H39: Electric Zonal or Forced Air Furnace | L39: 26.167481 | M39: 9 | N39: 23.504646 | O39: Windows Electric Zonal or Forced Air Furnace | Q39: Existing | R39: Any Commercial | T39: 22.71 | U39: 20 | V39: 45200 | X39: Per Square foot | AD39: BPA Qualified | AG39: 0.0024158101 | AH39: 0.0025223722 | AI39: 0.71988133 | AJ39: No | AK39: 45.597673 | AL39: 0.0097853137 | AN39: 20 | AO39: Standard | AP39: No | AQ39: Not Per Unit | AR39: No
A40: CHVEN20032 | B40: Heating Zone 2 | C40: All Cooling Zones | D40: Commercial | E40: HVAC | F40: Envelope | G40: Windows | H40: Electric Zonal or Forced Air Furnace | L40: 42.84969 | M40: 18 | N40: 38.28104 | O40: Windows Electric Zonal or Forced Air Furnace | Q40: Existing | R40: Any Commercial | T40: 22.71 | U40: 20 | V40: 45931 | X40: Per Square foot | AD40: BPA Qualified | AG40: 0.0049191343 | AH40: 0.0051361186 | AI40: 1.032027 | AJ40: Yes | AK40: 25.663637 | AL40: 0.019925106 | AN40: 20 | AO40: Standard | AP40: No | AQ40: Not Per Unit | AR40: No
A41: CHVEN20033 | B41: Heating Zone 3 | C41: All Cooling Zones | D41: Commercial | E41: HVAC | F41: Envelope | G41: Windows | H41: Electric Zonal or Forced Air Furnace | L41: 42.84969 | M41: 18 | N41: 38.28104 | O41: Windows Electric Zonal or Forced Air Furnace | Q41: Existing | R41: Any Commercial | T41: 22.71 | U41: 20 | V41: 45931 | X41: Per Square foot | AD41: BPA Qualified | AG41: 0.0049191343 | AH41: 0.0051361186 | AI41: 1.032027 | AJ41: Yes | AK41: 25.663637 | AL41: 0.019925106 | AN41: 20 | AO41: Standard | AP41: No | AQ41: Not Per Unit | AR41: No
A42: CHVEN20034 | B42: Heating Zone 1 | C42: All Cooling Zones | D42: Commercial | E42: HVAC | F42: Envelope | G42: Windows | H42: Air-source Heat Pump | L42: 24.648429 | M42: 9 | N42: 22.140174 | O42: Windows Air-source Heat Pump | Q42: Existing | R42: Any Commercial | T42: 22.71 | U42: 20 | V42: 45200 | X42: Per Square foot | AD42: BPA Qualified | AG42: 0.0018616516 | AH42: 0.0019437695 | AI42: 0.55474897 | AJ42: No | AK42: 65.21351 | AL42: 0.0075406772 | AN42: 20 | AO42: Standard | AP42: No | AQ42: Not Per Unit | AR42: No
A43: CHVEN20035 | B43: Heating Zone 2 | C43: All Cooling Zones | D43: Commercial | E43: HVAC | F43: Envelope | G43: Windows | H43: Air-source Heat Pump | L43: 35.631406 | M43: 18 | N43: 31.832373 | O43: Windows Air-source Heat Pump | Q43: Existing | R43: Any Commercial | T43: 22.71 | U43: 20 | V43: 45931 | X43: Per Square foot | AD43: BPA Qualified | AG43: 0.0040904771 | AH43: 0.0042709091 | AI43: 0.85817595 | AJ43: No | AK43: 34.992395 | AL43: 0.016568604 | AN43: 20 | AO43: Standard | AP43: No | AQ43: Not Per Unit | AR43: No
A44: CHVEN20036 | B44: Heating Zone 3 | C44: All Cooling Zones | D44: Commercial | E44: HVAC | F44: Envelope | G44: Windows | H44: Air-source Heat Pump | L44: 35.631406 | M44: 18 | N44: 31.832373 | O44: Windows Air-source Heat Pump | Q44: Existing | R44: Any Commercial | T44: 22.71 | U44: 20 | V44: 45931 | X44: Per Square foot | AD44: BPA Qualified | AG44: 0.0040904771 | AH44: 0.0042709091 | AI44: 0.85817595 | AJ44: No | AK44: 34.992395 | AL44: 0.016568604 | AN44: 20 | AO44: Standard | AP44: No | AQ44: Not Per Unit | AR44: No
A45: CHVEN20959 | B45: Heating Zone 1 | C45: All Cooling Zones | D45: Commercial | E45: HVAC | F45: Envelope | G45: Insulation | H45: Restaurant | I45: Wall | J45: <= R-5 to R-11 | K45: Heat Pump | L45: 0.82355436 | M45: 0.8 | N45: 0.73678784 | O45: Insulation Restaurant Wall <= R-5 to R-11 Heat Pump | Q45: Existing | R45: Restaurant | T45: 2.11 | U45: 30 | V45: 45200 | X45: Per Square foot | AD45: BPA Qualified | AG45: 0.0001299358 | AH45: 0.00013586727 | AI45: 0.31164952 | AJ45: No | AK45: 153.72423 | AL45: 0.00025565749 | AN45: 20 | AO45: Standard | AP45: No | AQ45: Not Per Unit | AR45: No
A46: CHVEN20960 | B46: Heating Zone 2 | C46: All Cooling Zones | D46: Commercial | E46: HVAC | F46: Envelope | G46: Insulation | H46: Restaurant | I46: Wall | J46: <= R-5 to R-11 | K46: Heat Pump | L46: 1.0656535 | M46: 1.1 | N46: 0.95338031 | O46: Insulation Restaurant Wall <= R-5 to R-11 Heat Pump | Q46: Existing | R46: Restaurant | T46: 2.11 | U46: 30 | V46: 45931 | X46: Per Square foot | AD46: BPA Qualified | AG46: 0.00016789895 | AH46: 0.00017556342 | AI46: 0.40380885 | AJ46: No | AK46: 112.55675 | AL46: 0.00033035257 | AN46: 20 | AO46: Standard | AP46: No | AQ46: Not Per Unit | AR46: No
A47: CHVEN20961 | B47: Heating Zone 3 | C47: All Cooling Zones | D47: Commercial | E47: HVAC | F47: Envelope | G47: Insulation | H47: Restaurant | I47: Wall | J47: <= R-5 to R-11 | K47: Heat Pump | L47: 1.0656535 | M47: 1.1 | N47: 0.95338031 | O47: Insulation Restaurant Wall <= R-5 to R-11 Heat Pump | Q47: Existing | R47: Restaurant | T47: 2.11 | U47: 30 | V47: 45931 | X47: Per Square foot | AD47: BPA Qualified | AG47: 0.00016789895 | AH47: 0.00017556342 | AI47: 0.40380885 | AJ47: No | AK47: 112.55675 | AL47: 0.00033035257 | AN47: 20 | AO47: Standard | AP47: No | AQ47: Not Per Unit | AR47: No
A48: CHVEN20962 | B48: Heating Zone 1 | C48: All Cooling Zones | D48: Commercial | E48: HVAC | F48: Envelope | G48: Insulation | H48: Restaurant | I48: Wall | J48: <= R-5 to R-19 | K48: Heat Pump | L48: 0.88980398 | M48: 1.1 | N48: 0.79605766 | O48: Insulation Restaurant Wall <= R-5 to R-19 Heat Pump | Q48: Existing | R48: Restaurant | T48: 2.8 | U48: 30 | V48: 45200 | X48: Per Square foot | AD48: BPA Qualified | AG48: 0.00014015723 | AH48: 0.00014655531 | AI48: 0.25332472 | AJ48: No | AK48: 195.48572 | AL48: 0.00027576885 | AN48: 20 | AO48: Standard | AP48: No | AQ48: Not Per Unit | AR48: No
A49: CHVEN20963 | B49: Heating Zone 2 | C49: All Cooling Zones | D49: Commercial | E49: HVAC | F49: Envelope | G49: Insulation | H49: Restaurant | I49: Wall | J49: <= R-5 to R-19 | K49: Heat Pump | L49: 1.4399541 | M49: 1.4 | N49: 1.2882461 | O49: Insulation Restaurant Wall <= R-5 to R-19 Heat Pump | Q49: Existing | R49: Restaurant | T49: 2.8 | U49: 30 | V49: 45931 | X49: Per Square foot | AD49: BPA Qualified | AG49: 0.00022687186 | AH49: 0.0002372284 | AI49: 0.41118088 | AJ49: No | AK49: 110.04003 | AL49: 0.00044638577 | AN49: 20 | AO49: Standard | AP49: No | AQ49: Not Per Unit | AR49: No
A50: CHVEN20964 | B50: Heating Zone 3 | C50: All Cooling Zones | D50: Commercial | E50: HVAC | F50: Envelope | G50: Insulation | H50: Restaurant | I50: Wall | J50: <= R-5 to R-19 | K50: Heat Pump | L50: 1.4399541 | M50: 1.4 | N50: 1.2882461 | O50: Insulation Restaurant Wall <= R-5 to R-19 Heat Pump | Q50: Existing | R50: Restaurant | T50: 2.8 | U50: 30 | V50: 45931 | X50: Per Square foot | AD50: BPA Qualified | AG50: 0.00022687186 | AH50: 0.0002372284 | AI50: 0.41118088 | AJ50: No | AK50: 110.04003 | AL50: 0.00044638577 | AN50: 20 | AO50: Standard | AP50: No | AQ50: Not Per Unit | AR50: No
A51: CHVEN20971 | B51: Heating Zone 1 | C51: All Cooling Zones | D51: Commercial | E51: HVAC | F51: Envelope | G51: Insulation | H51: Restaurant | I51: Wall | J51: <= R-5 to R-11 | K51: Resistance | L51: 0.79320812 | M51: 0.8 | N51: 0.70963877 | O51: Insulation Restaurant Wall <= R-5 to R-11 Resistance | Q51: Existing | R51: Restaurant | T51: 2.11 | U51: 30 | V51: 45200 | X51: Per Square foot | AD51: BPA Qualified | AG51: 0.00012530139 | AH51: 0.0001310213 | AI51: 0.30053394 | AJ51: No | AK51: 160.43294 | AL51: 0.00024653897 | AN51: 20 | AO51: Standard | AP51: No | AQ51: Not Per Unit | AR51: No
A52: CHVEN20972 | B52: Heating Zone 2 | C52: All Cooling Zones | D52: Commercial | E52: HVAC | F52: Envelope | G52: Insulation | H52: Restaurant | I52: Wall | J52: <= R-5 to R-11 | K52: Resistance | L52: 1.4601357 | M52: 1.1 | N52: 1.3063015 | O52: Insulation Restaurant Wall <= R-5 to R-11 Resistance | Q52: Existing | R52: Restaurant | T52: 2.8 | U52: 30 | V52: 45931 | X52: Per Square foot | AD52: BPA Qualified | AG52: 0.00023005158 | AH52: 0.00024055327 | AI52: 0.41694377 | AJ52: No | AK52: 108.13462 | AL52: 0.00045264208 | AN52: 20 | AO52: Standard | AP52: No | AQ52: Not Per Unit | AR52: No
A53: CHVEN20973 | B53: Heating Zone 3 | C53: All Cooling Zones | D53: Commercial | E53: HVAC | F53: Envelope | G53: Insulation | H53: Restaurant | I53: Wall | J53: <= R-5 to R-11 | K53: Resistance | L53: 1.4601357 | M53: 1.1 | N53: 1.3063015 | O53: Insulation Restaurant Wall <= R-5 to R-11 Resistance | Q53: Existing | R53: Restaurant | T53: 2.8 | U53: 30 | V53: 45931 | X53: Per Square foot | AD53: BPA Qualified | AG53: 0.00023005158 | AH53: 0.00024055327 | AI53: 0.41694377 | AJ53: No | AK53: 108.13462 | AL53: 0.00045264208 | AN53: 20 | AO53: Standard | AP53: No | AQ53: Not Per Unit | AR53: No
A54: CHVEN20974 | B54: Heating Zone 1 | C54: All Cooling Zones | D54: Commercial | E54: HVAC | F54: Envelope | G54: Insulation | H54: Restaurant | I54: Wall | J54: <= R-5 to R-19 | K54: Resistance | L54: 1.0390717 | M54: 1.1 | N54: 0.92959907 | O54: Insulation Restaurant Wall <= R-5 to R-19 Resistance | Q54: Existing | R54: Restaurant | T54: 2.8 | U54: 30 | V54: 45200 | X54: Per Square foot | AD54: BPA Qualified | AG54: 0.00016378146 | AH54: 0.00017125797 | AI54: 0.29602393 | AJ54: No | AK54: 163.29859 | AL54: 0.00032225114 | AN54: 20 | AO54: Standard | AP54: No | AQ54: Not Per Unit | AR54: No
A55: CHVEN20975 | B55: Heating Zone 2 | C55: All Cooling Zones | D55: Commercial | E55: HVAC | F55: Envelope | G55: Insulation | H55: Restaurant | I55: Wall | J55: <= R-5 to R-19 | K55: Resistance | L55: 2.5526555 | M55: 1.4 | N55: 2.2837175 | O55: Insulation Restaurant Wall <= R-5 to R-19 Resistance | Q55: Existing | R55: Restaurant | T55: 1.95 | U55: 30 | V55: 45931 | X55: Per Square foot | AD55: BPA Qualified | AG55: 0.00040218344 | AH55: 0.00042054283 | AI55: 1.0466462 | AJ55: Yes | AK55: 26.341846 | AL55: 0.00079132319 | AN55: 20 | AO55: Standard | AP55: No | AQ55: Not Per Unit | AR55: No
A56: CHVEN20976 | B56: Heating Zone 3 | C56: All Cooling Zones | D56: Commercial | E56: HVAC | F56: Envelope | G56: Insulation | H56: Restaurant | I56: Wall | J56: <= R-5 to R-19 | K56: Resistance | L56: 2.5526555 | M56: 1.4 | N56: 2.2837175 | O56: Insulation Restaurant Wall <= R-5 to R-19 Resistance | Q56: Existing | R56: Restaurant | T56: 1.95 | U56: 30 | V56: 45931 | X56: Per Square foot | AD56: BPA Qualified | AG56: 0.00040218344 | AH56: 0.00042054283 | AI56: 1.0466462 | AJ56: Yes | AK56: 26.341846 | AL56: 0.00079132319 | AN56: 20 | AO56: Standard | AP56: No | AQ56: Not Per Unit | AR56: No
... A156: CHVEN21202 | B156: Heating Zone 1 | C156: All Cooling Zones | D156: Commercial | E156: HVAC | F156: Envelope | G156: Insulation | H156: School K-12 | I156: Wall | J156: <= R-5 to R-19 | K156: Resistance | L156: 5.13 | M156: 1.1 | N156: 4.58 | O156: Insulation School K-12 Wall <= R-5 to R-19 Resistance | Q156: Existing | R156: School K-12 | T156: 1.85 | U156: 30 | V156: 45200 | X156: Per Square foot | AD156: BPA Qualified | AG156: 0.001977 | AH156: 0 | AI156: 2.15 | AJ156: Yes | AK156: 1.73 | AL156: 0.0016666667 | AN156: 20 | AO156: Standard | AP156: No | AQ156: Not Per Unit | AR156: No
A157: CHVEN21206 | B157: Heating Zone 2 | C157: All Cooling Zones | D157: Commercial | E157: HVAC | F157: Envelope | G157: Insulation | H157: School K-12 | I157: Wall | J157: <= R-5 to R-11 | K157: Heat Pump | L157: 5.1224584 | M157: 1.1 | N157: 4.5763 | O157: Insulation School K-12 Wall <= R-5 to R-11 Heat Pump | Q157: Existing | R157: School K-12 | T157: 2.11 | U157: 30 | V157: 45931 | X157: Per Square foot | AD157: RTF Approved | AF157: ComWeatherizationSchool_v4_1 | AG157: 0.00058805702 | AH157: 0.00061399637 | AI157: 1.6274035 | AJ157: Yes | AK157: 8.8167627 | AL157: 0.0015879621 | AN157: 20 | AO157: Standard | AP157: No | AQ157: Not Per Unit | AR157: No
A158: CHVEN21207 | B158: Heating Zone 2 | C158: All Cooling Zones | D158: Commercial | E158: HVAC | F158: Envelope | G158: Insulation | H158: School K-12 | I158: Wall | J158: <= R-5 to R-19 | K158: Heat Pump | L158: 5.7713426 | M158: 1.4 | N158: 5.156 | O158: Insulation School K-12 Wall <= R-5 to R-19 Heat Pump | Q158: Existing | R158: School K-12 | T158: 2.11 | U158: 30 | V158: 45931 | X158: Per Square foot | AD158: RTF Approved | AF158: ComWeatherizationSchool_v4_1 | AG158: 0.00066254878 | AH158: 0.00069177398 | AI158: 1.8335538 | AJ158: Yes | AK158: 5.5334737 | AL158: 0.0017891162 | AN158: 20 | AO158: Standard | AP158: No | AQ158: Not Per Unit | AR158: No
A159: CHVEN21211 | B159: Heating Zone 2 | C159: All Cooling Zones | D159: Commercial | E159: HVAC | F159: Envelope | G159: Insulation | H159: School K-12 | I159: Wall | J159: <= R-5 to R-11 | K159: Resistance | L159: 6.4653365 | M159: 1.1 | N159: 5.776 | O159: Insulation School K-12 Wall <= R-5 to R-11 Resistance | Q159: Existing | R159: School K-12 | T159: 2.11 | U159: 30 | V159: 45931 | X159: Per Square foot | AD159: RTF Approved | AF159: ComWeatherizationSchool_v4_1 | AG159: 0.00074221912 | AH159: 0.00077495859 | AI159: 2.0540354 | AJ159: Yes | AK159: 2.7512964 | AL159: 0.0020042543 | AN159: 20 | AO159: Standard | AP159: No | AQ159: Not Per Unit | AR159: No
A160: CHVEN21212 | B160: Heating Zone 2 | C160: All Cooling Zones | D160: Commercial | E160: HVAC | F160: Envelope | G160: Insulation | H160: School K-12 | I160: Wall | J160: <= R-5 to R-19 | K160: Resistance | L160: 7.2851448 | M160: 1.4 | N160: 6.5084 | O160: Insulation School K-12 Wall <= R-5 to R-19 Resistance | Q160: Existing | R160: School K-12 | T160: 2.11 | U160: 30 | V160: 45931 | X160: Per Square foot | AD160: RTF Approved | AF160: ComWeatherizationSchool_v4_1 | AG160: 0.00083633291 | AH160: 0.00087322377 | AI160: 2.3144883 | AJ160: Yes | AK160: 0.14766126 | AL160: 0.0022583949 | AN160: 20 | AO160: Standard | AP160: No | AQ160: Not Per Unit | AR160: No
A161: CHVEN21216 | B161: Heating Zone 3 | C161: All Cooling Zones | D161: Commercial | E161: HVAC | F161: Envelope | G161: Insulation | H161: School K-12 | I161: Wall | J161: <= R-5 to R-11 | K161: Heat Pump | L161: 5.1224584 | M161: 1.1 | N161: 4.5763 | O161: Insulation School K-12 Wall <= R-5 to R-11 Heat Pump | Q161: Existing | R161: School K-12 | T161: 2.11 | U161: 30 | V161: 45931 | X161: Per Square foot | AD161: RTF Approved | AF161: ComWeatherizationSchool_v4_1 | AG161: 0.00058805702 | AH161: 0.00061399637 | AI161: 1.6274035 | AJ161: Yes | AK161: 8.8167627 | AL161: 0.0015879621 | AN161: 20 | AO161: Standard | AP161: No | AQ161: Not Per Unit | AR161: No
A162: CHVEN21217 | B162: Heating Zone 3 | C162: All Cooling Zones | D162: Commercial | E162: HVAC | F162: Envelope | G162: Insulation | H162: School K-12 | I162: Wall | J162: <= R-5 to R-19 | K162: Heat Pump | L162: 5.7713426 | M162: 1.4 | N162: 5.156 | O162: Insulation School K-12 Wall <= R-5 to R-19 Heat Pump | Q162: Existing | R162: School K-12 | T162: 2.11 | U162: 30 | V162: 45931 | X162: Per Square foot | AD162: RTF Approved | AF162: ComWeatherizationSchool_v4_1 | AG162: 0.00066254878 | AH162: 0.00069177398 | AI162: 1.8335538 | AJ162: Yes | AK162: 5.5334737 | AL162: 0.0017891162 | AN162: 20 | AO162: Standard | AP162: No | AQ162: Not Per Unit | AR162: No
A163: CHVEN21221 | B163: Heating Zone 3 | C163: All Cooling Zones | D163: Commercial | E163: HVAC | F163: Envelope | G163: Insulation | H163: School K-12 | I163: Wall | J163: <= R-5 to R-11 | K163: Resistance | L163: 6.4653365 | M163: 1.1 | N163: 5.776 | O163: Insulation School K-12 Wall <= R-5 to R-11 Resistance | Q163: Existing | R163: School K-12 | T163: 2.11 | U163: 30 | V163: 45931 | X163: Per Square foot | AD163: RTF Approved | AF163: ComWeatherizationSchool_v4_1 | AG163: 0.00074221912 | AH163: 0.00077495859 | AI163: 2.0540354 | AJ163: Yes | AK163: 2.7512964 | AL163: 0.0020042543 | AN163: 20 | AO163: Standard | AP163: No | AQ163: Not Per Unit | AR163: No
A164: CHVEN21222 | B164: Heating Zone 3 | C164: All Cooling Zones | D164: Commercial | E164: HVAC | F164: Envelope | G164: Insulation | H164: School K-12 | I164: Wall | J164: <= R-5 to R-19 | K164: Resistance | L164: 7.2851448 | M164: 1.4 | N164: 6.5084 | O164: Insulation School K-12 Wall <= R-5 to R-19 Resistance | Q164: Existing | R164: School K-12 | T164: 2.11 | U164: 30 | V164: 45931 | X164: Per Square foot | AD164: RTF Approved | AF164: ComWeatherizationSchool_v4_1 | AG164: 0.00083633291 | AH164: 0.00087322377 | AI164: 2.3144883 | AJ164: Yes | AK164: 0.14766126 | AL164: 0.0022583949 | AN164: 20 | AO164: Standard | AP164: No | AQ164: Not Per Unit | AR164: No
A165: CHVEN21298 | B165: Heating Zone 1 | C165: All Cooling Zones | D165: Commercial | E165: HVAC | F165: Envelope | G165: Secondary Windows | H165: Electric Zonal or Forced Air Furnace | L165: 8.3830875 | M165: 3 | N165: 7.4658958 | O165: Secondary Windows Electric Zonal or Forced Air Furnace | T165: 34.98 | U165: 30 | V165: 45200 | X165: Per Square Foot | AD165: RTF Approved | AE165: 45124 | AF165: ComSecondaryGlazingSystems_v3_1 | AG165: 0.0010223747 | AH165: 0.0010712126 | AI165: 0.17182122 | AJ165: No | AK165: 274.16046 | AL165: 0.0025987571 | AN165: 8 | AO165: Standard | AP165: No | AQ165: Per Unit | AR165: No
A166: CHVEN21299 | B166: Heating Zone 1 | C166: All Cooling Zones | D166: Commercial | E166: HVAC | F166: Envelope | G166: Secondary Windows | H166: Air-source Heat Pump | L166: 9.9832292 | M166: 3 | N166: 8.8909663 | O166: Secondary Windows Air-source Heat Pump | T166: 34.98 | U166: 30 | V166: 45200 | X166: Per Square Foot | AD166: RTF Approved | AE166: 45124 | AF166: ComSecondaryGlazingSystems_v3_1 | AG166: 0.00061988184 | AH166: 0.00064949299 | AI166: 0.1041779 | AJ166: No | AK166: 466.23944 | AL166: 0.0015756672 | AN166: 8 | AO166: Standard | AP166: No | AQ166: Per Unit | AR166: No
A167: CHVEN21300 | B167: Heating Zone 2 | C167: All Cooling Zones | D167: Commercial | E167: HVAC | F167: Envelope | G167: Secondary Windows | H167: Electric Zonal or Forced Air Furnace | L167: 11.613488 | M167: 3 | N167: 10.342859 | O167: Secondary Windows Electric Zonal or Forced Air Furnace | T167: 34.98 | U167: 30 | V167: 45200 | X167: Per Square Foot | AD167: RTF Approved | AE167: 45124 | AF167: ComSecondaryGlazingSystems_v3_1 | AG167: 0.0012175229 | AH167: 0.0012756828 | AI167: 0.204618 | AJ167: No | AK167: 226.74523 | AL167: 0.003094801 | AN167: 8 | AO167: Standard | AP167: No | AQ167: Per Unit | AR167: No
A168: CHVEN21301 | B168: Heating Zone 2 | C168: All Cooling Zones | D168: Commercial | E168: HVAC | F168: Envelope | G168: Secondary Windows | H168: Air-source Heat Pump | L168: 5.0827974 | M168: 3 | N168: 4.5266897 | O168: Secondary Windows Air-source Heat Pump | T168: 34.98 | U168: 30 | V168: 45200 | X168: Per Square Foot | AD168: RTF Approved | AE168: 45124 | AF168: ComSecondaryGlazingSystems_v3_1 | AG168: 0.00079075675 | AH168: 0.00082853043 | AI168: 0.13289529 | AJ168: No | AK168: 360.80874 | AL168: 0.0020100112 | AN168: 8 | AO168: Standard | AP168: No | AQ168: Per Unit | AR168: No
A169: CHVEN21302 | B169: Heating Zone 3 | C169: All Cooling Zones | D169: Commercial | E169: HVAC | F169: Envelope | G169: Secondary Windows | H169: Electric Zonal or Forced Air Furnace | L169: 6.4839073 | M169: 3 | N169: 5.7745044 | O169: Secondary Windows Electric Zonal or Forced Air Furnace | T169: 34.98 | U169: 30 | V169: 45200 | X169: Per Square Foot | AD169: RTF Approved | AE169: 45124 | AF169: ComSecondaryGlazingSystems_v3_1 | AG169: 0.0014163441 | AH169: 0.0014840015 | AI169: 0.23803206 | AJ169: No | AK169: 191.8748 | AL169: 0.0036001812 | AN169: 8 | AO169: Standard | AP169: No | AQ169: Per Unit | AR169: No
A170: CHVEN21303 | B170: Heating Zone 3 | C170: All Cooling Zones | D170: Commercial | E170: HVAC | F170: Envelope | G170: Secondary Windows | H170: Air-source Heat Pump | L170: 6.8215566 | M170: 3 | N170: 6.0752116 | O170: Secondary Windows Air-source Heat Pump | T170: 34.98 | U170: 30 | V170: 45200 | X170: Per Square Foot | AD170: RTF Approved | AE170: 45124 | AF170: ComSecondaryGlazingSystems_v3_1 | AG170: 0.0008319354 | AH170: 0.00087167614 | AI170: 0.13981581 | AJ170: No | AK170: 341.87745 | AL170: 0.0021146826 | AN170: 8 | AO170: Standard | AP170: No | AQ170: Per Unit | AR170: No
A171: CHVEN21342 | B171: Heating Zone 1 | C171: All Cooling Zones | D171: Commercial | E171: HVAC | F171: Envelope | G171: Insulation | H171: Hospital | I171: Attic or Roof | J171: <= R-5 and Above | K171: Heat Pump | L171: 6.0217298 | M171: 1.8 | N171: 5.4325879 | O171: Insulation Hospital Attic or Roof <= R-5 and Above Heat Pump | Q171: Existing | R171: Hospital | T171: 2.57 | U171: 30 | V171: 45931 | X171: Per Square foot | AD171: BPA Qualified | AG171: 0.00076489035 | AH171: 0.00079578462 | AI171: 1.6786592 | AJ171: Yes | AK171: 7.848544 | AL171: 0.0018667362 | AN171: 20 | AO171: Standard | AP171: No | AQ171: Not Per Unit | AR171: No
A172: CHVEN21343 | B172: Heating Zone 1 | C172: All Cooling Zones | D172: Commercial | E172: HVAC | F172: Envelope | G172: Insulation | H172: Hospital | I172: Attic or Roof | J172: <= R-5 and Above | K172: Resistance | L172: 8.0701168 | M172: 1.8 | N172: 7.280569 | O172: Insulation Hospital Attic or Roof <= R-5 and Above Resistance | Q172: Existing | R172: Hospital | T172: 2.2333333 | U172: 30 | V172: 45931 | X172: Per Square foot | AD172: BPA Qualified | AG172: 0.00102508 | AH172: 0.0010664834 | AI172: 2.5888129 | AJ172: Yes | AK172: -2.7889824 | AL172: 0.0025017362 | AN172: 20 | AO172: Standard | AP172: No | AQ172: Not Per Unit | AR172: No
A173: CHVEN21344 | B173: Heating Zone 2 | C173: All Cooling Zones | D173: Commercial | E173: HVAC | F173: Envelope | G173: Insulation | H173: Hospital | I173: Attic or Roof | J173: <= R-5 and Above | K173: Heat Pump | L173: 3.7925161 | M173: 2.1 | N173: 3.4214715 | O173: Insulation Hospital Attic or Roof <= R-5 and Above Heat Pump | Q173: Existing | R173: Hospital | T173: 1.285 | U173: 30 | V173: 45931 | X173: Per Square foot | AD173: BPA Qualified | AG173: 0.00048173184 | AH173: 0.00050118921 | AI173: 2.1144562 | AJ173: Yes | AK173: 1.6124572 | AL173: 0.00117568 | AN173: 20 | AO173: Standard | AP173: No | AQ173: Not Per Unit | AR173: No
A174: CHVEN21345 | B174: Heating Zone 3 | C174: All Cooling Zones | D174: Commercial | E174: HVAC | F174: Envelope | G174: Insulation | H174: Hospital | I174: Attic or Roof | J174: <= R-5 and Above | K174: Heat Pump | L174: 3.7925161 | M174: 2.1 | N174: 3.4214715 | O174: Insulation Hospital Attic or Roof <= R-5 and Above Heat Pump | Q174: Existing | R174: Hospital | T174: 1.285 | U174: 30 | V174: 45931 | X174: Per Square foot | AD174: BPA Qualified | AG174: 0.00048173184 | AH174: 0.00050118921 | AI174: 2.1144562 | AJ174: Yes | AK174: 1.6124572 | AL174: 0.00117568 | AN174: 20 | AO174: Standard | AP174: No | AQ174: Not Per Unit | AR174: No
A175: CHVEN21346 | B175: Heating Zone 2 | C175: All Cooling Zones | D175: Commercial | E175: HVAC | F175: Envelope | G175: Insulation | H175: Hospital | I175: Attic or Roof | J175: <= R-5 and Above | K175: Resistance | L175: 5.0941578 | M175: 2.1 | N175: 4.5957658 | O175: Insulation Hospital Attic or Roof <= R-5 and Above Resistance | Q175: Existing | R175: Hospital | T175: 1.1166667 | U175: 30 | V175: 45931 | X175: Per Square foot | AD175: BPA Qualified | AG175: 0.00064706858 | AH175: 0.00067320398 | AI175: 3.2683099 | AJ175: Yes | AK175: -6.8679734 | AL175: 0.0015791889 | AN175: 20 | AO175: Standard | AP175: No | AQ175: Not Per Unit | AR175: No
